Workbook

Sheet CU 
A1: ='[2]danfoss,sagi'!$A$5 -> DATE :28.9.26
A8: ='[2]CU '!A8 -> ITEM CODE | B8: ='[2]CU '!B8 -> MODEL CONDENSER | C8: ='[2]CU '!C8 -> BRAND | D8: ='[2]CU '!D8 -> H/P | E8: ='[2]CU '!E8 -> DIMENSION LxWxH | F8: ='[2]CU '!F8 -> FAN SETS | G8: ='[2]CU '!G8 -> RECEIVER TANK | H8: ='[2]CU '!H8 -> Compressor to match | I8: ='[2]CU '!$I8 -> roll | J8: ='[2]CU '!Q8 -> (RM) condenser only | K8: ='[2]CU '!U8 -> (RM) c/w set axial fan sets | L8: ='[2]CU '!Y8 -> (RM) HEAVY DUTY FAN | M8: PIC
A9: ='[2]CU '!A9 -> CU001 | B9: ='[2]CU '!B9 -> CU - 15 QC | C9: 9FPI INLET GROOVE FIN CONDENSER COIL COMPLETE SET C/W AXIAL FAN SETS, RECEIVER TANK & IRON BASE | D9: ='[2]CU '!D9 -> 1.5hp | E9: ='[2]CU '!E9 -> 440x170x425 | F9: ='[2]CU '!F9 -> 1 x 14 | G9: ='[2]CU '!G9 -> CR-101-3 ,RT-2 | H9: ='[2]CU '!H9 -> 0 | I9: ='[2]CU '!$I9 -> 3*16 | J9: ='[2]CU '!Q9 -> 399.6538 | K9: ='[2]CU '!U9 -> 794.64232 | L9: ='[2]CU '!Y9 -> ~
A10: ='[2]CU '!A10 -> CU002 | B10: ='[2]CU '!B10 -> CU - 22 QC | D10: ='[2]CU '!D10 -> 2hp | E10: ='[2]CU '!E10 -> 450*180*470 | F10: ='[2]CU '!F10 -> 1 x 14 | G10: ='[2]CU '!G10 -> CR-102 ,RT-2 | H10: ='[2]CU '!H10 -> MT22 | I10: ='[2]CU '!$I10 -> 4*16 | J10: ='[2]CU '!Q10 -> 580.38896 | K10: ='[2]CU '!U10 -> 975.37748 | L10: ='[2]CU '!Y10 -> ~
A11: ='[2]CU '!A11 -> CU003 | B11: ='[2]CU '!B11 -> CU - 32 QC | D11: ='[2]CU '!D11 -> 2.5hp | E11: ='[2]CU '!E11 -> 450*180*470 | F11: ='[2]CU '!F11 -> 1 x 14 | G11: ='[2]CU '!G11 -> CR-102 ,RT-3 | H11: ='[2]CU '!H11 -> MT32 | I11: ='[2]CU '!$I11 -> 4*18 | J11: ='[2]CU '!Q11 -> 646.57367 | K11: ='[2]CU '!U11 -> 1041.5622 | L11: ='[2]CU '!Y11 -> ~
A12: ='[2]CU '!A12 -> CU004 | B12: ='[2]CU '!B12 -> CU - 36 QC | D12: ='[2]CU '!D12 -> 3hp | E12: ='[2]CU '!E12 -> 500*200*520 | F12: ='[2]CU '!F12 -> 1 x 16 | G12: ='[2]CU '!G12 -> CR-102 ,RT-3 | H12: ='[2]CU '!H12 -> MT36 | I12: ='[2]CU '!$I12 -> 4*20 | J12: ='[2]CU '!Q12 -> 780.21586 | K12: ='[2]CU '!U12 -> 1222.0838 | L12: ='[2]CU '!Y12 -> ~
A13: ='[2]CU '!A13 -> CU005 | B13: ='[2]CU '!B13 -> CU - 40 QC | D13: ='[2]CU '!D13 -> 3.5hp | E13: ='[2]CU '!E13 -> 550*200*520 | F13: ='[2]CU '!F13 -> 1 x 16 | G13: ='[2]CU '!G13 -> CR103,RT-4 | H13: ='[2]CU '!H13 -> MT40 | I13: ='[2]CU '!$I13 -> 5*20 | J13: ='[2]CU '!Q13 -> 977.4972 | K13: ='[2]CU '!U13 -> 1366.3699 | L13: ='[2]CU '!Y13 -> ~
A14: ='[2]CU '!A14 -> CU006 | B14: ='[2]CU '!B14 -> CU - 50 QC | D14: ='[2]CU '!D14 -> 4hp | E14: ='[2]CU '!E14 -> 660*200*570 | F14: ='[2]CU '!F14 -> 1 x 18 | G14: ='[2]CU '!G14 -> CR103,RT-4 | H14: ='[2]CU '!H14 -> 4FES-3(Y) | I14: ='[2]CU '!$I14 -> 5*20 | J14: ='[2]CU '!Q14 -> 1192.5975 | K14: ='[2]CU '!U14 -> 1667.4758 | L14: ='[2]CU '!Y14 -> 1822.2009
A15: ='[2]CU '!A15 -> CU007 | B15: ='[2]CU '!B15 -> CU - 64 QC | D15: ='[2]CU '!D15 -> 5hp | E15: ='[2]CU '!E15 -> 960*200*520 | F15: ='[2]CU '!F15 -> 2 x 16 | G15: ='[2]CU '!G15 -> CR-104 ,RT-6 | H15: ='[2]CU '!H15 -> 4EES-4(Y) | I15: ='[2]CU '!$I15 -> 4*20 | J15: ='[2]CU '!Q15 -> 1548.9767 | K15: ='[2]CU '!U15 -> 2368.7597 | L15: ='[2]CU '!Y15 -> ~
A16: ='[2]CU '!A16 -> CU008 | B16: ='[2]CU '!B16 -> CU - 64B QC | D16: ='[2]CU '!D16 -> 5hp | E16: ='[2]CU '!E16 -> 710*220*660 | F16: ='[2]CU '!F16 -> 1 x 20 | G16: ='[2]CU '!G16 -> CR-104 ,RT-6 | H16: ='[2]CU '!H16 -> 4EES-4(Y) | I16: ='[2]CU '!$I16 -> 4*26 | J16: ='[2]CU '!Q16 -> 1400.0611 | K16: ='[2]CU '!U16 -> 2046.7373 | L16: ='[2]CU '!Y16 -> 2141.1992
A17: ='[2]CU '!A17 -> CU009 | B17: ='[2]CU '!B17 -> CU - 72 QC | D17: ='[2]CU '!D17 -> 6hp | E17: ='[2]CU '!E17 -> 960*220*520 | F17: ='[2]CU '!F17 -> 2 x 16 | G17: ='[2]CU '!G17 -> CR-104 ,RT-6 | H17: ='[2]CU '!H17 -> 4DES-5(Y) | I17: ='[2]CU '!$I17 -> 5*20 | J17: ='[2]CU '!Q17 -> 1711.8929 | K17: ='[2]CU '!U17 -> 2531.6759 | L17: ='[2]CU '!Y17 -> ~
A18: ='[2]CU '!A18 -> CU010 | B18: ='[2]CU '!B18 -> CU - 72B QC | D18: ='[2]CU '!D18 -> 6hp | E18: ='[2]CU '!E18 -> 710*240*660 | F18: ='[2]CU '!F18 -> 1 x 20 | G18: ='[2]CU '!G18 -> CR-104 ,RT-6 | H18: ='[2]CU '!H18 -> 4DES-5(Y) | I18: ='[2]CU '!$I18 -> 5*26 | J18: ='[2]CU '!Q18 -> 1639.3443 | K18: ='[2]CU '!U18 -> 2286.0204 | L18: ='[2]CU '!Y18 -> 2380.4824
A19: ='[2]CU '!A19 -> CU011 | B19: ='[2]CU '!B19 -> CU - 72BP QC | D19: ='[2]CU '!D19 -> 6hp | E19: ='[2]CU '!E19 -> 710*240*660 | F19: ='[2]CU '!F19 -> 1 x 20 | G19: ='[2]CU '!G19 -> CR-104 ,RT-6 | H19: ='[2]CU '!H19 -> 4DES-5(Y) | I19: ='[2]CU '!$I19 -> 5*26 | J19: ='[2]CU '!Q19 -> 1639.3443 | K19: ='[2]CU '!U19 -> 2286.0204 | L19: ='[2]CU '!Y19 -> 2380.4824
A20: ='[2]CU '!A20 -> CU012 | B20: ='[2]CU '!B20 -> CU - 90 QC | D20: ='[2]CU '!D20 -> 7.5hp | E20: ='[2]CU '!E20 -> 1060*220*570 | F20: ='[2]CU '!F20 -> 2 x 18 | G20: ='[2]CU '!G20 -> CR-104 ,RT-8 | H20: ='[2]CU '!H20 -> 4CES-6(Y) | I20: ='[2]CU '!$I20 -> 5*22 | J20: ='[2]CU '!Q20 -> 2000.8146 | K20: ='[2]CU '!U20 -> 2889.3299 | L20: ='[2]CU '!Y20 -> 3092.7898
A21: ='[2]CU '!A21 -> CU013 | B21: ='[2]CU '!B21 -> CU - 100 QC | D21: ='[2]CU '!D21 -> 8.5hp | E21: ='[2]CU '!E21 -> 1060*240*670 | F21: ='[2]CU '!F21 -> 2 x 18 | G21: ='[2]CU '!G21 -> CR-104 ,RT-8 | H21: ='[2]CU '!H21 -> 4VES-7(Y) | I21: ='[2]CU '!$I21 -> 5*26 | J21: ='[2]CU '!Q21 -> 2297.373 | K21: ='[2]CU '!U21 -> 3185.8883 | L21: ='[2]CU '!Y21 -> 3389.3482
... A33: ='[2]CU '!A33 -> CU023 | B33: ='[2]CU '!B33 -> CU - 500 QC | D33: ='[2]CU '!D33 -> 50hp | E33: ='[2]CU '!E33 -> 1630*350*1930 | F33: ='[2]CU '!F33 -> 4 x 26 | G33: ='[2]CU '!G33 -> HT- 50L | H33: ='[2]CU '!H33 -> 6FE50Y | I33: ='[2]CU '!$I33 -> 6*76 | J33: ='[2]CU '!Q33 -> 14649.73 | K33: ='[2]CU '!U33 -> 17858.432 | L33: ='[2]CU '!Y33 -> 19226.816
A34: ='[2]CU '!A34 -> CU20.25 | B34: ='[2]CU '!B34 -> 16" * 18" | C34: IRON BASE | D34: ='[2]CU '!D34 -> 1/2hp | E34: ='[2]CU '!E34 -> CS030-CS060 | F34: ='[2]CU '!F34 -> 0 | J34: ='[2]CU '!Q34 -> 27.868852
A35: ='[2]CU '!A35 -> CU20.26 | B35: ='[2]CU '!B35 -> 20" * 17" | D35: ='[2]CU '!D35 -> 3/4hp-1.5hp | E35: ='[2]CU '!E35 -> CS075-CS125 | F35: ='[2]CU '!F35 -> 0 | J35: ='[2]CU '!Q35 -> 40.983607
A36: ='[2]CU '!A36 -> CU21 | B36: ='[2]CU '!B36 -> 530W*430L | D36: ='[2]CU '!D36 -> 3/4hp | E36: ='[2]CU '!E36 -> CS075 | F36: ='[2]CU '!F36 -> 50 | J36: ='[2]CU '!Q36 -> 57.377049
A37: ='[2]CU '!A37 -> CU23 | B37: ='[2]CU '!B37 -> 600W*550L | D37: ='[2]CU '!D37 -> 2hp | E37: ='[2]CU '!E37 -> CU-22 | F37: ='[2]CU '!F37 -> 58 | J37: ='[2]CU '!Q37 -> 73.770492
A38: ='[2]CU '!A38 -> CU27 | B38: ='[2]CU '!B38 -> 650*W900L | D38: ='[2]CU '!D38 -> CS150 | E38: ='[2]CU '!E38 -> CS150-CS200 | F38: ='[2]CU '!F38 -> 19 | J38: ='[2]CU '!Q38 -> 139.34426
A39: ='[2]CU '!A39 -> CU024 | B39: ='[2]CU '!B39 -> CUB15-32 | C39: IRON BRACKET | D39: ='[2]CU '!D39 -> CU15-32QC | E39: ='[2]CU '!E39 -> 30" W * 21.5"L | F39: ='[2]CU '!F39 -> 0 | J39: ='[2]CU '!Q39 -> 81.147541
A40: ='[2]CU '!A40 -> CU025 | B40: ='[2]CU '!B40 -> CUB36 | D40: ='[2]CU '!D40 -> CU36QC | E40: ='[2]CU '!E40 -> 30" W * 23.5"L | F40: ='[2]CU '!F40 -> 0 | J40: ='[2]CU '!Q40 -> 103.27869
A41: ='[2]CU '!A41 -> CU026 | B41: ='[2]CU '!B41 -> CUB40 | D41: ='[2]CU '!D41 -> CU40QC | E41: ='[2]CU '!E41 -> 30" W * 26"L | F41: ='[2]CU '!F41 -> 0 | J41: ='[2]CU '!Q41 -> 103.27869
A42: ='[2]CU '!A42 -> CU027 | B42: ='[2]CU '!B42 -> CUB50 | D42: ='[2]CU '!D42 -> CU50QC | E42: ='[2]CU '!E42 -> 33" W* 28.5"L | F42: ='[2]CU '!F42 -> 0 | J42: ='[2]CU '!Q42 -> 162.29508
A43: ='[2]CU '!A43 -> CU028 | B43: ='[2]CU '!B43 -> CUB64B-72B | D43: ='[2]CU '!D43 -> CU64B-72BQC | E43: ='[2]CU '!E43 -> 33" W* 30"L | F43: ='[2]CU '!F43 -> 0 | J43: ='[2]CU '!Q43 -> 162.29508
A44: ='[2]CU '!A44 -> CU029 | B44: ='[2]CU '!B44 -> CUB64-72 | D44: ='[2]CU '!D44 -> CU64-72QC | E44: ='[2]CU '!E44 -> 34" W* 41"L | F44: ='[2]CU '!F44 -> 0 | J44: ='[2]CU '!Q44 -> 221.31148
A45: ='[2]CU '!A45 -> CU030 | B45: ='[2]CU '!B45 -> CUB80-100 | D45: ='[2]CU '!D45 -> CU80-100QC | E45: ='[2]CU '!E45 -> 34" W* 44"L | F45: ='[2]CU '!F45 -> 0 | J45: ='[2]CU '!Q45 -> 236.06557
A46: ='[2]CU '!A46 -> CU031 | B46: ='[2]CU '!B46 -> CUB125-160 | D46: ='[2]CU '!D46 -> CU125-160QC | E46: ='[2]CU '!E46 -> 35" W* 56.5"L | F46: ='[2]CU '!F46 -> 0 | J46: ='[2]CU '!Q46 -> 339.34426
A47: ='[2]CU '!A47 -> CU032 | B47: ='[2]CU '!B47 -> CUB200 | D47: ='[2]CU '!D47 -> CU200QC | E47: ='[2]CU '!E47 -> 42"W * 64"L | F47: ='[2]CU '!F47 -> 0 | J47: ='[2]CU '!Q47 -> 575.40984
A48: ='[2]CU '!A48 -> CU033 | B48: ='[2]CU '!B48 -> CUB250 | D48: ='[2]CU '!D48 -> CU250QC | E48: ='[2]CU '!E48 -> 45"W * 85"L | F48: ='[2]CU '!F48 -> 0 | J48: ='[2]CU '!Q48 -> 649.18033
A49: ='[2]CU '!A49 -> CU034 | B49: ='[2]CU '!B49 -> CUB300-400 | D49: ='[2]CU '!D49 -> CU300-400QC | E49: ='[2]CU '!E49 -> 50"W * 64"L | F49: ='[2]CU '!F49 -> 0 | J49: ='[2]CU '!Q49 -> 634.42623
A50: ='[2]CU '!A50 -> CU035 | B50: ='[2]CU '!B50 -> HTB3-5 | D50: ='[2]CU '!D50 -> HTC3-5 | E50: ='[2]CU '!E50 -> 36L*20W | F50: ='[2]CU '!F50 -> 0 | J50: ='[2]CU '!Q50 -> 190.45154
A51: ='[2]CU '!A51 -> CU036 | B51: ='[2]CU '!B51 -> HTB8-10 | D51: ='[2]CU '!D51 -> HTC8-10 | E51: ='[2]CU '!E51 -> 55L*26W | F51: ='[2]CU '!F51 -> 0 | J51: ='[2]CU '!Q51 -> 238.06442
... A62: ='[2]CU '!A62 -> CU046.04 | B62: ='[2]CU '!B62 -> HT-100L | D62: ='[2]CU '!D62 -> 100HP | E62: ='[2]CU '!E62 -> 1372mm*325mm | F62: ='[2]CU '!F62 -> 100l(2 1/8*1 3/8) | J62: ='[2]CU '!Q62 -> 2506.6548
A63: ='[2]CU '!A65 -> CU047 | B63: ='[2]CU '!B65 -> CR-101-2 receiver flare type | C63: Airmender receiver tank flare type | D63: ='[2]CU '!D65 -> 1hp | E63: ='[2]CU '!E65 -> 3.35"(a) x 7.87"(b) | F63: ='[2]CU '!F65 -> 1L | J63: ='[2]CU '!Q65 -> 119.32992
A64: ='[2]CU '!A66 -> CU048 | B64: ='[2]CU '!B66 -> CR-101-3 receiver flare type | D64: ='[2]CU '!D66 -> 1.5hp | E64: ='[2]CU '!E66 -> 3.35"(a) x 7.87"(b) | F64: ='[2]CU '!F66 -> 1L | J64: ='[2]CU '!Q66 -> 119.32992
A65: ='[2]CU '!A67 -> CU049 | B65: ='[2]CU '!B67 -> CR-102 receiver flare type | D65: ='[2]CU '!D67 -> 2hp-3hp | E65: ='[2]CU '!E67 -> 5"(a) x 10.24"(b) | F65: ='[2]CU '!F67 -> 3L | J65: ='[2]CU '!Q67 -> 129.82418
A66: ='[2]CU '!A68 -> CU050 | B66: ='[2]CU '!B68 -> CR-103 receiver flare type | D66: ='[2]CU '!D68 -> 3.5hp-4hp | E66: ='[2]CU '!E68 -> 5"(a) x 11.81"(b) | F66: ='[2]CU '!F68 -> 4L | J66: ='[2]CU '!Q68 -> 133.71721
A67: ='[2]CU '!A69 -> CU051 | B67: ='[2]CU '!B69 -> CR-104 receiver flare type | D67: ='[2]CU '!D69 -> 5hp-7.5hp | E67: ='[2]CU '!E69 -> 6"(a) x 13.78"(b) | F67: ='[2]CU '!F69 -> 6L | J67: ='[2]CU '!Q69 -> 188.72746
A68: ='[2]CU '!A70 -> CU052 | B68: ='[2]CU '!B70 -> CR-105 receiver flare type | D68: ='[2]CU '!D70 -> 8.5hp-10hp | E68: ='[2]CU '!E70 -> 7"(a) x 16.15"(b) | F68: ='[2]CU '!F70 -> 10L | J68: ='[2]CU '!Q70 -> 214.45533
A69: ='[2]CU '!A71 -> CU053 | B69: ='[2]CU '!B71 -> CR-106 receiver flare type | D69: ='[2]CU '!D71 -> 12hp | E69: ='[2]CU '!E71 -> 8"(a) x 14.96"(b) | F69: ='[2]CU '!F71 -> 12L | J69: ='[2]CU '!Q71 -> 302.04857
A70: ='[2]CU '!A72 -> CU054 | B70: ='[2]CU '!B72 -> CR-107 receiver flare type | D70: ='[2]CU '!D72 -> 15hp | E70: ='[2]CU '!E72 -> 9"(a) x 15.74"(b) | F70: ='[2]CU '!F72 -> 16L | J70: ='[2]CU '!Q72 -> 439.23566
A71: ='[2]CU '!A73 -> CU055 | B71: ='[2]CU '!B73 -> CR-108 receiver flare type | D71: ='[2]CU '!D73 -> 20hp | E71: ='[2]CU '!E73 -> 0 | F71: ='[2]CU '!F73 -> 20L | J71: ='[2]CU '!Q73 -> 446.26004
A72: ='[2]CU '!A74 -> CU055.1 | B72: ='[2]CU '!B74 -> RT-1 receiver welding type | C72: Receiver tank welding type | D72: ='[2]CU '!D74 -> 1hp | E72: ='[2]CU '!E74 -> cs165 | F72: ='[2]CU '!F74 -> 1L | J72: ='[2]CU '!Q74 -> 58.778309
A73: ='[2]CU '!A75 -> CU055.2 | B73: ='[2]CU '!B75 -> RT-2 receiver welding type | D73: ='[2]CU '!D75 -> 1.5hp-2hp | E73: ='[2]CU '!E75 -> cu15-22 | F73: ='[2]CU '!F75 -> 2l | J73: ='[2]CU '!Q75 -> 66.669841
A74: ='[2]CU '!A76 -> CU055.3 | B74: ='[2]CU '!B76 -> RT-3 receiver welding type | D74: ='[2]CU '!D76 -> 2.5hp-3hp | E74: ='[2]CU '!E76 -> cu32-36 | F74: ='[2]CU '!F76 -> 3l | J74: ='[2]CU '!Q76 -> 82.316845
A75: ='[2]CU '!A77 -> CU055.4 | B75: ='[2]CU '!B77 -> RT-4 receiver welding type | D75: ='[2]CU '!D77 -> 3.5hp-4hp | E75: ='[2]CU '!E77 -> cu40-50 | F75: ='[2]CU '!F77 -> 4l | J75: ='[2]CU '!Q77 -> 89.528073
A76: ='[2]CU '!A78 -> CU055.5 | B76: ='[2]CU '!B78 -> RT-6 receiver welding type | D76: ='[2]CU '!D78 -> 5hp | E76: ='[2]CU '!E78 -> cu64 | F76: ='[2]CU '!F78 -> 6l | J76: ='[2]CU '!Q78 -> 97.963849
A77: ='[2]CU '!A79 -> CU055.6 | B77: ='[2]CU '!B79 -> RT-8 receiver welding type | D77: ='[2]CU '!D79 -> 6hp | E77: ='[2]CU '!E79 -> cu72-90 | F77: ='[2]CU '!F79 -> 8l | J77: ='[2]CU '!Q79 -> 119.73359
A78: ='[2]CU '!A80 -> CU055.7 | B78: ='[2]CU '!B80 -> RT-10 receiver welding type | D78: ='[2]CU '!D80 -> 8hp | E78: ='[2]CU '!E80 -> cu100-125 | F78: ='[2]CU '!F80 -> 10l | J78: ='[2]CU '!Q80 -> 141.50334
A79: ='[2]CU '!A81 -> CU055.8 | B79: ='[2]CU '!B81 -> RT-12 receiver welding type | D79: ='[2]CU '!D81 -> 10hp | E79: ='[2]CU '!E81 -> cu144 | F79: ='[2]CU '!F81 -> 12l | J79: ='[2]CU '!Q81 -> 163.27308
A80: ='[2]CU '!A82 -> CU055.9 | B80: ='[2]CU '!B82 -> RT-14 receiver welding type | D80: ='[2]CU '!D82 -> 12hp | E80: ='[2]CU '!E82 -> cu160 | F80: ='[2]CU '!F82 -> 14l | J80: ='[2]CU '!Q82 -> 171.43674
A81: ='[2]CU '!A83 -> CU055.10 | B81: ='[2]CU '!B83 -> SCL-5-3 receiver tank | D81: ='[2]CU '!D83 -> 6hp | E81: ='[2]CU '!E83 -> cu72-90 | F81: ='[2]CU '!F83 -> 8l | J81: ='[2]CU '!Q83 -> 134.70029
A82: ='[2]CU '!A84 -> CU055.11 | B82: ='[2]CU '!B84 -> SCL-10-4 receiver tank | D82: ='[2]CU '!D84 -> 8-12hp | E82: ='[2]CU '!E84 -> cu100-144 | F82: ='[2]CU '!F84 -> 12l | J82: ='[2]CU '!Q84 -> 208.17318
A83: ='[2]CU '!A85 -> CU055.12 | B83: ='[2]CU '!B85 -> SCL-15-4 receiver tank | D83: ='[2]CU '!D85 -> 15hp | E83: ='[2]CU '!E85 -> cu160 | F83: ='[2]CU '!F85 -> 16l | J83: ='[2]CU '!Q85 -> 331.13822
A84: ='[2]CU '!A86 -> CU055.13 | B84: ='[2]CU '!B86 -> SCL-20-3 receiver tank | D84: ='[2]CU '!D86 -> 20hp | E84: ='[2]CU '!E86 -> cu200 | F84: ='[2]CU '!F86 -> 20l | J84: ='[2]CU '!Q86 -> 436.81878
A85: ='[2]CU '!A87 -> CU055.18 | B85: ='[2]CU '!B87 -> L-29L (7/8" * 7/8") | C85: VERTICAL TYPE RECEIVER TANK | D85: ='[2]CU '!D87 -> 30hp | E85: ='[2]CU '!E87 -> 30L,with two valves,with sight glass | F85: ='[2]CU '!F87 -> 30L | J85: ='[2]CU '!Q87 -> 841.95997
A86: ='[2]CU '!A88 -> CU056 | B86: ='[2]CU '!B88 -> L-40L (1 1/8" * 1 1/8") | D86: ='[2]CU '!D88 -> 40hp | E86: ='[2]CU '!E88 -> 40L,with two valves,with sight glass | F86: ='[2]CU '!F88 -> 40L | J86: ='[2]CU '!Q88 -> 1435.4727
A87: ='[2]CU '!A89 -> CU057 | B87: ='[2]CU '!B89 -> L-60L (1 3/8" * 1 1/8") | D87: ='[2]CU '!D89 -> 60hp | E87: ='[2]CU '!E89 -> 60L,with two valves,with sight glass | F87: ='[2]CU '!F89 -> 60L | J87: ='[2]CU '!Q89 -> 1877.1567
A88: ='[2]CU '!A90 -> CU058 | B88: ='[2]CU '!B90 -> L-80L (1 5/8" * 1 3/8") | D88: ='[2]CU '!D90 -> 80hp | E88: ='[2]CU '!E90 -> 80L,with two valves,with sight glass | F88: ='[2]CU '!F90 -> 80L | J88: ='[2]CU '!Q90 -> 2139.4065
A89: ='[2]CU '!A91 -> CU059 | B89: ='[2]CU '!B91 -> L-100L (1 5/8" * 1 3/8") | D89: ='[2]CU '!D91 -> 100hp | E89: ='[2]CU '!E91 -> 100L,with two valves,with sight glass | F89: ='[2]CU '!F91 -> 100L | J89: ='[2]CU '!Q91 -> 2339.5445
A90: ='[2]CU '!A92 -> CU060 | B90: ='[2]CU '!B92 -> L-120L (1 5/8" * 1 3/8") | D90: ='[2]CU '!D92 -> 120hp | E90: ='[2]CU '!E92 -> 120L,with two valves,with sight glass | F90: ='[2]CU '!F92 -> 120L | J90: ='[2]CU '!Q92 -> 2657.0048
A91: ='[2]CU '!A93 -> CU061 | B91: ='[2]CU '!B93 -> L-150L (2 1/8" * 1 5/8") | D91: ='[2]CU '!D93 -> 150hp | E91: ='[2]CU '!E93 -> 150L,with two valves,with sight glass | F91: ='[2]CU '!F93 -> 150L | J91: ='[2]CU '!Q93 -> ~
A92: ='[2]CU '!A94 -> CU062 | B92: ='[2]CU '!B94 -> HTC-3 | C92: WATER COOLED CONDENSER | D92: ='[2]CU '!D94 -> 3hp | E92: ='[2]CU '!E94 -> 800*159D | F92: ='[2]CU '!F94 -> 2DES2Y | J92: ='[2]CU '!Q94 -> 2163.7308
A93: ='[2]CU '!A95 -> CU063 | B93: ='[2]CU '!B95 -> HTC-4 | D93: ='[2]CU '!D95 -> 4hp | E93: ='[2]CU '!E95 -> 800*159D | F93: ='[2]CU '!F95 -> 4CES3Y | J93: ='[2]CU '!Q95 -> 2291.0091
A94: ='[2]CU '!A96 -> CU064 | B94: ='[2]CU '!B96 -> HTC-5 | D94: ='[2]CU '!D96 -> 5hp | E94: ='[2]CU '!E96 -> 930*219D | F94: ='[2]CU '!F96 -> 4EES4Y | J94: ='[2]CU '!Q96 -> 2418.2873
A95: ='[2]CU '!A97 -> CU064.01 | B95: ='[2]CU '!B97 -> HTC-6 | D95: ='[2]CU '!D97 -> 6hp | E95: ='[2]CU '!E97 -> 1080*165D | F95: ='[2]CU '!F97 -> 4DES5Y | J95: ='[2]CU '!Q97 -> 2672.8439
A96: ='[2]CU '!A98 -> CU065 | B96: ='[2]CU '!B98 -> HTC-8 | D96: ='[2]CU '!D98 -> 8hp | E96: ='[2]CU '!E98 -> 980*219D | F96: ='[2]CU '!F98 -> 4CES6Y | J96: ='[2]CU '!Q98 -> 3054.6787
A97: ='[2]CU '!A99 -> CU066 | B97: ='[2]CU '!B99 -> HTC-10 | D97: ='[2]CU '!D99 -> 10hp | E97: ='[2]CU '!E99 -> 1080*219D | F97: ='[2]CU '!F99 -> 4TES9Y | J97: ='[2]CU '!Q99 -> 3436.5136
A98: ='[2]CU '!A100 -> CU067 | B98: ='[2]CU '!B100 -> HTC-12 | D98: ='[2]CU '!D100 -> 12.5hp | E98: ='[2]CU '!E100 -> 1280*219D | F98: ='[2]CU '!F100 -> 4PES12Y | J98: ='[2]CU '!Q100 -> 3563.7919
A99: ='[2]CU '!A101 -> CU068 | B99: ='[2]CU '!B101 -> HTC-15 | D99: ='[2]CU '!D101 -> 15hp | E99: ='[2]CU '!E101 -> 1220*219D | F99: ='[2]CU '!F101 -> 4JE13Y | J99: ='[2]CU '!Q101 -> 4072.905
A100: ='[2]CU '!A102 -> CU069 | B100: ='[2]CU '!B102 -> HTC-20 | D100: ='[2]CU '!D102 -> 20hp | E100: ='[2]CU '!E102 -> 1430*219D | F100: ='[2]CU '!F102 -> 4HE18Y | J100: ='[2]CU '!Q102 -> 4836.5747
A101: ='[2]CU '!A103 -> CU070 | B101: ='[2]CU '!B103 -> HTC-25 | D101: ='[2]CU '!D103 -> 25hp | E101: ='[2]CU '!E103 -> 1430*273D | F101: ='[2]CU '!F103 -> 4GE23Y | J101: ='[2]CU '!Q103 -> 5727.5227
A102: ='[2]CU '!A104 -> CU071 | B102: ='[2]CU '!B104 -> HTC-30 | D102: ='[2]CU '!D104 -> 30hp | E102: ='[2]CU '!E104 -> 1620*273D | F102: ='[2]CU '!F104 -> 6HE28Y | J102: ='[2]CU '!Q104 -> 6745.7489
A103: ='[2]CU '!A105 -> CU072 | B103: ='[2]CU '!B105 -> HTC-35 | D103: ='[2]CU '!D105 -> 35hp | E103: ='[2]CU '!E105 -> 1620*273D | F103: ='[2]CU '!F105 -> 6GE34Y/S6F30.2Y | J103: ='[2]CU '!Q105 -> 7254.862
A104: ='[2]CU '!A106 -> CU073 | B104: ='[2]CU '!B106 -> HTC-40 | D104: ='[2]CU '!D106 -> 40hp | E104: ='[2]CU '!E106 -> 1620*279D | F104: ='[2]CU '!F106 -> 6FE44Y | J104: ='[2]CU '!Q106 -> 7636.6969
... A113: ='[2]CU '!A115 -> CU076.03 | B113: ='[2]CU '!B115 -> HTC-120 | D113: ='[2]CU '!D115 -> 120HP | E113: ='[2]CU '!E115 -> 2880*377D | F113: ='[2]CU '!F115 -> SW3L11500 | J113: ='[2]CU '!Q115 -> 25071.429
A114: ='[2]CU '!A116 -> CU076.04 | B114: ='[2]CU '!B116 -> HTC-130 | J114: ='[2]CU '!Q116 -> ~
A115: ='[2]CU '!A117 -> CU076.05 | B115: ='[2]CU '!B117 -> HTC-160 | J115: ='[2]CU '!Q117 -> ~
A116: ='[2]CU '!A118 -> CU077.01 | B116: ='[2]CU '!B118 -> CS055 (4*11*290)5mm | C116: cs condenser fin wide | D116: ='[2]CU '!D118 -> 1/2hp | E116: ='[2]CU '!E118 -> 0 | F116: ='[2]CU '!F118 -> φ250 BLADE 28° | J116: ='[2]CU '!Q118 -> 269.84268
A117: ='[2]CU '!A119 -> CU077.02 | B117: ='[2]CU '!B119 -> CS085 (4*11*410)5mm | D117: ='[2]CU '!D119 -> 3/4hp | E117: ='[2]CU '!E119 -> 0 | F117: ='[2]CU '!F119 -> φ250 BLADE 28° | J117: ='[2]CU '!Q119 -> 352.22241
A118: ='[2]CU '!A120 -> CU077.03 | B118: ='[2]CU '!B120 -> CS0135 (4*11*610)5mm | D118: ='[2]CU '!D120 -> 1-1.5HP | E118: ='[2]CU '!E120 -> 0 | F118: ='[2]CU '!F120 -> φ250 BLADE 28° | J118: ='[2]CU '!Q120 -> 500.36745
A119: ='[2]CU '!A121 -> CU077.04 | B119: ='[2]CU '!B121 -> CSB-1/4HP-1/3HP | C119: Steel condenser | D119: ='[2]CU '!D121 -> 1/4hp | E119: ='[2]CU '!E121 -> 270*120*240 | F119: ='[2]CU '!F121 -> φ200 BLADE 28° | G119: ='[2]CU '!$G121 -> 5watts | H119: ='[2]CU '!H121 -> FN5106A | J119: ='[2]CU '!Q121 -> 63.664596
A120: ='[2]CU '!A122 -> CU077.05 | B120: ='[2]CU '!B122 -> CSB-3/8HP | D120: ='[2]CU '!D122 -> 1/4Bhp | E120: ='[2]CU '!E122 -> 270*120*240 | F120: ='[2]CU '!F122 -> φ230 BLADE 22° | G120: ='[2]CU '!$G122 -> 10watts | H120: ='[2]CU '!H122 -> FN5126A | J120: ='[2]CU '!Q122 -> 71.428571
A121: ='[2]CU '!A123 -> CU077.06 | B121: ='[2]CU '!B123 -> CSB-1/2HP | D121: ='[2]CU '!D123 -> 1/3hp | E121: ='[2]CU '!E123 -> 320*140*290 | F121: ='[2]CU '!F123 -> φ230 BLADE 28° | G121: ='[2]CU '!$G123 -> 10watts | H121: ='[2]CU '!H123 -> FN5108A | J121: ='[2]CU '!Q123 -> 90.062112
A122: ='[2]CU '!A124 -> CU077.07 | B122: ='[2]CU '!B124 -> CSB-1/2HP(S) | D122: ='[2]CU '!D124 -> 3/8hp | E122: ='[2]CU '!E124 -> 400*150*260 | F122: ='[2]CU '!F124 -> φ230 BLADE 28° | G122: ='[2]CU '!$G124 -> 10watts | J122: ='[2]CU '!Q124 -> 91.897233
A123: ='[2]CU '!A125 -> CU077.08 | B123: ='[2]CU '!B125 -> CSB-1/2HP(B) | D123: ='[2]CU '!D125 -> 1/2hp | E123: ='[2]CU '!E125 -> 490*150*230 | F123: ='[2]CU '!F125 -> φ200 BLADE 28° | G123: ='[2]CU '!$G125 -> 10watts | J123: ='[2]CU '!Q125 -> 113.28346
A124: ='[2]CU '!A126 -> CU077.09 | B124: ='[2]CU '!B126 -> CSB-3/4HP | D124: ='[2]CU '!D126 -> 3/4hp | E124: ='[2]CU '!E126 -> 490*150*260 | F124: ='[2]CU '!F126 -> φ230 BLADE 28° | G124: ='[2]CU '!$G126 -> 10watts | J124: ='[2]CU '!Q126 -> 124.2236
A125: ='[2]CU '!A127 -> CU077.10 | B125: ='[2]CU '!B127 -> CS039 (4*9*175) | C125: COUNTER CS CONDENSER | D125: ='[2]CU '!D127 -> 1/3hp | E125: ='[2]CU '!E127 -> 267*170*235 | F125: ='[2]CU '!F127 -> φ200b BLADE 28° | G125: ='[2]CU '!$G127 -> 10watts | J125: ='[2]CU '!Q127 -> 196.21683
A126: ='[2]CU '!A128 -> CU077.11 | B126: ='[2]CU '!B128 -> CS054 (5*10*175) | D126: ='[2]CU '!D128 -> 1/2hp | E126: ='[2]CU '!E128 -> 267*170*235 | F126: ='[2]CU '!F128 -> φ200b BLADE 28° | G126: ='[2]CU '!$G128 -> 10watts | J126: ='[2]CU '!Q128 -> 232.91925
A127: ='[2]CU '!A129 -> CU077.12 | B127: ='[2]CU '!B129 -> CS066 (5*12*188) | D127: ='[2]CU '!D129 -> 5/8hp | E127: ='[2]CU '!E129 -> 280*170*310 | F127: ='[2]CU '!F129 -> φ200b BLADE 28° | G127: ='[2]CU '!$G129 -> 10watts | J127: ='[2]CU '!Q129 -> 280.91474
A128: ='[2]CU '!A130 -> CU077.13 | B128: ='[2]CU '!B130 -> CS083 (5*12*225) | D128: ='[2]CU '!D130 -> 3/4hp | E128: ='[2]CU '!E130 -> 317*170*310 | F128: ='[2]CU '!F130 -> φ250b BLADE 28° | G128: ='[2]CU '!$G130 -> 16watts | J128: ='[2]CU '!Q130 -> 328.91022
A129: ='[2]CU '!A131 -> CU077.20 | B129: ='[2]CU '!B131 -> CS025 | C129: COMERCIAL REFRIGERATOR CONDENSER COIL 3.5mm | D129: ='[2]CU '!D131 -> 1/4hp | E129: ='[2]CU '!E131 -> 8 X 9 X 2R | F129: ='[2]CU '!F131 -> φ200 BLADE 28° | G129: ='[2]CU '!$G131 -> 5watts | J129: ='[2]CU '!Q131 -> 54.729661
A130: ='[2]CU '!A132 -> CU078 | B130: ='[2]CU '!B132 -> CS030 | D130: ='[2]CU '!D132 -> 1/3hp | E130: ='[2]CU '!E132 -> 9 X 9 X 3R | F130: ='[2]CU '!F132 -> φ200 BLADE 28° | G130: ='[2]CU '!$G132 -> 10watts | J130: ='[2]CU '!Q132 -> 122.18715
A131: ='[2]CU '!A133 -> CU079 | B131: ='[2]CU '!B133 -> CS033 (10 u) | D131: ='[2]CU '!D133 -> 1/3hp | E131: ='[2]CU '!E133 -> 10 X 11 X 2R | F131: ='[2]CU '!F133 -> φ250 BLADE 22° | G131: ='[2]CU '!$G133 -> 10watts | J131: ='[2]CU '!Q133 -> 161.64342
A132: ='[2]CU '!A134 -> CU080 | B132: ='[2]CU '!B134 -> CS050 (15 u) | D132: ='[2]CU '!D134 -> 1/2hp | E132: ='[2]CU '!E134 -> 10 X 11 X 3R | F132: ='[2]CU '!F134 -> φ250 BLADE 22° | G132: ='[2]CU '!$G134 -> 10watts | J132: ='[2]CU '!Q134 -> 192.1902
A133: ='[2]CU '!A135 -> CU081 | B133: ='[2]CU '!B135 -> CS060 (16 u) | D133: ='[2]CU '!D135 -> 1/2hp(big) | E133: ='[2]CU '!E135 -> 11 X 13 X 3R | F133: ='[2]CU '!F135 -> φ250 BLADE 28° | G133: ='[2]CU '!$G135 -> 16watts | J133: ='[2]CU '!Q135 -> 208.73638
A134: ='[2]CU '!A136 -> CU082 | B134: ='[2]CU '!B136 -> CS075 | D134: ='[2]CU '!D136 -> 3/4hp | E134: ='[2]CU '!E136 -> 13 X 15 X 3R | F134: ='[2]CU '!F136 -> φ300 BLADE 22° | G134: ='[2]CU '!$G136 -> 18watts | J134: ='[2]CU '!Q136 -> 260.92048
A135: ='[2]CU '!A137 -> CU082.01 | B135: ='[2]CU '!B137 -> CS090 | D135: ='[2]CU '!D137 -> 7/8HP | E135: ='[2]CU '!E137 -> 11*15*4R | F135: ='[2]CU '!F137 -> φ250 BLADE 28° | G135: ='[2]CU '!$G137 -> 16watts | J135: ='[2]CU '!Q137 -> 353.83362
...

Sheet ZIEHL
A6: ITEM CODE | B6: GUARANTEE GENUINE GERMANY FAN SETS | C6: PH & Voltage | D6: BRAND | E6: 1Pallet quantity | F6: =[2]ZIEHL!K8 -> RM | G6: PICTURE
A7: =[2]ZIEHL!A9 -> ZI 001.1 | B7: =[2]ZIEHL!B9 -> (16") FN040-VDK Ziehhlabegg fan (1PH) | C7: =[2]ZIEHL!C9 -> 1PH (230V) | D7: Ziehhlabegg | E7: 28 | F7: =[2]ZIEHL!K9 -> 504.77778
A8: =[2]ZIEHL!A10 -> ZI001 | B8: =[2]ZIEHL!B10 -> (16") FN040-VDK Ziehhlabegg fan (3ph) | C8: =[2]ZIEHL!C10 -> 3PH (415V) | E8: 28 | F8: =[2]ZIEHL!K10 -> ~
A9: =[2]ZIEHL!A11 -> ZI002 | B9: =[2]ZIEHL!B11 -> (20") FN050-VDK Ziehhlabegg fan | C9: =[2]ZIEHL!C11 -> 3PH (415V) | E9: 28 | F9: =[2]ZIEHL!K11 -> ~
A10: =[2]ZIEHL!A12 -> ZI003 | B10: =[2]ZIEHL!B12 -> (26") FN063-VDK Ziehhlabegg fan | C10: =[2]ZIEHL!C12 -> 3PH (415V) | E10: 6 | F10: =[2]ZIEHL!K12 -> ~
A11: =[2]ZIEHL!A13 -> ZI005 | B11: =[2]ZIEHL!B13 -> (32") FN080-sDQ Ziehhlabegg fan (6poles) | C11: =[2]ZIEHL!C13 -> 3PH (415V) | E11: 6 | F11: =[2]ZIEHL!K13 -> ~
A12: =[2]ZIEHL!A14 -> ZI 8 | B12: =[2]ZIEHL!B14 -> (26") FB063-VDK Ziehhlabegg fan | C12: =[2]ZIEHL!C14 -> 3PH (415V) | F12: =[2]ZIEHL!K14 -> 1464.9428
A13: =[2]ZIEHL!A15 -> ZI005.1 | B13: =[2]ZIEHL!B15 -> 12" EBM FAN SET (1PH) | C13: =[2]ZIEHL!C15 -> 1PH (230V) | D13: EBM | F13: =[2]ZIEHL!K15 -> ~
A14: =[2]ZIEHL!A16 -> ZI005.2 | B14: =[2]ZIEHL!B16 -> 14" EBM FAN SET (1PH) | C14: =[2]ZIEHL!C16 -> 1PH (230V) | F14: =[2]ZIEHL!K16 -> ~
A15: =[2]ZIEHL!A17 -> ZI005.3 | B15: =[2]ZIEHL!B17 -> 14" EBM FAN SET (3PH) | C15: =[2]ZIEHL!C17 -> 3PH (415V) | F15: =[2]ZIEHL!K17 -> 365.84666
A16: =[2]ZIEHL!A18 -> ZI006 | B16: =[2]ZIEHL!B18 -> 16" EBM FAN SET (1PH) | C16: =[2]ZIEHL!C18 -> 1PH (230V) | E16: 45 | F16: =[2]ZIEHL!K18 -> 474.16762
A17: =[2]ZIEHL!A19 -> ZI007 | B17: =[2]ZIEHL!B19 -> 16" EBM FAN SET (3PH) | C17: =[2]ZIEHL!C19 -> 3PH (415V) | E17: 46 | F17: =[2]ZIEHL!K19 -> ~
A18: =[2]ZIEHL!A20 -> ZI007.1 | B18: =[2]ZIEHL!B20 -> 18" EBM FAN SET (3PH) | C18: =[2]ZIEHL!C20 -> 3PH (415V) | F18: =[2]ZIEHL!K20 -> ~
A19: =[2]ZIEHL!A21 -> ZI008 | B19: =[2]ZIEHL!B21 -> 20" EBM FAN SET (3PH) | C19: =[2]ZIEHL!C21 -> 3PH (415V) | E19: 47 | F19: =[2]ZIEHL!K21 -> ~
A20: =[2]ZIEHL!A22 -> ZI009 | B20: =[2]ZIEHL!B22 -> 26" EBM FAN SET (3PH) | C20: =[2]ZIEHL!C22 -> 3PH (415V) | E20: 48 | F20: =[2]ZIEHL!K22 -> 1936.8353
A21: =[2]ZIEHL!A23 -> ZI010 | B21: =[2]ZIEHL!B23 -> 32" EBM FAN SET (3PH) c/w end plate(800mm) | C21: =[2]ZIEHL!C23 -> 3PH (415V) | F21: =[2]ZIEHL!K23 -> 2786.5437
A22: =[2]ZIEHL!A24 -> ZI010.1 | B22: =[2]ZIEHL!B24 -> 36" EBM FAN SET (3PH) c/w end plate(910mm) | C22: =[2]ZIEHL!C24 -> 3PH (415V) | F22: =[2]ZIEHL!K24 -> ~
A23: =[2]ZIEHL!A25 -> ZI011 | B23: =[2]ZIEHL!B25 -> 10watts ebm fan motor (M4Q045CA03A4/C01) | C23: =[2]ZIEHL!C25 -> 0 | F23: =[2]ZIEHL!K25 -> ~
A24: =[2]ZIEHL!A26 -> ZI012 | B24: =[2]ZIEHL!B26 -> 18watts ebm fan motor (M4Q045DA13A4/C01) | C24: =[2]ZIEHL!C26 -> 0 | F24: =[2]ZIEHL!K26 -> ~
A25: PRICE VALID : Ex-factory at K.L price

Sheet Weiguang
A1: ='CU '!A1 -> DATE :28.9.26
A8: =[2]Weiguang!A8 -> ITEM | B8: =[2]Weiguang!B8 -> MODEL | C8: DECRIPTION | D8: =[2]Weiguang!D8 -> WATTS | E8: =[2]Weiguang!I8 -> RM | F8: PICTURE
A9: =[2]Weiguang!A9 -> WEI001 | B9: =[2]Weiguang!B9 -> YWF4E-200-G (8") (1PH) (230V) | C9: WEIGUANG AXIAL FAN SETS 1PH & 3PH (230V , 380V ~ 415V) | D9: =[2]Weiguang!D9 -> 40 | E9: =[2]Weiguang!I9 -> 130.66166
A10: =[2]Weiguang!A10 -> WEI002 | B10: =[2]Weiguang!B10 -> YWF4E-250-G (10") (1PH) (230V) | D10: =[2]Weiguang!D10 -> 50 | E10: =[2]Weiguang!I10 -> 134.22516
A11: =[2]Weiguang!A11 -> WEI002.1 | B11: =[2]Weiguang!B11 -> YWF2E-250-G (10") (1PH) (230V) 2500rpm | D11: =[2]Weiguang!D11 -> 50 | E11: =[2]Weiguang!I11 -> 140.93642
A12: =[2]Weiguang!A12 -> WEI003 | B12: =[2]Weiguang!B12 -> YWF4E-250B (10") (1PH) (230V) | D12: =[2]Weiguang!D12 -> 50 | E12: =[2]Weiguang!I12 -> 134.22516
A13: =[2]Weiguang!A13 -> WEI004 | B13: =[2]Weiguang!B13 -> YWF4E-300-G (12") (1PH) (230V) | D13: =[2]Weiguang!D13 -> 85 | E13: =[2]Weiguang!I13 -> 138.97649
A14: =[2]Weiguang!A14 -> WEI004.1 | B14: =[2]Weiguang!B14 -> YWF4D-300-G (12") (3PH) (415V) | D14: =[2]Weiguang!D14 -> 85 | E14: =[2]Weiguang!I14 -> 138.97649
A15: =[2]Weiguang!A15 -> WEI005 | B15: =[2]Weiguang!B15 -> YWF4E-300B (12") (1PH) (230V) | D15: =[2]Weiguang!D15 -> 85 | E15: =[2]Weiguang!I15 -> 138.97649
A16: =[2]Weiguang!A16 -> WEI005.1 | B16: =[2]Weiguang!B16 -> YWF2E-300-S (12") (1PH) (230V)7 BLADE C/W 2M WIRE | D16: =[2]Weiguang!D16 -> 85 | E16: =[2]Weiguang!I16 -> 150.95722
A17: =[2]Weiguang!A17 -> WEI005.2 | B17: =[2]Weiguang!B17 -> YWF2D-300-S (12") (3PH) (415V)7 BLADE C/W 2M WIRE | D17: =[2]Weiguang!D17 -> 85 | E17: =[2]Weiguang!I17 -> 150.95722
A18: =[2]Weiguang!A18 -> WEI005.3 | B18: =[2]Weiguang!B18 -> YWF2D-300-B (12") (3PH) (415V)7 BLADE | D18: =[2]Weiguang!D18 -> 85 | E18: =[2]Weiguang!I18 -> 150.95722
A19: =[2]Weiguang!A19 -> WEI005.4 | B19: =[2]Weiguang!B19 -> YWF2E-300-B (12") (1PH) (230V)7 BLADE C/W 2M WIRE | D19: =[2]Weiguang!D19 -> 85 | E19: =[2]Weiguang!I19 -> 150.95722
A20: =[2]Weiguang!A20 -> WEI005.5 | B20: =[2]Weiguang!B20 -> YWF2D-300-B (12") (3PH) (415V)7 BLADE C/W 2M WIRE | D20: =[2]Weiguang!D20 -> 0 | E20: =[2]Weiguang!I20 -> 150.95722
A21: =[2]Weiguang!A21 -> WEI006 | B21: =[2]Weiguang!B21 -> YWF4E-330-G (13") (1PH) (230V) | D21: =[2]Weiguang!D21 -> 95 | E21: =[2]Weiguang!I21 -> 162.73316
... A35: =[2]Weiguang!A35 -> WEI021 | B35: =[2]Weiguang!B35 -> YWF4D-630-G (26") (3PH) (415V) | D35: =[2]Weiguang!D35 -> 800 | E35: =[2]Weiguang!I35 -> 479.88464
A36: =[2]Weiguang!A37 -> WEI022 | B36: =[2]Weiguang!B37 -> YWF6D-710-G (28") (3PH) (415V) | D36: =[2]Weiguang!D37 -> 900 | E36: =[2]Weiguang!I37 -> 1069.0499
A37: =[2]Weiguang!A38 -> WEI023 | B37: =[2]Weiguang!B38 -> YWF6D-800-G (32") (3PH) (415V) | D37: =[2]Weiguang!D38 -> 1200 | E37: =[2]Weiguang!I38 -> 1334.9836
A38: =[2]Weiguang!A39 -> WEI023.01 | B38: =[2]Weiguang!B39 -> YWF4D-350-G (14") (3PH ) (415V) cw 1.5M WIRE | D38: =[2]Weiguang!D39 -> 140 | E38: =[2]Weiguang!I39 -> 187.67766
A39: =[2]Weiguang!A40 -> WEI023.02 | B39: =[2]Weiguang!B40 -> YWF4D-350-G (14") (1PH ) (415V) cw 1.5M WIRE | D39: =[2]Weiguang!D40 -> 0 | E39: =[2]Weiguang!I40 -> 187.67766
A40: =[2]Weiguang!A41 -> WEI023.1 | B40: =[2]Weiguang!B41 -> YWF4D-400-G (16") (3PH) (415V) C/W 1.5M WIRE | D40: =[2]Weiguang!D41 -> 180 | E40: =[2]Weiguang!I41 -> 207.87082
A41: =[2]Weiguang!A42 -> WEI023.2 | B41: =[2]Weiguang!B42 -> YWF4D-450-G (18") (3PH) (415V) C/W 1.5M WIRE | D41: =[2]Weiguang!D42 -> 250 | E41: =[2]Weiguang!I42 -> 236.37882
A42: =[2]Weiguang!A43 -> WEI023.3 | B42: =[2]Weiguang!B43 -> YWF4D-500-G (20") (3PH) (415V) C/W 1.5M WIRE | D42: =[2]Weiguang!D43 -> 450 | E42: =[2]Weiguang!I43 -> 301.05634
A43: =[2]Weiguang!A44 -> WEI024 | B43: =[2]Weiguang!B44 -> YWF4E-400-J (16") (1PH) (230V) | D43: =[2]Weiguang!D44 -> 200 | E43: =[2]Weiguang!I44 -> 234.02475
A44: =[2]Weiguang!A45 -> WEI025 | B44: =[2]Weiguang!B45 -> YWF4D-400-J (16") (3PH) (415V) | D44: =[2]Weiguang!D45 -> 200 | E44: =[2]Weiguang!I45 -> 234.02475
A45: =[2]Weiguang!A46 -> WEI025.3 | B45: =[2]Weiguang!B46 -> YWF4D-450-S-137/35 (18") (3PH) (415V) (HEAVY DUTY) 7 BLADE | D45: =[2]Weiguang!D46 -> 370 | E45: =[2]Weiguang!I46 -> 369.98286
A46: =[2]Weiguang!A47 -> WEI026 | B46: =[2]Weiguang!B47 -> YWF4D-500S-145/65A2-G (20") (3PH) (415V)(ALUMINIUM DIE CAST) | D46: =[2]Weiguang!D47 -> 800 | E46: =[2]Weiguang!I47 -> 700.71364
A47: =[2]Weiguang!A48 -> WEI026.1 | B47: =[2]Weiguang!B48 -> YWF4D-500S-137/60-G (20") (3PH) (415V) (HEAVY DUTY) 7 BLADE | D47: =[2]Weiguang!D48 -> 750 | E47: =[2]Weiguang!I48 -> 432.67366
... A49: =[2]Weiguang!A50 -> WEI026.3 | B49: =[2]Weiguang!B50 -> YWF4D-630S-180/105A2-G (26") (3PH) (415V)(ALUMINIUM DIE CAST) | D49: =[2]Weiguang!D50 -> 2700 | E49: =[2]Weiguang!I50 -> 1540.2094
A50: =[2]Weiguang!A51 -> WEI026.4 | B50: =[2]Weiguang!B51 -> YWF4E-300-G (12") (1PH) (230V) S/STEEL | C50: WEIGUANG heavy duty fan sets 1PH & 3PH (230V , 380V ~ 415V)S/Steel fan blade & guard | D50: =[2]Weiguang!D51 -> 85 | E50: =[2]Weiguang!I51 -> 251.84349
A51: =[2]Weiguang!A52 -> WEI026.5 | B51: =[2]Weiguang!B52 -> YWF4D-300-G (12") (3PH) (415V) S/STEEL | D51: =[2]Weiguang!D52 -> 85 | E51: =[2]Weiguang!I52 -> 253.2826
A52: =[2]Weiguang!A53 -> WEI026.6 | B52: =[2]Weiguang!B53 -> YWF2D-300-S (12") (3PH) (415V) S/STEEL (HEAVY DUTY) 7 BLADE C/W 2M WIRE | D52: =[2]Weiguang!D53 -> 165 | E52: =[2]Weiguang!I53 -> 302.21219
A53: =[2]Weiguang!A54 -> WEI026.7 | B53: =[2]Weiguang!B54 -> YWF4E-400-G (16") (1PH) (230V) S/STEEL | D53: =[2]Weiguang!D54 -> 205 | E53: =[2]Weiguang!I54 -> 374.16748
A54: =[2]Weiguang!A55 -> WEI026.8 | B54: =[2]Weiguang!B55 -> YWF4D-400-G (16") (3PH) (415V) S/STEEL | D54: =[2]Weiguang!D55 -> 205 | E54: =[2]Weiguang!I55 -> 374.16748
A55: =[2]Weiguang!A57 -> WEI026.9 | B55: =[2]Weiguang!B57 -> YWF4D-500S-137/60-G (20") (3PH) (415V) S/STEEL (HEAVY DUTY) 7 BLADE | D55: =[2]Weiguang!D57 -> 750 | E55: =[2]Weiguang!I57 -> 568.73457
A56: =[2]Weiguang!A58 -> WEI027 | B56: =[2]Weiguang!B58 -> YWF4D-500-S 137/60-G (20") (3PH ) (415V)7blade cw end plate | C56: WEIGUANG end plate TYPE FAN SETS 1PH & 3PH (230V , 380V ~ 415V) | D56: =[2]Weiguang!D58 -> 750 | E56: =[2]Weiguang!I58 -> 533.90534
A57: =[2]Weiguang!A59 -> WEI028 | B57: =[2]Weiguang!B59 -> YWF4D-630S-180/105-B1 (26") (3PH) (415V)C/W END PLATE (HEAVY DUTY) | D57: =[2]Weiguang!D59 -> 2700 | E57: =[2]Weiguang!I59 -> 1465.3791
A58: =[2]Weiguang!A60 -> WEI028.01 | B58: =[2]Weiguang!B60 -> YWF4D-630S-180/75-B1 (26") (3PH) (415V) C/W END PLATE (HEAVY DUTY) | D58: =[2]Weiguang!D60 -> 1900 | E58: =[2]Weiguang!I60 -> 1072.6134
A59: =[2]Weiguang!A61 -> WEI028.02 | B59: =[2]Weiguang!B61 -> YWF.A6T-710S-7FIS01(28")(3PH 415V)C/W END PLATE (HEAVY DUTY) | D59: =[2]Weiguang!D61 -> 1100 c/w plate | E59: =[2]Weiguang!I61 -> 1334.3564
A60: =[2]Weiguang!A62 -> WEI028.03 | B60: =[2]Weiguang!B62 -> YWF6D-800-180/75-B1 (32") (3PH) (415V)C/W END PLATE (HEAVY DUTY) | D60: =[2]Weiguang!D62 -> 1200 | E60: =[2]Weiguang!I62 -> 1986.2007
A61: =[2]Weiguang!A63 -> WEI029 | B61: =[2]Weiguang!B63 -> YWF6D-800S-180/105-B1 (32") (3PH) (415V) C/W END PLATE (HEAVY DUTY) | D61: =[2]Weiguang!D63 -> 1900 | E61: =[2]Weiguang!I63 -> 2721.218
A62: =[2]Weiguang!A64 -> WEI029.1 | B62: =[2]Weiguang!B64 -> YWF6D-910S-180/120-G (36") (3PH) (415V)(HEAVY DUTY) | D62: =[2]Weiguang!D64 -> 2500 | E62: =[2]Weiguang!I64 -> 2435.0819
A63: =[2]Weiguang!A65 -> WEI029.2 | B63: =[2]Weiguang!B65 -> 16" AIR DIRECTOR | C63: AIR DIRECTOR | D63: =[2]Weiguang!D65 -> 0 | E63: =[2]Weiguang!I65 -> 73.485389
A64: =[2]Weiguang!A66 -> WEI029.3 | B64: =[2]Weiguang!B66 -> 20" AIR DIRECTOR | D64: =[2]Weiguang!D66 -> 0 | E64: =[2]Weiguang!I66 -> 84.229459
A65: =[2]Weiguang!A67 -> WEI029.4 | B65: =[2]Weiguang!B67 -> YZF5-13B (5WATTS) 200mm BEARING | C65: BEARING TYPE | D65: =[2]Weiguang!D67 -> 200 28° | E65: =[2]Weiguang!I67 -> 35.037426
A66: =[2]Weiguang!A68 -> WEI029.5 | B66: =[2]Weiguang!B68 -> YZF10-20B (10WATTS) 230mm BEARING | D66: =[2]Weiguang!D68 -> 230 28°,250 22° | E66: =[2]Weiguang!I68 -> 41.72639
A67: =[2]Weiguang!A69 -> WEI029.7 | B67: =[2]Weiguang!B69 -> YZF18-30B (18WATTS) 300mm BEARING | D67: =[2]Weiguang!D69 -> 300 22° | E67: =[2]Weiguang!I69 -> 50.326485
A68: =[2]Weiguang!A70 -> WEI029.8 | B68: =[2]Weiguang!B70 -> YZF25-40B (25WATTS) 300mm BEARING | D68: =[2]Weiguang!D70 -> 300 25° | E68: =[2]Weiguang!I70 -> 61.208718
A69: =[2]Weiguang!A71 -> WEI030 | B69: =[2]Weiguang!B71 -> YZF5-13 (5WATTS) 200mm | C69: SHADED POLE MOTOR | D69: =[2]Weiguang!D71 -> 200 28° | E69: =[2]Weiguang!I71 -> 31.151457
A70: =[2]Weiguang!A72 -> WEI031 | B70: =[2]Weiguang!B72 -> YZF10-20 (10WATTS) 230mm | D70: =[2]Weiguang!D72 -> 230 28°,250 22° | E70: =[2]Weiguang!I72 -> 38.764134
A71: =[2]Weiguang!A73 -> WEI032 | B71: =[2]Weiguang!B73 -> YZF16-25 (16WATTS) 254mm | D71: =[2]Weiguang!D73 -> 250 28° | E71: =[2]Weiguang!I73 -> 45.654828
A72: =[2]Weiguang!A74 -> WEI033 | B72: =[2]Weiguang!B74 -> YZF18-30 (18WATTS) 300mm | D72: =[2]Weiguang!D74 -> 300 22° | E72: =[2]Weiguang!I74 -> 48.946223
A73: =[2]Weiguang!A75 -> WEI033.01 | B73: =[2]Weiguang!B75 -> YZF25-40 (25WATTS) 300mm | D73: =[2]Weiguang!D75 -> 300 25° | E73: =[2]Weiguang!I75 -> 59.138929
A74: =[2]Weiguang!A76 -> WEI033.02 | B74: =[2]Weiguang!B76 -> YZF34-45 (34WATTS) 300mm | D74: =[2]Weiguang!D76 -> 300 28° | E74: =[2]Weiguang!I76 -> 61.580931
A75: =[2]Weiguang!A77 -> WEI034.01 | B75: =[2]Weiguang!B77 -> ECM5310H (ec fan) 7/11w | E75: =[2]Weiguang!I77 -> 56.465274
A76: =[2]Weiguang!A78 -> WEI034.02 | B76: =[2]Weiguang!B78 -> 200MM PLASTIC RING | E76: =[2]Weiguang!I78 -> 12.108664
A77: =[2]Weiguang!A79 -> WEI034.03 | B77: =[2]Weiguang!B79 -> 8W EC Q FAN (Replacement 10w motor) | E77: =[2]Weiguang!I79 -> 36.388732
A78: =[2]Weiguang!A80 -> WEI034.04 | B78: =[2]Weiguang!B80 -> FAN MOTOR BRACKET | E78: =[2]Weiguang!I80 -> 0.62739193
A79: =[2]Weiguang!A81 -> WEI034.2 | B79: =[2]Weiguang!B81 -> 6" FAN RING | C79: RING | E79: =[2]Weiguang!I81 -> 7.4314726
A80: =[2]Weiguang!A82 -> WEI034.3 | B80: =[2]Weiguang!B82 -> 7" FAN RING | E80: =[2]Weiguang!I82 -> 8.8871218
A81: =[2]Weiguang!A83 -> WEI035 | B81: =[2]Weiguang!B83 -> 8" FAN RING | E81: =[2]Weiguang!I83 -> 9.653253
A82: =[2]Weiguang!A84 -> WEI035.1 | B82: =[2]Weiguang!B84 -> 9" FAN RING | E82: =[2]Weiguang!I84 -> 11.491968
A83: =[2]Weiguang!A85 -> WEI035.2 | B83: =[2]Weiguang!B85 -> 10" FAN RING | E83: =[2]Weiguang!I85 -> 12.181486
A84: =[2]Weiguang!A86 -> WEI035.3 | B84: =[2]Weiguang!B86 -> 12" FAN RING | E84: =[2]Weiguang!I86 -> 14.096814
A85: =[2]Weiguang!A87 -> WEI035.4 | B85: =[2]Weiguang!B87 -> 6" FAN GUARD | C85: FAN GUARD | E85: =[2]Weiguang!I87 -> 4.665739
A86: =[2]Weiguang!A88 -> WEI035.5 | B86: =[2]Weiguang!B88 -> 7" FAN GUARD | E86: =[2]Weiguang!I88 -> 5.4701767
A87: =[2]Weiguang!A89 -> WEI036 | B87: =[2]Weiguang!B89 -> 8" FAN GUARD (200mm/H40) | E87: =[2]Weiguang!I89 -> 9.950067
A88: =[2]Weiguang!A90 -> WEI036.1 | B88: =[2]Weiguang!B90 -> 9" FAN GUARD | E88: =[2]Weiguang!I90 -> 10.135916
A89: =[2]Weiguang!A91 -> WEI037 | B89: =[2]Weiguang!B91 -> 10" FAN GUARD (254mm/H50) | E89: =[2]Weiguang!I91 -> 13.676775
A90: =[2]Weiguang!A92 -> WEI038 | B90: =[2]Weiguang!B92 -> 12" FAN GUARD (300mm/H50) | E90: =[2]Weiguang!I92 -> 14.858117
A91: =[2]Weiguang!A93 -> WEI038.1 | B91: =[2]Weiguang!B93 -> 6" FAN BLADE | C91: FAN BLADE | E91: =[2]Weiguang!I93 -> 1.8947236
A92: =[2]Weiguang!A94 -> WEI038.2 | B92: =[2]Weiguang!B94 -> 7" FAN BLADE | E92: =[2]Weiguang!I94 -> 2.3213501
A93: =[2]Weiguang!A95 -> WEI039 | B93: =[2]Weiguang!B95 -> 8" FAN BLADE 28° (200mm) | E93: =[2]Weiguang!I95 -> 3.4381078
A94: =[2]Weiguang!A96 -> WEI039.01 | B94: =[2]Weiguang!B96 -> 8" FAN BLADE 28°B (200mm) | D94: =[2]Weiguang!D96 -> for counter | E94: =[2]Weiguang!I96 -> 3.4381078
A95: =[2]Weiguang!A97 -> WEI039.1 | B95: =[2]Weiguang!B97 -> 9" FAN BLADE (230mm) | E95: =[2]Weiguang!I97 -> 4.2160738
A96: =[2]Weiguang!A98 -> WEI040 | B96: =[2]Weiguang!B98 -> 10" FAN BLADE 22° (250mm) | E96: =[2]Weiguang!I98 -> 6.0229625
A97: =[2]Weiguang!A99 -> WEI040.0 | B97: =[2]Weiguang!B99 -> 10" FAN BLADE 28° (250mm) | E97: =[2]Weiguang!I99 -> 6.0229625
A98: =[2]Weiguang!A100 -> WEI040.1 | B98: =[2]Weiguang!B100 -> 10" FAN BLADE 28°B (250mm) | E98: =[2]Weiguang!I100 -> 6.0229625
A99: =[2]Weiguang!A101 -> WEI041 | B99: =[2]Weiguang!B101 -> 12" FAN BLADE 22° (300mm) | E99: =[2]Weiguang!I101 -> 9.7120271
A100: =[2]Weiguang!A102 -> WEI041.01 | B100: =[2]Weiguang!B102 -> 12" FAN BLADE 25° (300mm) | E100: =[2]Weiguang!I102 -> 9.7120271
A101: =[2]Weiguang!A104 -> WEI041.1 | B101: =[2]Weiguang!B104 -> 4" VIDEO FAN (SLEEVE BEARING) | C101: Video Fan (Sleeve (Bearing type) | E101: =[2]Weiguang!I104 -> 23.273345
A102: =[2]Weiguang!A105 -> WEI042 | B102: =[2]Weiguang!B105 -> 4" VIDEO FAN (BEARING TYPE) | C102: Video Fan (Bearing type) | E102: =[2]Weiguang!I105 -> 29.197855
A103: =[2]Weiguang!A106 -> WEI042.1 | B103: =[2]Weiguang!B106 -> 4" VIDEO FAN GUARD | E103: =[2]Weiguang!I106 -> 1.7253278
A104: =[2]Weiguang!A107 -> WEI042.2 | B104: =[2]Weiguang!B107 -> 6" VIDEO FAN GUARD | E104: =[2]Weiguang!I107 -> 2.4154589
A105: =[2]Weiguang!A108 -> WEI043 | B105: =[2]Weiguang!B108 -> 6" VIDEO FAN (BEARING TYPE) | C105: Video Fan (Bearing type) | E105: =[2]Weiguang!I108 -> 55.616449
A106: =[2]Weiguang!A109 -> WEI044 | B106: =[2]Weiguang!B109 -> YZF-3206 (17WATTS) SHADED POLE MOTOR C/W 124mm FAN BLADE | C106: Shaded pole motor c/w 124mm fan blade | E106: =[2]Weiguang!I109 -> 41.407867
A107: PRICE VALID : For intend order only and ex-factory at K.L price

Sheet QC
A1: =Weiguang!A1 -> DATE :28.9.26
A4: ITEM CODE | B4: NEW QC UNIT BLOWER (FREEZER) MODEL | C4: DECRIPTION | D4: COMPRESSOR TO MATCH | E4: =[2]QC!E8 -> BTU/HR td7 ~25c | F4: =[2]QC!F8 -> kW td7 | G4: =[2]QC!G8 -> Flowrate meter | H4: =[2]QC!H8 -> Dimension (mm) | I4: =[2]QC!I8 -> Voltage | J4: =[2]QC!J8 -> Heater pcs | K4: =[2]QC!K8 -> Heater KW | L4: =[2]QC!L8 -> Size outlet copper p-trap | ... N4: =[2]QC!N8 -> (Frezzer) TES (R404) -25c orifice no | O4: =[2]QC!W8 -> (RM) axial fan | P4: =[2]QC!X8 -> Axial fan c/w exp valve ,p trap | Q4: =[2]QC!AE8 -> (RM)aluminium heavy duty fan | R4: =[2]QC!AF8 -> heavy fan c/w p trap and exp valve | S4: PICTURE
A5: =[2]QC!A9 -> QC001 | B5: =[2]QC!B9 -> CL301C4 | C5: FREEZER - 5'C ~ - 25'C ( 7mm ~ 9mm Fin Spacing) Unit blower with EBM / AXIAL FAN SETS | D5: =[2]QC!D9 -> MT22,CS11,zb15 | E5: =[2]QC!E9 -> 4778.2 | F5: =[2]QC!F9 -> 1.4 | G5: =[2]QC!G9 -> 9 | H5: =[2]QC!H9 -> 1x300 | I5: =[2]QC!I9 -> 230 | J5: =[2]QC!J9 -> 3 | K5: =[2]QC!K9 -> 1.5 | ... N5: =[2]QC!N9 -> 1 / RCX0834 | O5: =[2]QC!W9 -> 1490.4059 | P5: =[2]QC!X9 -> 1766.951 | Q5: =[2]QC!AE9 -> ~ | R5: =[2]QC!AF9 -> ~
A6: =[2]QC!A10 -> QC002 | B6: =[2]QC!B10 -> CL302C3 | D6: =[2]QC!D10 -> MT32-MT36,ZB19 | E6: =[2]QC!E10 -> 6826 | F6: =[2]QC!F10 -> 2 | G6: =[2]QC!G10 -> 9 | H6: =[2]QC!H10 -> 2x300 | I6: =[2]QC!I10 -> 230 | J6: =[2]QC!J10 -> 3 | K6: =[2]QC!K10 -> 2.4 | ... N6: =[2]QC!N10 -> 2 / RCX1034 | O6: =[2]QC!W10 -> 2043.5892 | P6: =[2]QC!X10 -> 2301.0589 | Q6: =[2]QC!AE10 -> ~ | R6: =[2]QC!AF10 -> ~
A7: =[2]QC!A11 -> QC003 | B7: =[2]QC!B11 -> CL302C4 | D7: =[2]QC!D11 -> MT40-MT44,ZB21 | E7: =[2]QC!E11 -> 7849.9 | F7: =[2]QC!F11 -> 2.3 | G7: =[2]QC!G11 -> 9 | H7: =[2]QC!H11 -> 2x300 | I7: =[2]QC!I11 -> 230 | J7: =[2]QC!J11 -> 3 | K7: =[2]QC!K11 -> 2.4 | ... N7: =[2]QC!N11 -> 3 / RCX1534 | O7: =[2]QC!W11 -> 2322.2604 | P7: =[2]QC!X11 -> 2570.1208 | Q7: =[2]QC!AE11 -> ~ | R7: =[2]QC!AF11 -> ~
A8: =[2]QC!A12 -> QC004 | B8: =[2]QC!B12 -> CL302C6 | D8: =[2]QC!D12 -> MT50,ZB29 | E8: =[2]QC!E12 -> 10239 | F8: =[2]QC!F12 -> 3 | G8: =[2]QC!G12 -> 8 | H8: =[2]QC!H12 -> 2x300 | I8: =[2]QC!I12 -> 230 | J8: =[2]QC!J12 -> 5 | K8: =[2]QC!K12 -> 4 | ... N8: =[2]QC!N12 -> 3 / RCX1534 | O8: =[2]QC!W12 -> 3155.871 | P8: =[2]QC!X12 -> 3395.0239 | Q8: =[2]QC!AE12 -> ~ | R8: =[2]QC!AF12 -> ~
A9: =[2]QC!A13 -> QC005 | B9: =[2]QC!B13 -> CL303C4 | D9: =[2]QC!D13 -> MT64,ZB38 | E9: =[2]QC!E13 -> 12628.1 | F9: =[2]QC!F13 -> 3.7 | G9: =[2]QC!G13 -> 9 | H9: =[2]QC!H13 -> 3x300 | I9: =[2]QC!I13 -> 230 | J9: =[2]QC!J13 -> 3 | K9: =[2]QC!K13 -> 6 | ... N9: =[2]QC!N13 -> 4 / RCX2034 | O9: =[2]QC!W13 -> 3030.7232 | P9: =[2]QC!X13 -> 3274.1915 | Q9: =[2]QC!AE13 -> ~ | R9: =[2]QC!AF13 -> ~
A10: =[2]QC!A14 -> QC006 | B10: =[2]QC!B14 -> CL303C6 | D10: =[2]QC!D14 -> 4EES4Y,MT100,ZB45 | E10: =[2]QC!E14 -> 15699.8 | F10: =[2]QC!F14 -> 4.6 | G10: =[2]QC!G14 -> 9 | H10: =[2]QC!H14 -> 3x300 | I10: =[2]QC!I14 -> 230 | J10: =[2]QC!J14 -> 5 | K10: =[2]QC!K14 -> 6 | ... N10: =[2]QC!N14 -> 6 | O10: =[2]QC!W14 -> 3781.4256 | P10: =[2]QC!X14 -> 3999.0077 | Q10: =[2]QC!AE14 -> ~ | R10: =[2]QC!AF14 -> ~
A11: =[2]QC!A15 -> QC006.1 | B11: =[2]QC!B15 -> CL304C6 | D11: =[2]QC!D15 -> 4DES5Y,MT125,ZB48 | E11: =[2]QC!E15 -> 21501.9 | F11: =[2]QC!F15 -> 6.3 | G11: =[2]QC!G15 -> 9 | H11: =[2]QC!H15 -> 4x300 | I11: =[2]QC!I15 -> 230 | J11: =[2]QC!J15 -> 5 | K11: =[2]QC!K15 -> 6 | ... N11: =[2]QC!N15 -> TES5-1 / TGES5 | O11: =[2]QC!W15 -> 4571.5765 | P11: =[2]QC!X15 -> 4776.4102 | Q11: =[2]QC!AE15 -> ~ | R11: =[2]QC!AF15 -> ~
A12: =[2]QC!A16 -> QC007 | B12: =[2]QC!B16 -> CL401C3 | D12: =[2]QC!D16 -> MT28,ZB15 | E12: =[2]QC!E16 -> 6826 | F12: =[2]QC!F16 -> 2 | G12: =[2]QC!G16 -> 12 | H12: =[2]QC!H16 -> 1x400 | I12: =[2]QC!I16 -> 230 | J12: =[2]QC!J16 -> 3 | K12: =[2]QC!K16 -> 1.5 | ... N12: =[2]QC!N16 -> 1 / RCX0834 | O12: =[2]QC!W16 -> 1720.5524 | P12: =[2]QC!X16 -> 1989.1613 | Q12: =[2]QC!AE16 -> 2179.496 | R12: =[2]QC!AF16 -> 2478.4378
A13: =[2]QC!A17 -> QC008 | B13: =[2]QC!B17 -> CL401C4 | D13: =[2]QC!D17 -> MT32,ZB19 | E13: =[2]QC!E17 -> 7849.9 | F13: =[2]QC!F17 -> 2.3 | G13: =[2]QC!G17 -> 12 | H13: =[2]QC!H17 -> 1x400 | I13: =[2]QC!I17 -> 230 | J13: =[2]QC!J17 -> 3 | K13: =[2]QC!K17 -> 1.5 | ... N13: =[2]QC!N17 -> 2 / RCX1034 | O13: =[2]QC!W17 -> 2024.1792 | P13: =[2]QC!X17 -> 2282.3183 | Q13: =[2]QC!AE17 -> 2472.653 | R13: =[2]QC!AF17 -> 2771.5948
A14: =[2]QC!A18 -> QC009 | B14: =[2]QC!B18 -> CL401C5 | D14: =[2]QC!D18 -> MT40,ZB21 | E14: =[2]QC!E18 -> 9897.7 | F14: =[2]QC!F18 -> 2.9 | G14: =[2]QC!G18 -> 12 | H14: =[2]QC!H18 -> 1x400 | I14: =[2]QC!I18 -> 230 | J14: =[2]QC!J18 -> 5 | K14: =[2]QC!K18 -> 2.5 | ... N14: =[2]QC!N18 -> 3 / RCX1534 | O14: =[2]QC!W18 -> 2338.8975 | P14: =[2]QC!X18 -> 2586.1842 | Q14: =[2]QC!AE18 -> 2704.2336 | R14: =[2]QC!AF18 -> 3003.1755
A15: =[2]QC!A19 -> QC010 | B15: =[2]QC!B19 -> CL401C6 | D15: =[2]QC!D19 -> MT50,ZB26 | E15: =[2]QC!E19 -> 10580.3 | F15: =[2]QC!F19 -> 3.1 | G15: =[2]QC!G19 -> 12 | H15: =[2]QC!H19 -> 1x400 | I15: =[2]QC!I19 -> 230 | J15: =[2]QC!J19 -> 5 | K15: =[2]QC!K19 -> 2.5 | ... N15: =[2]QC!N19 -> 3 / RCX2034 | O15: =[2]QC!W19 -> 2435.9472 | P15: =[2]QC!X19 -> 2679.8874 | Q15: =[2]QC!AE19 -> 2797.9368 | R15: =[2]QC!AF19 -> 3096.8786
A16: =[2]QC!A20 -> QC010.1 | B16: =[2]QC!B20 -> CL402C3 | D16: =[2]QC!D20 -> MT64,ZB29,CS33 | E16: =[2]QC!E20 -> 12628.1 | F16: =[2]QC!F20 -> 3.7 | G16: =[2]QC!G20 -> 14 | H16: =[2]QC!H20 -> 2x400 | I16: =[2]QC!I20 -> 415 | J16: =[2]QC!J20 -> 3 | K16: =[2]QC!K20 -> 3 | ... N16: =[2]QC!N20 -> 3 / RCX2034 | O16: =[2]QC!W20 -> 2760.3705 | P16: =[2]QC!X20 -> 3013.1613 | Q16: =[2]QC!AE20 -> 3724.9408 | R16: =[2]QC!AF20 -> 4043.9204
A17: =[2]QC!A21 -> QC011 | B17: =[2]QC!B21 -> CL402C4 | D17: =[2]QC!D21 -> MT72,ZB38 | E17: =[2]QC!E21 -> 16041.1 | F17: =[2]QC!F21 -> 4.7 | G17: =[2]QC!G21 -> 14 | H17: =[2]QC!H21 -> 2x400 | I17: =[2]QC!I21 -> 415 | J17: =[2]QC!J21 -> 3 | K17: =[2]QC!K21 -> 3 | ... N17: =[2]QC!N21 -> 3 / RCX2034 | O17: =[2]QC!W21 -> 3278.6158 | P17: =[2]QC!X21 -> 3513.5361 | Q17: =[2]QC!AE21 -> 4027.4682 | R17: =[2]QC!AF21 -> 4346.4477
... A24: =[2]QC!A28 -> QC017 | B24: =[2]QC!B28 -> CL405C6 | D24: =[2]QC!D28 -> 4JE15Y,ZFI50 | E24: =[2]QC!E28 -> 48464.6 | F24: =[2]QC!F28 -> 14.2 | G24: =[2]QC!G28 -> 17 | H24: =[2]QC!H28 -> 5x400 | I24: =[2]QC!I28 -> 415 | J24: =[2]QC!J28 -> 5 | K24: =[2]QC!K28 -> 9 | ... N24: =[2]QC!N28 -> TES5-1 ZFI /TGES7.5 | O24: =[2]QC!W28 -> 8968.7777 | P24: =[2]QC!X28 -> 9447.0277 | Q24: =[2]QC!AE28 -> 11035.114 | R24: =[2]QC!AF28 -> 11764.639
A25: =[2]QC!A31 -> QC018 | B25: =[2]QC!B31 -> NT501C6 | D25: =[2]QC!D31 -> 4CES6Y,MT125,ZFI30 | E25: =[2]QC!E31 -> 26962.7 | F25: =[2]QC!F31 -> 7.9 | G25: =[2]QC!G31 -> 26 | H25: =[2]QC!H31 -> 1X500 | I25: =[2]QC!I31 -> 415 | J25: =[2]QC!J31 -> 6 | K25: =[2]QC!K31 -> 9 | ... N25: =[2]QC!N31 -> 6 /5 zfi | O25: =[2]QC!W31 -> 5245.138 | P25: =[2]QC!X31 -> 5871.2013 | Q25: =[2]QC!AE31 -> 5571.1218 | R25: =[2]QC!AF31 -> 6150.6149
A26: =[2]QC!A32 -> QC019 | B26: =[2]QC!B32 -> NT501C8 | D26: =[2]QC!D32 -> 4TES9Y,ZFI31,ZFI36 | E26: =[2]QC!E32 -> 30034.4 | F26: =[2]QC!F32 -> 8.8 | G26: =[2]QC!G32 -> 26 | H26: =[2]QC!H32 -> 1X500 | I26: =[2]QC!I32 -> 415 | J26: =[2]QC!J32 -> 6 | K26: =[2]QC!K32 -> 9 | ... N26: =[2]QC!N32 -> TES2-6 /TGES5 | O26: =[2]QC!W32 -> 5651.1557 | P26: =[2]QC!X32 -> 6315.8282 | Q26: =[2]QC!AE32 -> 5964.2501 | R26: =[2]QC!AF32 -> 6581.1267
A27: =[2]QC!A33 -> QC020 | B27: =[2]QC!B33 -> NT502C4 | D27: =[2]QC!D33 -> 4PES12Y,ZFI39 | E27: =[2]QC!E33 -> 42662.5 | F27: =[2]QC!F33 -> 12.5 | G27: =[2]QC!G33 -> 26 | H27: =[2]QC!H33 -> 2X500 | I27: =[2]QC!I33 -> 415 | J27: =[2]QC!J33 -> 6 | K27: =[2]QC!K33 -> 9 | ... N27: =[2]QC!N33 -> TES5-1 ZFI /TGES5 | O27: =[2]QC!W33 -> 7352.9512 | P27: =[2]QC!X33 -> 8051.081 | Q27: =[2]QC!AE33 -> 7721.5822 | R27: =[2]QC!AF33 -> 8357.5064
A28: =[2]QC!A34 -> QC021 | B28: =[2]QC!B34 -> NT502C5 | D28: =[2]QC!D34 -> 4NES14Y,ZFI50 | E28: =[2]QC!E34 -> 48464.6 | F28: =[2]QC!F34 -> 14.2 | G28: =[2]QC!G34 -> 26 | H28: =[2]QC!H34 -> 2x500 | I28: =[2]QC!I34 -> 415 | J28: =[2]QC!J34 -> 6 | K28: =[2]QC!K34 -> 9 | ... N28: =[2]QC!N34 -> TES5-1 ZFI /TGES7.5 | O28: =[2]QC!W34 -> 8319.5873 | P28: =[2]QC!X34 -> 9017.7171 | Q28: =[2]QC!AE34 -> 8599.0346 | R28: =[2]QC!AF34 -> 9234.9588
A29: =[2]QC!A35 -> QC022 | B29: =[2]QC!B35 -> NT502C6 | D29: =[2]QC!D35 -> 4HE18Y,ZFI59 | E29: =[2]QC!E35 -> 54608 | F29: =[2]QC!F35 -> 16 | G29: =[2]QC!G35 -> 26 | H29: =[2]QC!H35 -> 2x500 | I29: =[2]QC!I35 -> 415 | J29: =[2]QC!J35 -> 6 | K29: =[2]QC!K35 -> 9 | ... N29: =[2]QC!N35 -> TES5-2 ZFI /SCX0857/TGES7.5 | O29: =[2]QC!W35 -> 9052.0314 | P29: =[2]QC!X35 -> 9750.1612 | Q29: =[2]QC!AE35 -> 9811.6936 | R29: =[2]QC!AF35 -> 10447.618
A30: =[2]QC!A36 -> QC023 | B30: =[2]QC!B36 -> NT502C8 | D30: =[2]QC!D36 -> 4GE23Y,ZFI68 | E30: =[2]QC!E36 -> 61434 | F30: =[2]QC!F36 -> 18 | G30: =[2]QC!G36 -> 26 | H30: =[2]QC!H36 -> 2x500 | I30: =[2]QC!I36 -> 415 | J30: =[2]QC!J36 -> 6 | K30: =[2]QC!K36 -> 9 | ... N30: =[2]QC!N36 -> TES5-3 /SCX0957/TGES9,TES5-2 ZFI | O30: =[2]QC!W36 -> 10831.382 | P30: =[2]QC!X36 -> 11586.056 | Q30: =[2]QC!AE36 -> 11534.557 | R30: =[2]QC!AF36 -> 12225.231
A31: =[2]QC!A37 -> QC023.1 | B31: =[2]QC!B37 -> NT503C5 | D31: =[2]QC!D37 -> 4FE25Y / 4GE23Y,ZFI81 | E31: =[2]QC!E37 -> 72000 | F31: =[2]QC!F37 -> 21.09581 | G31: =[2]QC!G37 -> 26 | H31: =[2]QC!H37 -> 3X500 | I31: =[2]QC!I37 -> 415 | J31: =[2]QC!J37 -> 6 | K31: =[2]QC!K37 -> 14.4 | ... N31: =[2]QC!N37 -> TES5-4 /SCX0957/TGES11,TES5-3 ZFI | O31: =[2]QC!W37 -> 12415.996 | P31: =[2]QC!X37 -> 13184.456 | Q31: =[2]QC!AE37 -> 13657.488 | R31: =[2]QC!AF37 -> 14348.162
A32: =[2]QC!A38 -> QC024 | B32: =[2]QC!B38 -> NT503C6 | D32: =[2]QC!D38 -> S6H-20.2Y / 6HE28Y,ZFI81 | E32: =[2]QC!E38 -> 81912 | F32: =[2]QC!F38 -> 24 | G32: =[2]QC!G38 -> 26 | H32: =[2]QC!H38 -> 3x500 | I32: =[2]QC!I38 -> 415 | J32: =[2]QC!J38 -> 6 | K32: =[2]QC!K38 -> 14.4 | ... N32: =[2]QC!N38 -> TES12-5/ TGES13 | O32: =[2]QC!W38 -> 12883.108 | P32: =[2]QC!X38 -> 13837.594 | Q32: =[2]QC!AE38 -> 14109.77 | R32: =[2]QC!AF38 -> 14980.565
A33: =[2]QC!A39 -> QC025 | B33: =[2]QC!B39 -> NT503C8 | D33: =[2]QC!D39 -> 6GE34Y,ZFI96 | E33: =[2]QC!E39 -> 93857.5 | F33: =[2]QC!F39 -> 27.5 | G33: =[2]QC!G39 -> 26 | H33: =[2]QC!H39 -> 3x500 | I33: =[2]QC!I39 -> 415 | J33: =[2]QC!J39 -> 6 | K33: =[2]QC!K39 -> 14.4 | ... N33: =[2]QC!N39 -> TES12-5 ZFI/ TGES13 | O33: =[2]QC!W39 -> 15628.5 | P33: =[2]QC!X39 -> 16701.016 | Q33: =[2]QC!AE39 -> 16768.007 | R33: =[2]QC!AF39 -> 17753.084
A34: =[2]QC!A40 -> QC025.1 | B34: =[2]QC!B40 -> NT504C6 | D34: =[2]QC!D40 -> 6GE34Y,ZFI122 | E34: =[2]QC!E40 -> 115000 | F34: =[2]QC!F40 -> 33.694697 | G34: =[2]QC!G40 -> 30 | H34: =[2]QC!H40 -> 4x500 | I34: =[2]QC!I40 -> 415 | J34: =[2]QC!J40 -> 6 | K34: =[2]QC!K40 -> 16.2 | ... N34: =[2]QC!N40 -> TES12-5 ZFI/ TGES13 | O34: =[2]QC!W40 -> 16622.544 | P34: =[2]QC!X40 -> 17708.845 | Q34: =[2]QC!AE40 -> 18336.786 | R34: =[2]QC!AF40 -> 19321.863
A35: =[2]QC!A41 -> QC026 | B35: =[2]QC!B41 -> NT504C8 | D35: =[2]QC!D41 -> 6FE44Y/S6F-30.2,ZFI140 | E35: =[2]QC!E41 -> 122868 | F35: =[2]QC!F41 -> 36 | G35: =[2]QC!G41 -> 30 | H35: =[2]QC!H41 -> 4x500 | I35: =[2]QC!I41 -> 415 | J35: =[2]QC!J41 -> 6 | K35: =[2]QC!K41 -> 16.2 | ... N35: =[2]QC!N41 -> TES12-6 ZFI/ TGES18 | O35: =[2]QC!W41 -> 20238.519 | P35: =[2]QC!X41 -> 21324.82 | Q35: =[2]QC!AE41 -> 21837.969 | R35: =[2]QC!AF41 -> 22823.046
A36: =[2]QC!A42 -> QC001 | B36: =[2]QC!B42 -> CL301C4H | C36: CHILLER +15'C ~ 0'C ( 6mm Fin Spacing) Unit blower with EBM / AXIAL FAN SETS W/O HEATER | D36: =[2]QC!D42 -> MT18,KCJ484 | E36: =[2]QC!E42 -> 10900 | F36: =[2]QC!F42 -> 3.1936713 | G36: =[2]QC!G42 -> 9 | H36: =[2]QC!H42 -> 1x300 | I36: =[2]QC!I42 -> 230 | K36: =[2]QC!K42 -> ~ | L36: =[2]QC!L42 -> 0.875 | M36: =[2]QC!M42 -> 1 / RCX1234 | N36: =[2]QC!N42 -> 1 / RCX0834 | O36: =[2]QC!W42 -> 1378.1056 | P36: =[2]QC!X42 -> 1594.4947 | Q36: =[2]QC!AE42 -> ~ | R36: =[2]QC!AF42 -> ~
A37: =[2]QC!A43 -> QC002 | B37: =[2]QC!B43 -> CL302C3H | D37: =[2]QC!D43 -> MT22,CS11,zb15 | E37: =[2]QC!E43 -> 14600 | F37: =[2]QC!F43 -> 4.2777615 | G37: =[2]QC!G43 -> 9 | H37: =[2]QC!H43 -> 2x300 | I37: =[2]QC!I43 -> 230 | K37: =[2]QC!K43 -> ~ | L37: =[2]QC!L43 -> 0.875 | M37: =[2]QC!M43 -> 1 / RCX1234 | N37: =[2]QC!N43 -> 2 / RCX1034 | O37: =[2]QC!W43 -> 1889.6961 | P37: =[2]QC!X43 -> 2088.4442 | Q37: =[2]QC!AE43 -> ~ | R37: =[2]QC!AF43 -> ~
A38: =[2]QC!A44 -> QC003 | B38: =[2]QC!B44 -> CL302C4H | D38: =[2]QC!D44 -> MT32,ZB19,CS13 | E38: =[2]QC!E44 -> 18300 | F38: =[2]QC!F44 -> 5.3618517 | G38: =[2]QC!G44 -> 9 | H38: =[2]QC!H44 -> 2x300 | I38: =[2]QC!I44 -> 230 | K38: =[2]QC!K44 -> ~ | L38: =[2]QC!L44 -> 0.875 | M38: =[2]QC!M44 -> 2 / RCX1634 | N38: =[2]QC!N44 -> 3 / RCX1534 | O38: =[2]QC!W44 -> 2168.3673 | P38: =[2]QC!X44 -> 2357.5061 | Q38: =[2]QC!AE44 -> ~ | R38: =[2]QC!AF44 -> ~
A39: =[2]QC!A45 -> QC004 | B39: =[2]QC!B45 -> CL302C6H | D39: =[2]QC!D45 -> MT40,ZB21,CS17,CS20 | E39: =[2]QC!E45 -> 25800 | F39: =[2]QC!F45 -> 7.559332 | G39: =[2]QC!G45 -> 8 | H39: =[2]QC!H45 -> 2x300 | I39: =[2]QC!I45 -> 230 | K39: =[2]QC!K45 -> ~ | L39: =[2]QC!L45 -> 1.125 | M39: =[2]QC!M45 -> 2 / RCX1634 | N39: =[2]QC!N45 -> 3 / RCX1534 | O39: =[2]QC!W45 -> 2702.1406 | P39: =[2]QC!X45 -> 2872.8734 | Q39: =[2]QC!AE45 -> ~ | R39: =[2]QC!AF45 -> ~
A40: =[2]QC!A46 -> QC005 | B40: =[2]QC!B46 -> CL303C4H | D40: =[2]QC!D46 -> MT50,ZB29,CS27 | E40: =[2]QC!E46 -> 30400 | F40: =[2]QC!F46 -> 8.9071198 | G40: =[2]QC!G46 -> 9 | H40: =[2]QC!H46 -> 3x300 | I40: =[2]QC!I46 -> 230 | K40: =[2]QC!K46 -> ~ | L40: =[2]QC!L46 -> 1.125 | M40: =[2]QC!M46 -> 3 / RCX2434 | N40: =[2]QC!N46 -> 4 / RCX2034 | O40: =[2]QC!W46 -> 2822.7595 | P40: =[2]QC!X46 -> 2989.333 | Q40: =[2]QC!AE46 -> ~ | R40: =[2]QC!AF46 -> ~
A41: =[2]QC!A47 -> QC006 | B41: =[2]QC!B47 -> CL303C6H | D41: =[2]QC!D47 -> MT64,ZB38,CS33 | E41: =[2]QC!E47 -> 44800 | F41: =[2]QC!F47 -> 13.126282 | G41: =[2]QC!G47 -> 9 | H41: =[2]QC!H47 -> 3x300 | I41: =[2]QC!I47 -> 230 | K41: =[2]QC!K47 -> ~ | L41: =[2]QC!L47 -> 1.125 | M41: =[2]QC!M47 -> 4 / RCX3134 | N41: =[2]QC!N47 -> 5 / RCX3034 | O41: =[2]QC!W47 -> 3198.4805 | P41: =[2]QC!X47 -> 3352.0981 | Q41: =[2]QC!AE47 -> ~ | R41: =[2]QC!AF47 -> ~
A42: =[2]QC!A48 -> QC006.1 | B42: =[2]QC!B48 -> CL304C6H | D42: =[2]QC!D48 -> MT80,ZB45,CR72 | E42: =[2]QC!E48 -> 63600 | F42: =[2]QC!F48 -> 18.634632 | G42: =[2]QC!G48 -> 9 | H42: =[2]QC!H48 -> 4x300 | I42: =[2]QC!I48 -> 230 | K42: =[2]QC!K48 -> ~ | L42: =[2]QC!L48 -> 1.125 | M42: =[2]QC!M48 -> 5 / RCX4734 | N42: =[2]QC!N48 -> 6 / SCX0445 | O42: =[2]QC!W48 -> 3821.4008 | P42: =[2]QC!X48 -> 3968.0367 | Q42: =[2]QC!AE48 -> ~ | R42: =[2]QC!AF48 -> ~
A43: =[2]QC!A49 -> QC007 | B43: =[2]QC!B49 -> CL401C3H | D43: =[2]QC!D49 -> MT22,CS11 | E43: =[2]QC!E49 -> 10900 | F43: =[2]QC!F49 -> 3.1936713 | G43: =[2]QC!G49 -> 12 | H43: =[2]QC!H49 -> 1x400 | I43: =[2]QC!I49 -> 230 | K43: =[2]QC!K49 -> ~ | L43: =[2]QC!L49 -> 0.875 | M43: =[2]QC!M49 -> 1 / RCX1234 | N43: =[2]QC!N49 -> 1 / RCX0834 | O43: =[2]QC!W49 -> 1608.252 | P43: =[2]QC!X49 -> 1816.7051 | Q43: =[2]QC!AE49 -> 2179.496 | R43: =[2]QC!AF49 -> 2414.4095
A44: =[2]QC!A50 -> QC008 | B44: =[2]QC!B50 -> CL401C4H | D44: =[2]QC!D50 -> MT32,ZB15,CS13 | E44: =[2]QC!E50 -> 14600 | F44: =[2]QC!F50 -> 4.2777615 | G44: =[2]QC!G50 -> 12 | H44: =[2]QC!H50 -> 1x400 | I44: =[2]QC!I50 -> 230 | K44: =[2]QC!K50 -> ~ | L44: =[2]QC!L50 -> 0.875 | M44: =[2]QC!M50 -> 1 / RCX1234 | N44: =[2]QC!N50 -> 2 / RCX1034 | O44: =[2]QC!W50 -> 1911.8789 | P44: =[2]QC!X50 -> 2109.862 | Q44: =[2]QC!AE50 -> 2472.653 | R44: =[2]QC!AF50 -> 2707.5665
A45: =[2]QC!A51 -> QC009 | B45: =[2]QC!B51 -> CL401C5H | D45: =[2]QC!D51 -> MT36,ZB19,CS17 | E45: =[2]QC!E51 -> 18300 | F45: =[2]QC!F51 -> 5.3618517 | G45: =[2]QC!G51 -> 12 | H45: =[2]QC!H51 -> 1x400 | I45: =[2]QC!I51 -> 230 | K45: =[2]QC!K51 -> ~ | L45: =[2]QC!L51 -> 0.875 | M45: =[2]QC!M51 -> 2 / RCX1634 | N45: =[2]QC!N51 -> 3 / RCX1534 | O45: =[2]QC!W51 -> 2151.7303 | P45: =[2]QC!X51 -> 2341.4427 | Q45: =[2]QC!AE51 -> 2704.2336 | R45: =[2]QC!AF51 -> 2939.1471
A46: =[2]QC!A52 -> QC010 | B46: =[2]QC!B52 -> CL401C6H | D46: =[2]QC!D52 -> MT40,ZB21,CS20,CR42 | E46: =[2]QC!E52 -> 25800 | F46: =[2]QC!F52 -> 7.559332 | G46: =[2]QC!G52 -> 12 | H46: =[2]QC!H52 -> 1x400 | I46: =[2]QC!I52 -> 230 | K46: =[2]QC!K52 -> ~ | L46: =[2]QC!L52 -> 0.875 | M46: =[2]QC!M52 -> 3 / RCX2434 | N46: =[2]QC!N52 -> 3 / RCX1534 | O46: =[2]QC!W52 -> 2248.7799 | P46: =[2]QC!X52 -> 2435.1458 | Q46: =[2]QC!AE52 -> 2797.9368 | R46: =[2]QC!AF52 -> 3032.8503
A47: =[2]QC!A53 -> QC010.1 | B47: =[2]QC!B53 -> CL402C3H | D47: =[2]QC!D53 -> MT44,ZB29,CS24,CR42 | E47: =[2]QC!E53 -> 27645.3 | F47: =[2]QC!F53 -> 8.1 | G47: =[2]QC!G53 -> 14 | H47: =[2]QC!H53 -> 2x400 | I47: =[2]QC!I53 -> 415 | K47: =[2]QC!K53 -> ~ | L47: =[2]QC!L53 -> 1.125 | M47: =[2]QC!M53 -> 3 / RCX2434 | N47: =[2]QC!N53 -> 3 / RCX1534 | O47: =[2]QC!W53 -> 2589.8403 | P47: =[2]QC!X53 -> 2764.4455 | Q47: =[2]QC!AE53 -> 3724.9408 | R47: =[2]QC!AF53 -> 3959.8544
A48: =[2]QC!A54 -> QC011 | B48: =[2]QC!B54 -> CL402C4H | D48: =[2]QC!D54 -> MT50,ZB29,CS27,cr47 | E48: =[2]QC!E54 -> 30400 | F48: =[2]QC!F54 -> 8.9071198 | G48: =[2]QC!G54 -> 14 | H48: =[2]QC!H54 -> 2x400 | I48: =[2]QC!I54 -> 415 | K48: =[2]QC!K54 -> ~ | L48: =[2]QC!L54 -> 1.125 | M48: =[2]QC!M54 -> 3 / RCX2434 | N48: =[2]QC!N54 -> 3 / RCX2034 | O48: =[2]QC!W54 -> 2903.1721 | P48: =[2]QC!X54 -> 3066.9728 | Q48: =[2]QC!AE54 -> 4027.4682 | R48: =[2]QC!AF54 -> 4262.3817
... A66: =[2]QC!A72 -> QC026 | B66: =[2]QC!B72 -> NT504S8H | D66: =[2]QC!D72 -> 6GE40Y | E66: =[2]QC!E72 -> 255000 | F66: =[2]QC!F72 -> 74.714328 | G66: =[2]QC!G72 -> 30 | H66: =[2]QC!H72 -> 4x500 | I66: =[2]QC!I72 -> 415 | K66: =[2]QC!K72 -> ~ | L66: =[2]QC!L72 -> 2.125 | M66: =[2]QC!M72 -> TEX12-5 / TJLE18HW | N66: =[2]QC!N72 -> TES12-7/TGES21 | O66: =[2]QC!W72 -> 19505.397 | P66: =[2]QC!X72 -> 20278.91 | Q66: =[2]QC!AE72 -> 21837.969 | R66: =[2]QC!AF72 -> 22520.188
A67: =[2]QC!A73 -> QC027 | B67: =[2]QC!B73 -> NT632T6 | C67: Blast frezzer -5'C ~-40'C (9/18mm Fin Spacing)EBM fan sets, water defrost available,hot gas defrost and heater defrost available | D67: =[2]QC!D73 -> S6H-20.2Y | E67: =[2]QC!E73 -> 53925.4 | F67: =[2]QC!F73 -> 15.8 | G67: =[2]QC!G73 -> 41 | H67: =[2]QC!H73 -> 2x630 | I67: =[2]QC!I73 -> 415 | J67: =[2]QC!J73 -> 10 | K67: =[2]QC!K73 -> 16.2 | ... N67: =[2]QC!N73 -> TES5-4 /SCX0957 | O67: =[2]QC!W73 -> 12913.654 | P67: =[2]QC!X73 -> 13668.329 | Q67: =[2]QC!AE73 -> 14923.165 | R67: =[2]QC!AF73 -> 15613.839
A68: =[2]QC!A74 -> QC028 | B68: =[2]QC!B74 -> NT632T8 | D68: =[2]QC!D74 -> S6G-25.2Y-S6F-30.2 | E68: =[2]QC!E74 -> 64164.4 | F68: =[2]QC!F74 -> 18.8 | G68: =[2]QC!G74 -> 41 | H68: =[2]QC!H74 -> 2x630 | I68: =[2]QC!I74 -> 415 | J68: =[2]QC!J74 -> 11 | K68: =[2]QC!K74 -> 16.2 | ... N68: =[2]QC!N74 -> TES12-5 -60c | O68: =[2]QC!W74 -> 15396.854 | P68: =[2]QC!X74 -> 16600.517 | Q68: =[2]QC!AE74 -> 17260.776 | R68: =[2]QC!AF74 -> 18372.837
A69: =[2]QC!A75 -> QC029 | B69: =[2]QC!B75 -> NT632T8L | D69: =[2]QC!D75 -> S6G-25.2Y-S6F-30.2 | E69: =[2]QC!E75 -> 70307.8 | F69: =[2]QC!F75 -> 20.6 | G69: =[2]QC!G75 -> 41 | H69: =[2]QC!H75 -> 2x630 | I69: =[2]QC!I75 -> 415 | J69: =[2]QC!J75 -> 11 | K69: =[2]QC!K75 -> 16.2 | ... N69: =[2]QC!N75 -> TES12-5 -60C | O69: =[2]QC!W75 -> 18587.72 | P69: =[2]QC!X75 -> 19777.598 | Q69: =[2]QC!AE75 -> 21231.494 | R69: =[2]QC!AF75 -> 22343.556
A70: =[2]QC!A76 -> QC030 | B70: =[2]QC!B76 -> NT802T8 | D70: =[2]QC!D76 -> S6F-30.2Y | E70: =[2]QC!E76 -> 78157.7 | F70: =[2]QC!F76 -> 22.9 | G70: =[2]QC!G76 -> 41 | H70: =[2]QC!H76 -> 2x800 | I70: =[2]QC!I76 -> 415 | J70: =[2]QC!J76 -> 11 | K70: =[2]QC!K76 -> 16.2 | ... N70: =[2]QC!N76 -> TES12-5 -60c | O70: =[2]QC!W76 -> 21441.299 | P70: =[2]QC!X76 -> 22644.963 | Q70: =[2]QC!AE76 -> 26103.895 | R70: =[2]QC!AF76 -> 27215.957
A71: =[2]QC!A77 -> QC031 | B71: =[2]QC!B77 -> NT802T8L | D71: =[2]QC!D77 -> S6H-20.2Y X 2 | E71: =[2]QC!E77 -> 105803 | F71: =[2]QC!F77 -> 31 | G71: =[2]QC!G77 -> 41 | H71: =[2]QC!H77 -> 2x800 | I71: =[2]QC!I77 -> 415 | J71: =[2]QC!J77 -> 11 | K71: =[2]QC!K77 -> 16.2 | ... N71: =[2]QC!N77 -> 0 | O71: =[2]QC!W77 -> 26193.87 | P71: =[2]QC!X77 -> 27383.748 | Q71: =[2]QC!AE77 -> 31586.741 | R71: =[2]QC!AF77 -> 32698.802
A72: =[2]QC!A78 -> QC031.1 | B72: =[2]QC!B78 -> NT803T8 | D72: =[2]QC!D78 -> S6F-30.2Y | E72: =[2]QC!E78 -> 128670.1 | F72: =[2]QC!F78 -> 37.7 | G72: =[2]QC!G78 -> 41 | H72: =[2]QC!H78 -> 3x800 | I72: =[2]QC!I78 -> 415 | J72: =[2]QC!J78 -> 11 | K72: =[2]QC!K78 -> 24.3 | ... N72: =[2]QC!N78 -> 0 | O72: =[2]QC!W78 -> 41887.282 | P72: =[2]QC!X78 -> 43090.946 | Q72: =[2]QC!AE78 -> 49867.465 | R72: =[2]QC!AF78 -> 50979.526
A73: =[2]QC!A79 -> QC031.2 | B73: =[2]QC!B79 -> NT633T6 | D73: =[2]QC!D79 -> S6F-30.2Y | E73: =[2]QC!E79 -> 81229.4 | F73: =[2]QC!F79 -> 23.8 | G73: =[2]QC!G79 -> 41 | H73: =[2]QC!H79 -> 3x630 | I73: =[2]QC!I79 -> 415 | J73: =[2]QC!J79 -> 10 | K73: =[2]QC!K79 -> 24.3 | ... N73: =[2]QC!N79 -> TES12-5 -60c | O73: =[2]QC!W79 -> 19565.217 | P73: =[2]QC!X79 -> 20768.881 | Q73: =[2]QC!AE79 -> 22609.761 | R73: =[2]QC!AF79 -> 23721.822
A74: =[2]QC!A80 -> QC031.3 | B74: =[2]QC!B80 -> NT633T8 | D74: =[2]QC!D80 -> S6F-30.2Y | E74: =[2]QC!E80 -> 98635.7 | F74: =[2]QC!F80 -> 28.9 | G74: =[2]QC!G80 -> 41 | H74: =[2]QC!H80 -> 3x630 | I74: =[2]QC!I80 -> 415 | J74: =[2]QC!J80 -> 11 | K74: =[2]QC!K80 -> 24.3 | ... N74: =[2]QC!N80 -> TES12 -60c -7 | O74: =[2]QC!W80 -> 24058.141 | P74: =[2]QC!X80 -> 25261.804 | Q74: =[2]QC!AE80 -> 26844.208 | R74: =[2]QC!AF80 -> 27956.269
A75: =[2]QC!A81 -> QC031.4 | B75: =[2]QC!B81 -> NT634T8 | D75: =[2]QC!D81 -> S6F-30.2Y X2 | E75: =[2]QC!E81 -> 0 | F75: =[2]QC!F81 -> 0 | G75: =[2]QC!G81 -> 0 | H75: =[2]QC!H81 -> 4x630 | I75: =[2]QC!I81 -> 415 | J75: =[2]QC!J81 -> 0 | K75: =[2]QC!K81 -> 0 | ... N75: =[2]QC!N81 -> TES12-5 -60c *2pcs | O75: =[2]QC!W81 -> 27795.031 | P75: =[2]QC!X81 -> 29848.215 | Q75: =[2]QC!AE81 -> 33326.98 | R75: =[2]QC!AF81 -> 35503.483
A76: =[2]QC!A82 -> QC031.5 | B76: =[2]QC!B82 -> NF634T6W | D76: =[2]QC!D82 -> S6H-20.2Y X 2 | E76: =[2]QC!E82 -> 0 | F76: =[2]QC!F82 -> 0 | G76: =[2]QC!G82 -> 0 | H76: =[2]QC!H82 -> 0 | I76: =[2]QC!I82 -> 0 | J76: =[2]QC!J82 -> 0 | K76: =[2]QC!K82 -> 0 | ... N76: =[2]QC!N82 -> 0 | O76: =[2]QC!W82 -> ~ | P76: =[2]QC!X82 -> ~ | Q76: =[2]QC!AE82 -> 0 | R76: =[2]QC!AF82 -> 0
A77: =[2]QC!A83 -> QC031.6 | B77: =[2]QC!B83 -> NF634T8W | D77: =[2]QC!D83 -> S6F-30.2Y X2 | E77: =[2]QC!E83 -> 0 | F77: =[2]QC!F83 -> 0 | G77: =[2]QC!G83 -> 0 | H77: =[2]QC!H83 -> 0 | I77: =[2]QC!I83 -> 0 | J77: =[2]QC!J83 -> 0 | K77: =[2]QC!K83 -> 0 | ... N77: =[2]QC!N83 -> 0 | O77: =[2]QC!W83 -> ~ | P77: =[2]QC!X83 -> ~ | Q77: =[2]QC!AE83 -> 0 | R77: =[2]QC!AF83 -> 0
A78: =[2]QC!A84 -> QC031.7 | B78: =[2]QC!B84 -> NF636T6W | D78: =[2]QC!D84 -> 0 | E78: =[2]QC!E84 -> 0 | F78: =[2]QC!F84 -> 46 | G78: =[2]QC!G84 -> 0 | H78: =[2]QC!H84 -> 6x630 | I78: =[2]QC!I84 -> 0 | J78: =[2]QC!J84 -> 0 | K78: =[2]QC!K84 -> 0 | ... N78: =[2]QC!N84 -> TES12-6 -60c *2pcs | O78: =[2]QC!W84 -> ~ | P78: =[2]QC!X84 -> ~ | Q78: =[2]QC!AE84 -> 44467.162 | R78: =[2]QC!AF84 -> 46643.666
A79: =[2]QC!A85 -> QC031.8 | B79: =[2]QC!B85 -> NF636T8W | D79: =[2]QC!D85 -> 0 | E79: =[2]QC!E85 -> 0 | F79: =[2]QC!F85 -> 56 | G79: =[2]QC!G85 -> 0 | H79: =[2]QC!H85 -> 6x630 | I79: =[2]QC!I85 -> 0 | J79: =[2]QC!J85 -> 0 | K79: =[2]QC!K85 -> 0 | ... N79: =[2]QC!N85 -> TES12-7 -60c *2pcs | O79: =[2]QC!W85 -> ~ | P79: =[2]QC!X85 -> ~ | Q79: =[2]QC!AE85 -> 52280.432 | R79: =[2]QC!AF85 -> 54456.936
A80: =[2]QC!A86 -> 0 | B80: =[2]QC!B86 -> NT804T8 | D80: =[2]QC!D86 -> S6F-30.2Y X2 | E80: =[2]QC!E86 -> 0 | F80: =[2]QC!F86 -> 0 | G80: =[2]QC!G86 -> 0 | H80: =[2]QC!H86 -> 4x800 | I80: =[2]QC!I86 -> 0 | J80: =[2]QC!J86 -> 0 | K80: =[2]QC!K86 -> 0 | ... N80: =[2]QC!N86 -> TES12-5 -60c *2pcs | O80: =[2]QC!W86 -> ~ | P80: =[2]QC!X86 -> ~ | Q80: =[2]QC!AE86 -> 37433.329 | R80: =[2]QC!AF86 -> 39609.833
A81: =[2]QC!A87 -> QC32 | B81: =[2]QC!B87 -> ND301C4 | C81: +0'C ~- 8'C (6mm Fin Spacing) usage for processing empty room with heater defrost c/w Axial fan sets | D81: =[2]QC!D87 -> MT22 -MT32 | E81: =[2]QC!E87 -> 15017.2 | F81: =[2]QC!F87 -> 4.4 | G81: =[2]QC!G87 -> 7 | H81: =[2]QC!H87 -> 1x300 | I81: =[2]QC!I87 -> 415 | K81: =[2]QC!K87 -> 1 | L81: =[2]QC!L87 -> ~ | M81: =[2]QC!M87 -> 2 / RCX1634 | N81: =[2]QC!N87 -> 2 / RCX1034 | O81: =[2]QC!W87 -> 1994.5384 | P81: =[2]QC!X87 -> 2258.4485 | Q81: =[2]QC!AE87 -> ~ | R81: =[2]QC!AF87 -> ~
A82: =[2]QC!A88 -> QC33 | B82: =[2]QC!B88 -> ND302C4 | D82: =[2]QC!D88 -> MT36 - MT50 | E82: =[2]QC!E88 -> 30034.4 | F82: =[2]QC!F88 -> 8.8 | G82: =[2]QC!G88 -> 7 | H82: =[2]QC!H88 -> 2x300 | I82: =[2]QC!I88 -> 415 | K82: =[2]QC!K88 -> 1.6 | L82: =[2]QC!L88 -> ~ | M82: =[2]QC!M88 -> 3 / RCX2434 | N82: =[2]QC!N88 -> 3 / RCX1534 | O82: =[2]QC!W88 -> 2884.7184 | P82: =[2]QC!X88 -> 3148.6284 | Q82: =[2]QC!AE88 -> ~ | R82: =[2]QC!AF88 -> ~
A83: =[2]QC!A89 -> QC34 | B83: =[2]QC!B89 -> ND303C4 | D83: =[2]QC!D89 -> MT64 | E83: =[2]QC!E89 -> 42321.2 | F83: =[2]QC!F89 -> 12.4 | G83: =[2]QC!G89 -> 7 | H83: =[2]QC!H89 -> 3x300 | I83: =[2]QC!I89 -> 415 | K83: =[2]QC!K89 -> 2.4 | L83: =[2]QC!L89 -> ~ | M83: =[2]QC!M89 -> 4 / RCX3134 | N83: =[2]QC!N89 -> 4 / RCX2034 | O83: =[2]QC!W89 -> 3707.9674 | P83: =[2]QC!X89 -> 3971.8775 | Q83: =[2]QC!AE89 -> ~ | R83: =[2]QC!AF89 -> ~
A84: =[2]QC!A90 -> 0 | B84: =[2]QC!B90 -> ND304C4 | D84: =[2]QC!D90 -> MT80 | E84: =[2]QC!E90 -> 55973.2 | F84: =[2]QC!F90 -> 16.4 | G84: =[2]QC!G90 -> 7 | H84: =[2]QC!H90 -> 4x300 | I84: =[2]QC!I90 -> 415 | K84: =[2]QC!K90 -> 3 | L84: =[2]QC!L90 -> ~ | M84: =[2]QC!M90 -> 5 / RCX4734 | N84: =[2]QC!N90 -> 5 / RCX3034 | O84: =[2]QC!W90 -> 5608.7599 | P84: =[2]QC!X90 -> 5916.1647 | Q84: =[2]QC!AE90 -> ~ | R84: =[2]QC!AF90 -> ~
A85: =[2]QC!A91 -> 0 | B85: =[2]QC!B91 -> ND305C4 | D85: =[2]QC!D91 -> MT100 | E85: =[2]QC!E91 -> 68942.6 | F85: =[2]QC!F91 -> 20.2 | G85: =[2]QC!G91 -> 7 | H85: =[2]QC!H91 -> 5x300 | I85: =[2]QC!I91 -> 415 | K85: =[2]QC!K91 -> 3.6 | L85: =[2]QC!L91 -> ~ | M85: =[2]QC!M91 -> 6 / TCLE5HW / SCX0645 | N85: =[2]QC!N91 -> 6 | O85: =[2]QC!W91 -> 7094.667 | P85: =[2]QC!X91 -> 7402.0717 | Q85: =[2]QC!AE91 -> ~ | R85: =[2]QC!AF91 -> ~
A86: =[2]QC!A92 -> 0 | B86: =[2]QC!B92 -> ND452C4 | C86: +0'C ~-8'C (6mm Fin Spacing) usage for processing empty room with heater defrost c/w Axial fan sets 6pole | D86: =[2]QC!D92 -> MT80 | E86: =[2]QC!E92 -> 34130 | F86: =[2]QC!F92 -> 10 | G86: =[2]QC!G92 -> 12 | H86: =[2]QC!H92 -> 2x450 | I86: =[2]QC!I92 -> 415 | K86: =[2]QC!K92 -> 7.2 | L86: =[2]QC!L92 -> ~ | M86: =[2]QC!M92 -> 0 | N86: =[2]QC!N92 -> 0 | O86: =[2]QC!W92 -> ~ | P86: =[2]QC!X92 -> ~ | Q86: =[2]QC!AE92 -> ~ | R86: =[2]QC!AF92 -> ~
A87: =[2]QC!A93 -> 0 | B87: =[2]QC!B93 -> ND452C6 | D87: =[2]QC!D93 -> MT100 - MT125 | E87: =[2]QC!E93 -> 40273.4 | F87: =[2]QC!F93 -> 11.8 | G87: =[2]QC!G93 -> 12 | H87: =[2]QC!H93 -> 2x450 | I87: =[2]QC!I93 -> 415 | K87: =[2]QC!K93 -> 7.2 | L87: =[2]QC!L93 -> ~ | M87: =[2]QC!M93 -> 0 | N87: =[2]QC!N93 -> 0 | O87: =[2]QC!W93 -> ~ | P87: =[2]QC!X93 -> ~ | Q87: =[2]QC!AE93 -> ~ | R87: =[2]QC!AF93 -> ~
A88: =[2]QC!A94 -> 0 | B88: =[2]QC!B94 -> ND453C4 | D88: =[2]QC!D94 -> MT144 - MT160 | E88: =[2]QC!E94 -> 50512.4 | F88: =[2]QC!F94 -> 14.8 | G88: =[2]QC!G94 -> 12 | H88: =[2]QC!H94 -> 3x450 | I88: =[2]QC!I94 -> 415 | K88: =[2]QC!K94 -> 10.8 | L88: =[2]QC!L94 -> ~ | M88: =[2]QC!M94 -> 0 | N88: =[2]QC!N94 -> 0 | O88: =[2]QC!W94 -> ~ | P88: =[2]QC!X94 -> ~ | Q88: =[2]QC!AE94 -> ~ | R88: =[2]QC!AF94 -> ~
A89: =[2]QC!A95 -> 0 | B89: =[2]QC!B95 -> ND453C6 | D89: =[2]QC!D95 -> 4PCS-15.2 | E89: =[2]QC!E95 -> 66212.2 | F89: =[2]QC!F95 -> 19.4 | G89: =[2]QC!G95 -> 12 | H89: =[2]QC!H95 -> 3x450 | I89: =[2]QC!I95 -> 415 | K89: =[2]QC!K95 -> 10.8 | L89: =[2]QC!L95 -> ~ | M89: =[2]QC!M95 -> 0 | N89: =[2]QC!N95 -> 0 | O89: =[2]QC!W95 -> ~ | P89: =[2]QC!X95 -> ~ | Q89: =[2]QC!AE95 -> ~ | R89: =[2]QC!AF95 -> ~
A90: =[2]QC!A96 -> 0 | B90: =[2]QC!B96 -> ND454C6 | D90: =[2]QC!D96 -> 4NCS-20.2 | E90: =[2]QC!E96 -> 84642.4 | F90: =[2]QC!F96 -> 24.8 | G90: =[2]QC!G96 -> 12 | H90: =[2]QC!H96 -> 4x450 | I90: =[2]QC!I96 -> 415 | K90: =[2]QC!K96 -> 14.4 | L90: =[2]QC!L96 -> ~ | M90: =[2]QC!M96 -> 0 | N90: =[2]QC!N96 -> 0 | O90: =[2]QC!W96 -> ~ | P90: =[2]QC!X96 -> ~ | Q90: =[2]QC!AE96 -> ~ | R90: =[2]QC!AF96 -> ~
A91: =[2]QC!A97 -> QC042 | B91: =[2]QC!B97 -> CL301R4C | C91: CHILLER +15'C ~ 0'C ( 4.5mm Fin Spacing) Unit blower with AXIAL FAN SETS W/O HEATER CW Coating | D91: =[2]QC!D97 -> MT18,KCJ484 | E91: =[2]QC!E97 -> 10900 | F91: =[2]QC!F97 -> 3.1936713 | G91: =[2]QC!G97 -> 9 | H91: =[2]QC!H97 -> 1x300 | I91: =[2]QC!I97 -> 230 | K91: =[2]QC!K97 -> 0 | L91: =[2]QC!L97 -> 0 | M91: =[2]QC!M97 -> 0 | N91: =[2]QC!N97 -> 0 | O91: =[2]QC!W97 -> 1446.0404 | P91: =[2]QC!X97 -> 1693.0808 | Q91: =[2]QC!AE97 -> 0 | R91: =[2]QC!AF97 -> 0
A92: =[2]QC!A98 -> QC043 | B92: =[2]QC!B98 -> CL302R3C | D92: =[2]QC!D98 -> MT22,CS11,zb15 | E92: =[2]QC!E98 -> 14600 | F92: =[2]QC!F98 -> 4.2777615 | G92: =[2]QC!G98 -> 9 | H92: =[2]QC!H98 -> 2x300 | I92: =[2]QC!I98 -> 230 | K92: =[2]QC!K98 -> 0 | L92: =[2]QC!L98 -> 0 | M92: =[2]QC!M98 -> 0 | N92: =[2]QC!N98 -> 0 | O92: =[2]QC!W98 -> ~ | P92: =[2]QC!X98 -> 0 | Q92: =[2]QC!AE98 -> 0 | R92: =[2]QC!AF98 -> 0
A93: =[2]QC!A99 -> QC044 | B93: =[2]QC!B99 -> CL302R4C | D93: =[2]QC!D99 -> MT32,ZB19,CS13 | E93: =[2]QC!E99 -> 18300 | F93: =[2]QC!F99 -> 5.3618517 | G93: =[2]QC!G99 -> 9 | H93: =[2]QC!H99 -> 2x300 | I93: =[2]QC!I99 -> 230 | K93: =[2]QC!K99 -> 0 | L93: =[2]QC!L99 -> 0 | M93: =[2]QC!M99 -> 0 | N93: =[2]QC!N99 -> 0 | O93: =[2]QC!W99 -> ~ | P93: =[2]QC!X99 -> 0 | Q93: =[2]QC!AE99 -> 0 | R93: =[2]QC!AF99 -> 0
A94: =[2]QC!A100 -> QC045 | B94: =[2]QC!B100 -> CL302R6C | D94: =[2]QC!D100 -> MT40,ZB21,CS17,CS20 | E94: =[2]QC!E100 -> 25800 | F94: =[2]QC!F100 -> 7.559332 | G94: =[2]QC!G100 -> 8 | H94: =[2]QC!H100 -> 2x300 | I94: =[2]QC!I100 -> 230 | K94: =[2]QC!K100 -> 0 | L94: =[2]QC!L100 -> 0 | M94: =[2]QC!M100 -> 0 | N94: =[2]QC!N100 -> 0 | O94: =[2]QC!W100 -> ~ | P94: =[2]QC!X100 -> 0 | Q94: =[2]QC!AE100 -> 0 | R94: =[2]QC!AF100 -> 0
A95: =[2]QC!A101 -> QC046 | B95: =[2]QC!B101 -> CL303R4C | D95: =[2]QC!D101 -> MT50,ZB29,CS27 | E95: =[2]QC!E101 -> 30400 | F95: =[2]QC!F101 -> 8.9071198 | G95: =[2]QC!G101 -> 9 | H95: =[2]QC!H101 -> 3x300 | I95: =[2]QC!I101 -> 230 | K95: =[2]QC!K101 -> 0 | L95: =[2]QC!L101 -> 0 | M95: =[2]QC!M101 -> 0 | N95: =[2]QC!N101 -> 0 | O95: =[2]QC!W101 -> 486.63487 | P95: =[2]QC!X101 -> 0 | Q95: =[2]QC!AE101 -> 0 | R95: =[2]QC!AF101 -> 0
A96: =[2]QC!A102 -> QC047 | B96: =[2]QC!B102 -> CL303R6C | D96: =[2]QC!D102 -> MT64,ZB38,CS33 | E96: =[2]QC!E102 -> 44800 | F96: =[2]QC!F102 -> 13.126282 | G96: =[2]QC!G102 -> 9 | H96: =[2]QC!H102 -> 3x300 | I96: =[2]QC!I102 -> 230 | K96: =[2]QC!K102 -> 0 | L96: =[2]QC!L102 -> 0 | M96: =[2]QC!M102 -> 0 | N96: =[2]QC!N102 -> 0 | O96: =[2]QC!W102 -> 3564.4965 | P96: =[2]QC!X102 -> 3738.4866 | Q96: =[2]QC!AE102 -> 0 | R96: =[2]QC!AF102 -> 0
A97: =[2]QC!A103 -> QC048 | B97: =[2]QC!B103 -> CL304R6C | D97: =[2]QC!D103 -> MT80,ZB45,CR72 | E97: =[2]QC!E103 -> 63600 | F97: =[2]QC!F103 -> 18.634632 | G97: =[2]QC!G103 -> 9 | H97: =[2]QC!H103 -> 4x300 | I97: =[2]QC!I103 -> 230 | K97: =[2]QC!K103 -> 0 | L97: =[2]QC!L103 -> 0 | M97: =[2]QC!M103 -> 0 | N97: =[2]QC!N103 -> 0 | O97: =[2]QC!W103 -> ~ | P97: =[2]QC!X103 -> 0 | Q97: =[2]QC!AE103 -> 0 | R97: =[2]QC!AF103 -> 0
A98: =[2]QC!A104 -> QC049 | B98: =[2]QC!B104 -> CL401R3C | D98: =[2]QC!D104 -> MT22,CS11 | E98: =[2]QC!E104 -> 10900 | F98: =[2]QC!F104 -> 3.1936713 | G98: =[2]QC!G104 -> 12 | H98: =[2]QC!H104 -> 1x400 | I98: =[2]QC!I104 -> 230 | K98: =[2]QC!K104 -> 0 | L98: =[2]QC!L104 -> 0 | M98: =[2]QC!M104 -> 0 | N98: =[2]QC!N104 -> 0 | O98: =[2]QC!W104 -> ~ | P98: =[2]QC!X104 -> 0 | Q98: =[2]QC!AE104 -> 0 | R98: =[2]QC!AF104 -> 0
A99: =[2]QC!A105 -> QC050 | B99: =[2]QC!B105 -> CL401R4C | D99: =[2]QC!D105 -> MT32,ZB15,CS13 | E99: =[2]QC!E105 -> 14600 | F99: =[2]QC!F105 -> 4.2777615 | G99: =[2]QC!G105 -> 12 | H99: =[2]QC!H105 -> 1x400 | I99: =[2]QC!I105 -> 230 | K99: =[2]QC!K105 -> 0 | L99: =[2]QC!L105 -> 0 | M99: =[2]QC!M105 -> 0 | N99: =[2]QC!N105 -> 0 | O99: =[2]QC!W105 -> 2087.9547 | P99: =[2]QC!X105 -> 2312.8602 | Q99: =[2]QC!AE105 -> 0 | R99: =[2]QC!AF105 -> 0
A100: =[2]QC!A106 -> QC051 | B100: =[2]QC!B106 -> CL401R5C | D100: =[2]QC!D106 -> MT36,ZB19,CS17 | E100: =[2]QC!E106 -> 18300 | F100: =[2]QC!F106 -> 5.3618517 | G100: =[2]QC!G106 -> 12 | H100: =[2]QC!H106 -> 1x400 | I100: =[2]QC!I106 -> 230 | K100: =[2]QC!K106 -> 0 | L100: =[2]QC!L106 -> 0 | M100: =[2]QC!M106 -> 0 | N100: =[2]QC!N106 -> 0 | O100: =[2]QC!W106 -> 2333.3518 | P100: =[2]QC!X106 -> 2549.7953 | Q100: =[2]QC!AE106 -> 0 | R100: =[2]QC!AF106 -> 0
A101: =[2]QC!A107 -> QC052 | B101: =[2]QC!B107 -> CL401R6C | D101: =[2]QC!D107 -> MT40,ZB21,CS20,CR42 | E101: =[2]QC!E107 -> 25800 | F101: =[2]QC!F107 -> 7.559332 | G101: =[2]QC!G107 -> 12 | H101: =[2]QC!H107 -> 1x400 | I101: =[2]QC!I107 -> 230 | K101: =[2]QC!K107 -> 0 | L101: =[2]QC!L107 -> 0 | M101: =[2]QC!M107 -> 0 | N101: =[2]QC!N107 -> 0 | O101: =[2]QC!W107 -> ~ | P101: =[2]QC!X107 -> 0 | Q101: =[2]QC!AE107 -> 0 | R101: =[2]QC!AF107 -> 0
A102: =[2]QC!A108 -> QC053 | B102: =[2]QC!B108 -> CL402R3C | D102: =[2]QC!D108 -> MT44,ZB29,CS24,CR42 | E102: =[2]QC!E108 -> 27645.3 | F102: =[2]QC!F108 -> 8.1 | G102: =[2]QC!G108 -> 14 | H102: =[2]QC!H108 -> 2x400 | I102: =[2]QC!I108 -> 415 | K102: =[2]QC!K108 -> 0 | L102: =[2]QC!L108 -> 0 | M102: =[2]QC!M108 -> 0 | N102: =[2]QC!N108 -> 0 | O102: =[2]QC!W108 -> 2899.0129 | P102: =[2]QC!X108 -> 3095.9508 | Q102: =[2]QC!AE108 -> 0 | R102: =[2]QC!AF108 -> 0
A103: =[2]QC!A109 -> QC054 | B103: =[2]QC!B109 -> CL402R4C | D103: =[2]QC!D109 -> MT50,ZB29,CS27,cr47 | E103: =[2]QC!E109 -> 30400 | F103: =[2]QC!F109 -> 8.9071198 | G103: =[2]QC!G109 -> 14 | H103: =[2]QC!H109 -> 2x400 | I103: =[2]QC!I109 -> 415 | K103: =[2]QC!K109 -> 0 | L103: =[2]QC!L109 -> 0 | M103: =[2]QC!M109 -> 0 | N103: =[2]QC!N109 -> 0 | O103: =[2]QC!W109 -> ~ | P103: =[2]QC!X109 -> 0 | Q103: =[2]QC!AE109 -> 0 | R103: =[2]QC!AF109 -> 0
... A105: =[2]QC!A111 -> QC056 | B105: =[2]QC!B111 -> CL402R6C | D105: =[2]QC!D111 -> MT80,ZB45,CR72 | E105: =[2]QC!E111 -> 63600 | F105: =[2]QC!F111 -> 18.634632 | G105: =[2]QC!G111 -> 14 | H105: =[2]QC!H111 -> 2x400 | I105: =[2]QC!I111 -> 415 | K105: =[2]QC!K111 -> 0 | L105: =[2]QC!L111 -> 0 | M105: =[2]QC!M111 -> 0 | N105: =[2]QC!N111 -> 0 | O105: =[2]QC!W111 -> 3852.8727 | P105: =[2]QC!X111 -> 4016.9188 | Q105: =[2]QC!AE111 -> 0 | R105: =[2]QC!AF111 -> 0
A106: =[2]QC!A112 -> QC066 | B106: =[2]QC!B112 -> CAE301C5N | C106: FREEZER - 5'C ~ - 25'C ( 6mm Fin Spacing) Unit blower with AXIAL FAN SETS | D106: =[2]QC!D112 -> MT18-MT22 | E106: =[2]QC!E112 -> 4095.6 | F106: =[2]QC!F112 -> 1.2 | G106: =[2]QC!G112 -> 8 | H106: =[2]QC!H112 -> 1x300 | I106: =[2]QC!I112 -> 230 | K106: =[2]QC!K112 -> 1 | L106: =[2]QC!L112 -> ~ | M106: =[2]QC!M112 -> 0 / RCX0834 | N106: =[2]QC!N112 -> 1 / RCX0834 | O106: =[2]QC!W112 -> 1211.1801 | P106: =[2]QC!X112 -> 1497.0595 | Q106: =[2]QC!AE112 -> ~ | R106: =[2]QC!AF112 -> ~
A107: =[2]QC!A113 -> QC067 | B107: =[2]QC!B113 -> CAE301C6N | D107: =[2]QC!D113 -> MT32 | E107: =[2]QC!E113 -> 5802.1 | F107: =[2]QC!F113 -> 1.7 | G107: =[2]QC!G113 -> 8 | H107: =[2]QC!H113 -> 1x300 | I107: =[2]QC!I113 -> 230 | K107: =[2]QC!K113 -> 1.5 | L107: =[2]QC!L113 -> ~ | M107: =[2]QC!M113 -> 1 / RCX1234 | N107: =[2]QC!N113 -> 1 / RCX0834 | O107: =[2]QC!W113 -> 1331.1688 | P107: =[2]QC!X113 -> 1614.9055 | Q107: =[2]QC!AE113 -> ~ | R107: =[2]QC!AF113 -> ~
A108: =[2]QC!A114 -> QC068 | B108: =[2]QC!B114 -> CAE302C4N | D108: =[2]QC!D114 -> MT36 | E108: =[2]QC!E114 -> 7508.6 | F108: =[2]QC!F114 -> 2.2 | G108: =[2]QC!G114 -> 10 | H108: =[2]QC!H114 -> 2x300 | I108: =[2]QC!I114 -> 230 | K108: =[2]QC!K114 -> 2 | L108: =[2]QC!L114 -> ~ | M108: =[2]QC!M114 -> 1 / RCX1234 | N108: =[2]QC!N114 -> 2 / RCX1034 | O108: =[2]QC!W114 -> 1897.2332 | P108: =[2]QC!X114 -> 2170.8616 | Q108: =[2]QC!AE114 -> ~ | R108: =[2]QC!AF114 -> ~
A109: =[2]QC!A115 -> QC069 | B109: =[2]QC!B115 -> CAE302C5N | D109: =[2]QC!D115 -> MT40 | E109: =[2]QC!E115 -> 8873.8 | F109: =[2]QC!F115 -> 2.6 | G109: =[2]QC!G115 -> 9 | H109: =[2]QC!H115 -> 2x300 | I109: =[2]QC!I115 -> 230 | K109: =[2]QC!K115 -> 2 | L109: =[2]QC!L115 -> ~ | M109: =[2]QC!M115 -> 2 / RCX1634 | N109: =[2]QC!N115 -> 3 / RCX1534 | O109: =[2]QC!W115 -> 2052.5127 | P109: =[2]QC!X115 -> 2323.3683 | Q109: =[2]QC!AE115 -> ~ | R109: =[2]QC!AF115 -> ~
A110: =[2]QC!A116 -> QC070 | B110: =[2]QC!B116 -> CAE302C6N | D110: =[2]QC!D116 -> MT50-MT64 | E110: =[2]QC!E116 -> 10580.3 | F110: =[2]QC!F116 -> 3.1 | G110: =[2]QC!G116 -> 9 | H110: =[2]QC!H116 -> 2x300 | I110: =[2]QC!I116 -> 230 | K110: =[2]QC!K116 -> 3 | L110: =[2]QC!L116 -> ~ | M110: =[2]QC!M116 -> 2 / RCX1634 | N110: =[2]QC!N116 -> 3 / RCX1534 | O110: =[2]QC!W116 -> 2207.7922 | P110: =[2]QC!X116 -> 2475.8749 | Q110: =[2]QC!AE116 -> ~ | R110: =[2]QC!AF116 -> ~
A111: =[2]QC!A117 -> QC071 | B111: =[2]QC!B117 -> CAE303C5N | D111: =[2]QC!D117 -> MT64 | E111: =[2]QC!E117 -> 12286.8 | F111: =[2]QC!F117 -> 3.6 | G111: =[2]QC!G117 -> 11 | H111: =[2]QC!H117 -> 3x300 | I111: =[2]QC!I117 -> 230 | K111: =[2]QC!K117 -> 3 | L111: =[2]QC!L117 -> ~ | M111: =[2]QC!M117 -> 3 / RCX2434 | N111: =[2]QC!N117 -> 4 / RCX2034 | O111: =[2]QC!W117 -> 2888.1988 | P111: =[2]QC!X117 -> 3144.1313 | Q111: =[2]QC!AE117 -> ~ | R111: =[2]QC!AF117 -> ~
A112: =[2]QC!A118 -> QC072 | B112: =[2]QC!B118 -> CAE303C6N | D112: =[2]QC!D118 -> MT80 | E112: =[2]QC!E118 -> 16723.7 | F112: =[2]QC!F118 -> 4.9 | G112: =[2]QC!G118 -> 10 | H112: =[2]QC!H118 -> 3x300 | I112: =[2]QC!I118 -> 230 | K112: =[2]QC!K118 -> 4.5 | L112: =[2]QC!L118 -> ~ | M112: =[2]QC!M118 -> 4 / RCX3134 | N112: =[2]QC!N118 -> 5 / RCX3034 | O112: =[2]QC!W118 -> 3197.3461 | P112: =[2]QC!X118 -> 3447.7582 | Q112: =[2]QC!AE118 -> ~ | R112: =[2]QC!AF118 -> ~
A113: =[2]QC!A119 -> QC073 | B113: =[2]QC!B119 -> CAE304C6N | D113: =[2]QC!D119 -> MT100 | E113: =[2]QC!E119 -> 18771.5 | F113: =[2]QC!F119 -> 5.5 | G113: =[2]QC!G119 -> 10 | H113: =[2]QC!H119 -> 4x300 | I113: =[2]QC!I119 -> 230 | K113: =[2]QC!K119 -> 5 | L113: =[2]QC!L119 -> 0 | M113: =[2]QC!M119 -> 5 / RCX4734 | N113: =[2]QC!N119 -> 6 / RCX3034 | O113: =[2]QC!W119 -> 3706.9452 | P113: =[2]QC!X119 -> 3963.2734 | Q113: =[2]QC!AE119 -> ~ | R113: =[2]QC!AF119 -> ~
A115: =[2]QC!A121 -> ITEM CODE | B115: =[2]QC!B121 -> SPEC | C115: =[2]QC!$E121 -> RM
A116: =[2]QC!A122 -> QC074 | B116: =[2]QC!B122 -> CL-LB-630(127)-301-401 DP HEATER | C116: =[2]QC!$E122 -> 111.80124
A117: =[2]QC!A123 -> QC075 | B117: =[2]QC!B123 -> CL-LB-990(127)-302 DP HEATER | C117: =[2]QC!$E123 -> 127.67426
A118: =[2]QC!A124 -> QC076 | B118: =[2]QC!B124 -> CL-LB-1170(127)-402 DP HEATER | C118: =[2]QC!$E124 -> 151.58237
A119: =[2]QC!A125 -> QC077 | B119: =[2]QC!B125 -> CL-LB-1410(127)-303 DP HEATER | C119: =[2]QC!$E125 -> 172.53278
A120: =[2]QC!A126 -> QC078 | B120: =[2]QC!B126 -> CL-LB-1710(127)-304-403 DP HEATER | C120: =[2]QC!$E126 -> 196.68737
A121: =[2]QC!A127 -> QC079 | B121: =[2]QC!B127 -> CL-LB-2070(127)-404 DP HEATER | C121: =[2]QC!$E127 -> 231.19393
A122: =[2]QC!A128 -> QC080 | B122: =[2]QC!B128 -> CL-LB-2730(127)-405 DP HEATER | C122: =[2]QC!$E128 -> 296.75638
A123: =[2]QC!A129 -> QC081 | B123: =[2]QC!B129 -> CL-L-680(127)-301-401 COIL HEATER | C123: =[2]QC!$E129 -> 103.51967
A124: =[2]QC!A130 -> QC082 | B124: =[2]QC!B130 -> CL-L-1065(127)-302 COIL HEATER | C124: =[2]QC!$E130 -> 120.77295
A125: =[2]QC!A131 -> QC083 | B125: =[2]QC!B131 -> CL-L-1220(127)-402 COIL HEATER | C125: =[2]QC!$E131 -> 134.57557
A126: =[2]QC!A132 -> QC084 | B126: =[2]QC!B132 -> CL-L-1460(127)-303 COIL HEATER | C126: =[2]QC!$E132 -> 165.63147
... A147: =[2]QC!A153 -> QC107 | B147: =[2]QC!B153 -> CAE304-L-2120(100)1.8kw COIL HEATER | C147: =[2]QC!$E153 -> 213.94065
...

Sheet Switch board
A1: =QC!A1 -> DATE :28.9.26
A8: ='[2]Switch board'!$A8 -> ITEM CODE | B8: ='[2]Switch board'!$B8 -> MODEL | C8: DESCRIPTION | D8: ( KW,HP,AMP) | E8: Packing per ctn | F8: ='[2]Switch board'!$I$8 -> RM | G8: Picture
A9: ='[2]Switch board'!$A9 -> SW001 | B9: ='[2]Switch board'!$B9 -> LC1N06 | C9: ORIGINAL SCNEIDER CONTACTOR | D9: 2.5 , 3 , 6 | E9: 36 | F9: ='[2]Switch board'!I9 -> 49.975012
A10: ='[2]Switch board'!$A10 -> SW002 | B10: ='[2]Switch board'!$B10 -> LC1N09 | D10: 4 , 5.5 , 9 | E10: 36 | F10: ='[2]Switch board'!I10 -> 61.657483
A11: ='[2]Switch board'!$A11 -> SW003 | B11: ='[2]Switch board'!$B11 -> LC1N12 | D11: 5.5 , 7.5 , 12 | E11: 36 | F11: ='[2]Switch board'!I11 -> 66.849692
A12: ='[2]Switch board'!$A12 -> SW004 | B12: ='[2]Switch board'!$B12 -> LC1N18 | D12: 7.5 , 10 , 18 | E12: 36 | F12: ='[2]Switch board'!I12 -> 83.075345
A13: ='[2]Switch board'!$A13 -> SW005 | B13: ='[2]Switch board'!$B13 -> LC1N25 | D13: 11 , 15 , 22 | E13: 36 | F13: ='[2]Switch board'!I13 -> 94.757816
A14: ='[2]Switch board'!$A14 -> SW006 | B14: ='[2]Switch board'!$B14 -> LC1N32 | D14: 15 , 20 , 32 | E14: 36 | F14: ='[2]Switch board'!I14 -> 120.71886
A15: ='[2]Switch board'!$A15 -> SW007 | B15: ='[2]Switch board'!$B15 -> LC1N38 | D15: 16 , 20 , 38 | E15: 34 | F15: ='[2]Switch board'!I15 -> 183.02537
A16: ='[2]Switch board'!$A16 -> SW008 | B16: ='[2]Switch board'!$B16 -> LC1E40 | D16: 18 , 25 , 40 | E16: 34 | F16: ='[2]Switch board'!I16 -> 223.26499
A17: ='[2]Switch board'!$A17 -> SW009 | B17: ='[2]Switch board'!$B17 -> LC1N50 | D17: 25 , 30 , 50 | E17: 34 | F17: ='[2]Switch board'!I17 -> 282.9754
A18: ='[2]Switch board'!$A18 -> SW010 | B18: ='[2]Switch board'!$B18 -> LC1N65 | D18: 30 , 35 , 65 | E18: 34 | F18: ='[2]Switch board'!I18 -> 359.56048
A19: ='[2]Switch board'!$A19 -> SW010.1 | B19: ='[2]Switch board'!$B19 -> LC1N80 | F19: ='[2]Switch board'!I19 -> 447.82803
A20: ='[2]Switch board'!$A20 -> SW010.2 | B20: ='[2]Switch board'!$B20 -> LC1N95 | F20: ='[2]Switch board'!I20 -> 611.38262
A21: ='[2]Switch board'!$A21 -> SW010.3 | B21: ='[2]Switch board'!$B21 -> LC1N120 | F21: ='[2]Switch board'!I21 -> 882.67555
A22: ='[2]Switch board'!$A22 -> SW011 | B22: ='[2]Switch board'!$B22 -> LRE05 (0.6-1) | C22: ORIGINAL SCNEIDER OVERLOAD | D22: 0.6 ~ 1 amp | E22: 33 | F22: ='[2]Switch board'!I22 -> 49.975012
A23: ='[2]Switch board'!$A23 -> SW012 | B23: ='[2]Switch board'!$B23 -> LRE06 1-1.6 | D23: 1 ~ 1.6 amp | E23: 33 | F23: ='[2]Switch board'!I23 -> 49.975012
A24: ='[2]Switch board'!$A24 -> SW013 | B24: ='[2]Switch board'!$B24 -> LRE07 1.6-2.5 | D24: 1.6 ~ 2.5 amp | E24: 33 | F24: ='[2]Switch board'!I24 -> 49.975012
A25: ='[2]Switch board'!$A25 -> SW014 | B25: ='[2]Switch board'!$B25 -> LRE08 2.5-4 | D25: 2.5 ~ 4 amp | E25: 33 | F25: ='[2]Switch board'!I25 -> 49.975012
A26: ='[2]Switch board'!$A26 -> SW015 | B26: ='[2]Switch board'!$B26 -> LRE10 4-6 | D26: 4 ~ 6 amp | E26: 33 | F26: ='[2]Switch board'!I26 -> 49.975012
A27: ='[2]Switch board'!$A27 -> SW016 | B27: ='[2]Switch board'!$B27 -> LRE12 5.5-8 | D27: 5.5 ~ 8 amp | E27: 33 | F27: ='[2]Switch board'!I27 -> 49.975012
A28: ='[2]Switch board'!$A28 -> SW017 | B28: ='[2]Switch board'!$B28 -> LRE14 7-10 | D28: 7 ~ 10 amp | E28: 33 | F28: ='[2]Switch board'!I28 -> 49.975012
A29: ='[2]Switch board'!$A29 -> SW018 | B29: ='[2]Switch board'!$B29 -> LRE16 9-13 | D29: 9 ~ 13 amp | E29: 33 | F29: ='[2]Switch board'!I29 -> 49.975012
A30: ='[2]Switch board'!$A30 -> SW019 | B30: ='[2]Switch board'!$B30 -> LRE21 12-18 | D30: 12 ~ 18 amp | E30: 33 | F30: ='[2]Switch board'!I30 -> 58.412352
A31: ='[2]Switch board'!$A31 -> SW020 | B31: ='[2]Switch board'!$B31 -> LRE22 16-24 | D31: 16 ~ 24 amp | E31: 33 | F31: ='[2]Switch board'!I31 -> 64.253587
A32: ='[2]Switch board'!$A32 -> SW021 | B32: ='[2]Switch board'!$B32 -> LRE32 23-32 | D32: 23 ~ 32 amp | E32: 33 | F32: ='[2]Switch board'!I32 -> 70.743849
A33: ='[2]Switch board'!$A33 -> SW022 | B33: ='[2]Switch board'!$B33 -> LRE35 30-38 | D33: 30 ~ 38 amp | E33: 33 | F33: ='[2]Switch board'!I33 -> 70.743849
A34: ='[2]Switch board'!$A34 -> SW022.1 | B34: ='[2]Switch board'!$B34 -> LRE37-50 | D34: 37 ~ 50 amp | F34: ='[2]Switch board'!I34 -> 141.4877
A35: ='[2]Switch board'!$A35 -> SW022.2 | B35: ='[2]Switch board'!$B35 -> LRE48-65 | D35: 48 ~ 65 amp | F35: ='[2]Switch board'!I35 -> 168.7468
A36: ='[2]Switch board'!$A36 -> SW022.3 | B36: ='[2]Switch board'!$B36 -> LRE55-70 | D36: 55 ~ 70 amp | F36: ='[2]Switch board'!I36 -> 173.939
A37: ='[2]Switch board'!$A37 -> SW023 | B37: ='[2]Switch board'!$B37 -> LC1D09 | C37: ORIGINAL NEW SERIES SCNEIDER CONTACTOR | D37: 4 , 5.5 , 9 | F37: ='[2]Switch board'!I37 -> 49.975012
A38: ='[2]Switch board'!$A38 -> SW024 | B38: ='[2]Switch board'!$B38 -> LC1D12 | D38: 5.5 , 7.5 , 12 | F38: ='[2]Switch board'!I38 -> 54.734537
A39: ='[2]Switch board'!$A39 -> SW025 | B39: ='[2]Switch board'!$B39 -> LC1D18 | D39: 7.5 , 10 , 18 | F39: ='[2]Switch board'!I39 -> 71.392875
A40: ='[2]Switch board'!$A40 -> SW026 | B40: ='[2]Switch board'!$B40 -> LC1D25 | D40: 11 , 15 , 22 | F40: ='[2]Switch board'!I40 -> 80.911925
A41: ='[2]Switch board'!$A41 -> SW027 | B41: ='[2]Switch board'!$B41 -> LC1D32 | D41: 15 , 20 , 32 | F41: ='[2]Switch board'!I41 -> 113.03872
A42: ='[2]Switch board'!$A42 -> SW028 | B42: ='[2]Switch board'!$B42 -> LC1D38 | D42: 20 ,25 , 38 | F42: ='[2]Switch board'!I42 -> 128.50717
A43: ='[2]Switch board'!$A43 -> SW029 | B43: ='[2]Switch board'!$B43 -> LC1D40 | D43: 25 ,30 , 40 | F43: ='[2]Switch board'!I43 -> 154.68456
A44: ='[2]Switch board'!$A44 -> SW029.1 | B44: ='[2]Switch board'!$B44 -> LC1D50 | D44: 30 , 40 , 50 | F44: ='[2]Switch board'!I44 -> 208.22922
A45: ='[2]Switch board'!$A45 -> SW029.2 | B45: ='[2]Switch board'!$B45 -> LC1D65 | D45: 40 , 55 , 65 | F45: ='[2]Switch board'!I45 -> 261.77387
A46: ='[2]Switch board'!$A46 -> SW030 | B46: ='[2]Switch board'!$B46 -> LRD06 1-1.6 | C46: ORIGINAL NEW SERIES SCNEIDER OVERLOAD | D46: 1 ~ 1.6 amp | F46: ='[2]Switch board'!I46 -> 70.202994
A47: ='[2]Switch board'!$A47 -> SW031 | B47: ='[2]Switch board'!$B47 -> LRD07 1.6-2.5 | D47: 1.6 ~ 2.5 amp | F47: ='[2]Switch board'!I47 -> 71.392875
A48: ='[2]Switch board'!$A48 -> SW032 | B48: ='[2]Switch board'!$B48 -> LRD08 2.5-4 | D48: 2.5 ~ 4 amp | F48: ='[2]Switch board'!I48 -> 71.392875
A49: ='[2]Switch board'!$A49 -> SW033 | B49: ='[2]Switch board'!$B49 -> LRD10 4-6 | D49: 4 ~ 6 amp | F49: ='[2]Switch board'!I49 -> 71.392875
A50: ='[2]Switch board'!$A50 -> SW034 | B50: ='[2]Switch board'!$B50 -> LRD12 5.5-8 | D50: 5.5 ~ 8 amp | F50: ='[2]Switch board'!I50 -> 71.392875
A51: ='[2]Switch board'!$A51 -> SW035 | B51: ='[2]Switch board'!$B51 -> LRD14 7-10 | D51: 7 ~ 10 amp | F51: ='[2]Switch board'!I51 -> 71.392875
A52: ='[2]Switch board'!$A52 -> SW036 | B52: ='[2]Switch board'!$B52 -> LRD16 9-13 | D52: 9 ~ 13 amp | F52: ='[2]Switch board'!I52 -> 71.392875
A53: ='[2]Switch board'!$A53 -> SW036.1 | B53: ='[2]Switch board'!$B53 -> LRD18 | F53: ='[2]Switch board'!I53 -> 77.342281
A54: ='[2]Switch board'!$A54 -> SW037 | B54: ='[2]Switch board'!$B54 -> LRD21 12-18 | D54: 12 ~ 18 amp | F54: ='[2]Switch board'!I54 -> 77.342281
A55: ='[2]Switch board'!$A55 -> SW038 | B55: ='[2]Switch board'!$B55 -> LRD22 16-24 | D55: 16 ~ 24 amp | F55: ='[2]Switch board'!I55 -> 77.342281
A56: ='[2]Switch board'!$A56 -> SW039 | B56: ='[2]Switch board'!$B56 -> LRD32 23-32 | D56: 23 ~ 32 amp | F56: ='[2]Switch board'!I56 -> 83.291687
A57: ='[2]Switch board'!$A57 -> SW040 | B57: ='[2]Switch board'!$B57 -> LRD35 30-38 | D57: 30 ~ 38 amp | F57: ='[2]Switch board'!I57 -> 83.291687
A58: ='[2]Switch board'!$A58 -> SW041 | B58: ='[2]Switch board'!$B58 -> LRD340 | D58: 30 ~ 40 amp | F58: ='[2]Switch board'!I58 -> 136.83634
A59: ='[2]Switch board'!$A59 -> SW041.1 | B59: ='[2]Switch board'!$B59 -> LRD350 | D59: 37 ~ 50 amp | F59: ='[2]Switch board'!I59 -> 136.83634
A60: ='[2]Switch board'!$A60 -> SW041.2 | B60: ='[2]Switch board'!$B60 -> LRD365 | D60: 48 ~ 65 amp | F60: ='[2]Switch board'!I60 -> 160.63397
A61: ='[2]Switch board'!$A61 -> SW041.3 | B61: ='[2]Switch board'!$B61 -> SC-0 | C61: SW-0/3H | D61: 12 | F61: ='[2]Switch board'!I61 -> 85.67145
A62: ='[2]Switch board'!$A62 -> SW041.4 | B62: ='[2]Switch board'!$B62 -> SC-4-0 | C62: SW-4-0/3H | D62: 16 | F62: ='[2]Switch board'!I62 -> 101.13991
A63: ='[2]Switch board'!$A63 -> SW041.5 | B63: ='[2]Switch board'!$B63 -> SC-4-1 | C63: SW-4-1/3H | D63: 22 | F63: ='[2]Switch board'!I63 -> 141.59587
A64: ='[2]Switch board'!$A64 -> SW041.6 | B64: ='[2]Switch board'!$B64 -> SC-N1 | C64: SW-N1/3H | D64: 32 | F64: ='[2]Switch board'!I64 -> 215.36851
A65: ='[2]Switch board'!$A65 -> SW041.7 | B65: ='[2]Switch board'!$B65 -> SC-N2 | C65: SW-N2/3H | D65: 40 | F65: ='[2]Switch board'!I65 -> 295.09055
A66: ='[2]Switch board'!$A66 -> SW041.8 | B66: ='[2]Switch board'!$B66 -> SC-N2S | C66: SW-N2S/3H | D66: 50 | F66: ='[2]Switch board'!I66 -> 356.96437
A67: ='[2]Switch board'!$A67 -> SW041.9 | B67: ='[2]Switch board'!$B67 -> SC-N4 | C67: SW-N4/3H | D67: 80 | F67: ='[2]Switch board'!I67 -> 644.91564
A68: ='[2]Switch board'!$A68 -> SW041.10 | B68: ='[2]Switch board'!$B68 -> SC-N5 | C68: SW-N4/3H | D68: 81 | F68: ='[2]Switch board'!I68 -> 0
A69: ='[2]Switch board'!$A69 -> SW041.11 | B69: ='[2]Switch board'!$B69 -> SC-N6 | C69: SW-N4/3H | D69: 82 | F69: ='[2]Switch board'!I69 -> 0
A70: ='[2]Switch board'!$A70 -> SW041.12 | B70: ='[2]Switch board'!$B70 -> SC-N7 | C70: SW-N4/3H | D70: 83 | F70: ='[2]Switch board'!I70 -> 0
A71: ='[2]Switch board'!$A71 -> SW041.13 | B71: ='[2]Switch board'!$B71 -> SC-N8 | C71: SW-N8/3H | D71: 180 | F71: ='[2]Switch board'!I71 -> 1642.0361
A72: ='[2]Switch board'!$A72 -> SW041.14 | B72: ='[2]Switch board'!$B72 -> SC-N10 | D72: 220 | F72: ='[2]Switch board'!I72 -> 2123.938
A73: ='[2]Switch board'!$A73 -> SW041.15 | B73: ='[2]Switch board'!$B73 -> SC-N11 | C73: SW-N11/3H | D73: 300 | F73: ='[2]Switch board'!I73 -> 3331.6675
A74: ='[2]Switch board'!$A74 -> SW041.16 | B74: ='[2]Switch board'!$B74 -> TR-0N/3 | C74: FUJI OVERLOAD | D74: TK-0N | F74: ='[2]Switch board'!I74 -> 78.532162
A75: ='[2]Switch board'!$A75 -> SW041.17 | B75: ='[2]Switch board'!$B75 -> TR-5-1N/3 | D75: TK-5-1N | F75: ='[2]Switch board'!I75 -> 85.67145
A76: ='[2]Switch board'!$A76 -> SW041.18 | B76: ='[2]Switch board'!$B76 -> TR-N2/3 | D76: TK-N2 | F76: ='[2]Switch board'!I76 -> 101.13991
A77: ='[2]Switch board'!$A77 -> SW041.19 | B77: ='[2]Switch board'!$B77 -> TR-N3/3 | D77: TK-N3 | F77: ='[2]Switch board'!I77 -> 136.83634
A78: ='[2]Switch board'!$A78 -> SW041.20 | B78: ='[2]Switch board'!$B78 -> TR-N5/3 | D78: TK-N5 | F78: ='[2]Switch board'!I78 -> 261.77387
A79: ='[2]Switch board'!$A79 -> SW041.21 | B79: ='[2]Switch board'!$B79 -> TR-N12/3 | D79: TK-N12 | F79: ='[2]Switch board'!I79 -> 1025
A80: ='[2]Switch board'!$A80 -> 0 | B80: ='[2]Switch board'!$B80 -> SB70G2.2 | C80: INVERTER 415v/3ph | D80: 5.5 (A) | F80: ='[2]Switch board'!I80 -> 1011.7759
A81: ='[2]Switch board'!$A81 -> 0 | B81: ='[2]Switch board'!$B81 -> SB70G4 | D81: 9.7 (A) | F81: ='[2]Switch board'!I81 -> 1062.3647
A82: ='[2]Switch board'!$A82 -> 0 | B82: ='[2]Switch board'!$B82 -> SB70G5.5 | D82: 13 (A) | F82: ='[2]Switch board'!I82 -> 1618.8415
A83: ='[2]Switch board'!$A83 -> SW042 | B83: ='[2]Switch board'!$B83 -> SB70G7.5 | D83: 18(A) | E83: 4ves7y | F83: ='[2]Switch board'!I83 -> 2023.5519
A84: ='[2]Switch board'!$A84 -> SW043 | B84: ='[2]Switch board'!$B84 -> SB70G11 | D84: 24(A) | E84: 4tes9y,4pes12y | F84: ='[2]Switch board'!I84 -> 2248.391
A85: ='[2]Switch board'!$A85 -> SW044 | B85: ='[2]Switch board'!$B85 -> SB70G15 | D85: 30(A) | E85: 4nes14y | F85: ='[2]Switch board'!I85 -> 3035.3278
A86: ='[2]Switch board'!$A86 -> SW045 | B86: ='[2]Switch board'!$B86 -> SB70G18.5 | D86: 38(A) | E86: 4he18y | F86: ='[2]Switch board'!I86 -> 3485.006
A87: ='[2]Switch board'!$A87 -> SW046 | B87: ='[2]Switch board'!$B87 -> SB70G22 | D87: 45(A) | E87: 4ge23y | F87: ='[2]Switch board'!I87 -> 3822.2647
A88: ='[2]Switch board'!$A88 -> SW047 | B88: ='[2]Switch board'!$B88 -> SB70G30 | D88: 60(A) | E88: 6he28y | F88: ='[2]Switch board'!I88 -> 3934.6842
A89: ='[2]Switch board'!$A89 -> SW048 | B89: ='[2]Switch board'!$B89 -> SB70G37 | D89: 75(A) | E89: 6ge34y | F89: ='[2]Switch board'!I89 -> 5339.9286
A90: ='[2]Switch board'!$A90 -> SW049 | B90: ='[2]Switch board'!$B90 -> SB70G45 | D90: 91(A) | E90: 6fe44y | F90: ='[2]Switch board'!I90 -> 6520.3339
A91: ='[2]Switch board'!$A91 -> SW049.1 | B91: ='[2]Switch board'!$B91 -> SB70G55 | D91: 112(A) | E91: 1128 | F91: ='[2]Switch board'!I91 -> 7869.3685
A92: ='[2]Switch board'!$A92 -> SW049.2 | B92: ='[2]Switch board'!$B92 -> SB70G75 | D92: 150(A) | E92: 1451 | F92: ='[2]Switch board'!I92 -> 10473.755
A93: ='[2]Switch board'!$A93 -> SW049.3 | B93: ='[2]Switch board'!$B93 -> SB70G90 | D93: 176(A) | E93: 1719 | F93: ='[2]Switch board'!I93 -> 13153.087
A94: ='[2]Switch board'!$A94 -> SW049.4 | B94: ='[2]Switch board'!$B94 -> SB70G110 | D94: 210(A) | E94: 1890 | F94: ='[2]Switch board'!I94 -> 0
A95: ='[2]Switch board'!$A95 -> SW049.5 | B95: ='[2]Switch board'!$B95 -> SB70G132 | D95: 253(A) | F95: ='[2]Switch board'!I95 -> 19486.055
A96: ='[2]Switch board'!$A96 -> SW049.6 | B96: ='[2]Switch board'!$B96 -> SB70G160 | D96: 304(A) | F96: ='[2]Switch board'!I96 -> 0
A97: ='[2]Switch board'!$A97 -> SW049.7 | B97: ='[2]Switch board'!$B97 -> SB70G200 | D97: 377(A) | F97: ='[2]Switch board'!I97 -> 0
A98: ='[2]Switch board'!$A98 -> 0 | B98: ='[2]Switch board'!$B98 -> GMC-40-11 (OFFER) | C98: LS CONTACTOR | D98: 18.5 , 25 , 40 | F98: ='[2]Switch board'!I98 -> 95.082816
A99: ='[2]Switch board'!$A99 -> 0 | B99: ='[2]Switch board'!$B99 -> GMC-50-11 (OFFER) | D99: 22 , 30 , 50 | F99: ='[2]Switch board'!I99 -> 134.36853
A100: ='[2]Switch board'!$A100 -> SW050 | B100: ='[2]Switch board'!$B100 -> LANN11N (1open ,1close) | C100: Auxillary contact | F100: ='[2]Switch board'!I100 -> 13.048698
A101: ='[2]Switch board'!$A101 -> SW051 | B101: ='[2]Switch board'!$B101 -> LANN22N (2open ,2close) | C101: Auxillary contact | F101: ='[2]Switch board'!I101 -> 24.357569
A102: ='[2]Switch board'!$A102 -> SW051.1 | B102: ='[2]Switch board'!$B102 -> SZ-A11 fuji auxillary contact | F102: ='[2]Switch board'!I102 -> 24.357569
A103: ='[2]Switch board'!$A103 -> SW051.2 | B103: ='[2]Switch board'!$B103 -> NXC-0.9M/4 220V Small contactor chnt | F103: ='[2]Switch board'!I103 -> 34.100597
A104: ='[2]Switch board'!$A104 -> SW052 | B104: ='[2]Switch board'!$B104 -> ABB RELAY MY4NJ (24VDC) | C104: MY4NJ | F104: ='[2]Switch board'!I104 -> 34.506556
A105: ='[2]Switch board'!$A105 -> SW052.1 | B105: ='[2]Switch board'!$B105 -> ABB RELAY MY4NJ (230VAC) | F105: ='[2]Switch board'!I105 -> 40.257649
A106: ='[2]Switch board'!$A106 -> SW053 | B106: ='[2]Switch board'!$B106 -> CKC AH3-3(1S) C/W base | C106: CKC TIMER | F106: ='[2]Switch board'!I106 -> 30.446961
...

Sheet ALUMINIUM PLATE
A1: ='Switch board'!A1 -> DATE :28.9.26
A8: ='[2]aluminium plate'!$A9 -> ITEM | B8: ='[2]aluminium plate'!$B9 -> SIZE | C8: ='[2]aluminium plate'!C9 -> DESCRIPTION | D8: ='[2]aluminium plate'!J9 -> (RM) | E8: picture
A9: ='[2]aluminium plate'!$A12 -> AL001 | B9: ='[2]aluminium plate'!$B12 -> 96" (l) X 40" (w) ALUMINIUM PLATE | C9: ='[2]aluminium plate'!C12 -> 40" X 96" ALUMINIUM PLATE | D9: ='[2]aluminium plate'!J12 -> 2186.4615
A10: ='[2]aluminium plate'!$A13 -> AL002 | B10: ='[2]aluminium plate'!$B13 -> 96" (l) X 20" (w) ALUMINIUM PLATE | C10: ='[2]aluminium plate'!C13 -> 20" X 96" ALUMINIUM PLATE | D10: ='[2]aluminium plate'!J13 -> 1247.0769
A11: ='[2]aluminium plate'!$A14 -> AL003 | B11: ='[2]aluminium plate'!$B14 -> 43" (l) X 30" (w) ALUMINIUM PLATE | C11: ='[2]aluminium plate'!C14 -> 30" X 43" ALUMINIUM PLATE | D11: ='[2]aluminium plate'!J14 -> 1018.4169
A12: ='[2]aluminium plate'!$A15 -> AL004 | B12: ='[2]aluminium plate'!$B15 -> 67" (l)X 30" (w) ALUMINIUM PLATE | C12: ='[2]aluminium plate'!C15 -> 30" X 67" ALUMINIUM PLATE | D12: ='[2]aluminium plate'!J15 -> 1366.7492
A13: ='[2]aluminium plate'!$A16 -> 0 | B13: ='[2]aluminium plate'!$B16 -> SEMI CONTACT FREZZER 300KGS | C13: ='[2]aluminium plate'!C16 -> 7TRAY,8PCS PLATE (30" x 43") | D13: ='[2]aluminium plate'!J16 -> 22007.537
A14: ='[2]aluminium plate'!$A17 -> 0 | B14: ='[2]aluminium plate'!$B17 -> SEMI CONTACT FREZZER 400KGS | C14: ='[2]aluminium plate'!C17 -> 9TRAY,10PCS PLATE (30" x 43") | D14: ='[2]aluminium plate'!J17 -> 25042.104
A15: ='[2]aluminium plate'!$A18 -> 0 | B15: ='[2]aluminium plate'!$B18 -> SEMI CONTACT FREZZER 500KGS | C15: ='[2]aluminium plate'!C18 -> 11TRAY,12PCS PLATE (30" x 43") | D15: ='[2]aluminium plate'!J18 -> 28692.056
A16: ='[2]aluminium plate'!$A19 -> 0 | B16: ='[2]aluminium plate'!$B19 -> SEMI CONTACT FREZZER 800KGS | C16: ='[2]aluminium plate'!C19 -> 11TRAY,12PCS PLATE (30" x 67") | D16: ='[2]aluminium plate'!J19 -> 35032.311
A17: ='[2]aluminium plate'!$A20 -> 0 | B17: ='[2]aluminium plate'!$B20 -> SEMI CONTACT FREZZER 1500KGS | C17: ='[2]aluminium plate'!C20 -> 12TRAY ,13PCS PLATE (40" x 96") 144pcs ice tray 14"*17" | D17: ='[2]aluminium plate'!J20 -> 52220.903
A18: ='[2]aluminium plate'!$A21 -> AL005.3 | B18: ='[2]aluminium plate'!$B21 -> SEMI CONTACT FREZZER 300KGS COMPLETE SET (7racks) | C18: ='[2]aluminium plate'!C21 -> 1SET ZFI36 Copeland C/W CU125QC (8hp) | D18: ='[2]aluminium plate'!J21 -> 43817.595
A19: ='[2]aluminium plate'!$A22 -> AL005.4 | B19: ='[2]aluminium plate'!$B22 -> SEMI CONTACT FREZZER 400KGS COMPLETE SET (9racks) | C19: ='[2]aluminium plate'!C22 -> 1SET ZFI39 Copeland C/W CU144QC (10hp) | D19: ='[2]aluminium plate'!J22 -> 49247.535
A20: ='[2]aluminium plate'!$A23 -> AL006 | B20: ='[2]aluminium plate'!$B23 -> SEMI CONTACT FREZZER 500KGS COMPLETE SET (11racks) | C20: ='[2]aluminium plate'!C23 -> ZFI50 COPELAND (12hp) C/W CU160QC | D20: ='[2]aluminium plate'!J23 -> 55421.66
... A25: ='[2]aluminium plate'!$A28 -> AL009 | B25: ='[2]aluminium plate'!$B28 -> 110102 S/STEEL RACK 15TIER (150kgs)(466L*620W*1710H)80mm | C25: ='[2]aluminium plate'!C28 -> 0 | D25: ='[2]aluminium plate'!J28 -> 573.87057
A26: ='[2]aluminium plate'!$A29 -> AL010 | B26: ='[2]aluminium plate'!$B29 -> 110202 S/STEEL RACK 16TIER(160kgs) (466L*620W*1710H)80mm | D26: ='[2]aluminium plate'!J29 -> 586.08059
A27: ='[2]aluminium plate'!$A30 -> AL011 | B27: ='[2]aluminium plate'!$B30 -> HLB1035 ALUMINIUM PAN WITH HOLE 60*40*2.8cm*1mm | D27: ='[2]aluminium plate'!J30 -> 33.975686
A28: ='[2]aluminium plate'!$A31 -> AL011.1 | B28: ='[2]aluminium plate'!$B31 -> HLB3041 S/STELL 304 PAN WITH HOLE 60*40*2.5cm*1mm | C28: ='[2]aluminium plate'!C31 -> 0 | D28: ='[2]aluminium plate'!J31 -> 50.963529
A29: ='[2]aluminium plate'!$A32 -> AL011.2 | B29: ='[2]aluminium plate'!$B32 -> HLB1031 ALUMINIUM PAN 60*40*2.8cm*1mm | D29: ='[2]aluminium plate'!J32 -> 33.975686
A30: ='[2]aluminium plate'!$A33 -> AL012 | B30: ='[2]aluminium plate'!$B33 -> HLB1040 ALUMINIUM PAN 46*33*2.7CM | D30: ='[2]aluminium plate'!J33 -> 23.358284
A31: ='[2]aluminium plate'!$A34 -> AL012.1 | B31: ='[2]aluminium plate'!$B34 -> HLB3040 S/STELL 304 PAN 60*40*2.5cm*1mm | D31: ='[2]aluminium plate'!J34 -> 50.432659
A33: *The aluminium plate is with 250psi internal to test leaking
A34: PRICE VALID : Ex-factory KL

Sheet ALL NEW COMP
A1: ='ALUMINIUM PLATE'!A1 -> DATE :28.9.26
T3: c/w contactor,solenoid valve,3ph relay protection,timer delay | U3: c/w contactor,overload,3ph relay,timer delay w/o solenoid valve | V3: w/o contactor acc,solenoid valve
A5: ='[2]ALL NEW COMP'!A8 -> ITEM CODE | B5: ='[2]ALL NEW COMP'!B8 -> MODEL | C5: BRAND | D5: HP | E5: High side / Low side copper pipe | F5: 1 pallet quantity | G5: BTU/HR AT 0c/ -25c | H5: ='[2]ALL NEW COMP'!$O8 -> RM | I5: ACC OF REF | J5: ='[1]ALL NEW COMP'!S8 -> CU QC MODEL | K5: ='[2]ALL NEW COMP'!W8 -> Condensing unit (RM) | L5: ='[2]ALL NEW COMP'!$AR$8 -> Model QC unit | M5: ='[2]ALL NEW COMP'!AT8 -> C/W Condenser sets BCU,TCU | N5: ='[2]ALL NEW COMP'!$AU8 -> BCU COST | O5: acc | P5: ='[2]ALL NEW COMP'!$AW8 -> ACC OF REF | Q5: ='[2]ALL NEW COMP'!$BB8 -> COST C/W BCU-00 | R5: ='[2]ALL NEW COMP'!AZ8 -> COST BCU Cond for coldroom (RM)-2 | S5: ='[2]ALL NEW COMP'!BA8 -> COST BCU Cond for showcase(RM)-1 | T5: ='[2]ALL NEW COMP'!BC8 -> BCU Condensing unit coldroom (RM)-02 | U5: ='[2]ALL NEW COMP'!BD8 -> BCU Condensing unit showcase(RM)-01 | V5: ='[2]ALL NEW COMP'!BE8 -> BCU Condensing unit normal (RM)-00 | W5: ='[1]ALL NEW COMP'!$AG8 -> HTC MODEL | X5: ='[2]ALL NEW COMP'!$BI8 -> HTC cond (RM) | Y5: PIC
A6: ='[2]ALL NEW COMP'!A9 -> ALL001 | B6: ='[2]ALL NEW COMP'!B9 -> MT18 MANEUROP COMP 1.5HP | C6: MANEUROP ORIGINAL NEW COMPRESSOR (R22) (15c ~ -25c) c/w service valve | D6: ='[2]ALL NEW COMP'!D9 -> 1.5 | E6: ='[2]ALL NEW COMP'!E9 -> (V01,06) | F6: ='[2]ALL NEW COMP'!F9 -> 0 | G6: ='[2]ALL NEW COMP'!G9 -> 0 | H6: ='[2]ALL NEW COMP'!O9 -> 1611.2381 | I6: Filter drier,sight glass,hand valve,hi-lo control,QC oil sep,suction acc and etc. | J6: ='[2]ALL NEW COMP'!T9 -> CU - 22 QC | K6: ='[2]ALL NEW COMP'!W9 -> 4006.6703
A7: ='[2]ALL NEW COMP'!A10 -> ALL001.1 | B7: ='[2]ALL NEW COMP'!B10 -> MT18 MANEUROP COMP 1.5HP (1ph) | D7: ='[2]ALL NEW COMP'!D10 -> 1.5 | E7: ='[2]ALL NEW COMP'!E10 -> (V01,06) | F7: ='[2]ALL NEW COMP'!F10 -> 0 | G7: ='[2]ALL NEW COMP'!G10 -> 0 | H7: ='[2]ALL NEW COMP'!O10 -> 1688.2949 | J7: ='[2]ALL NEW COMP'!T10 -> CU - 22 QC | K7: ='[2]ALL NEW COMP'!W10 -> 4135.7026
A8: ='[2]ALL NEW COMP'!A11 -> ALL002 | B8: ='[2]ALL NEW COMP'!B11 -> MT22 MANEUROP COMP 2HP (1ph) | D8: ='[2]ALL NEW COMP'!D11 -> 2 | E8: ='[2]ALL NEW COMP'!E11 -> (V01,06) | F8: ='[2]ALL NEW COMP'!F11 -> 24 | G8: ='[2]ALL NEW COMP'!G11 -> 3200 btu | H8: ='[2]ALL NEW COMP'!O11 -> 1901.0108 | J8: ='[2]ALL NEW COMP'!T11 -> CU - 32 QC | K8: ='[2]ALL NEW COMP'!W11 -> 4352.2127 | M8: ='[2]ALL NEW COMP'!AT11 -> 0 | N8: ='[2]ALL NEW COMP'!$AU11 -> 0 | P8: ='[2]ALL NEW COMP'!$AW11 -> 0 | Q8: ='[2]ALL NEW COMP'!$BB11 -> 0 | T8: ='[2]ALL NEW COMP'!BC11 -> 0 | U8: ='[2]ALL NEW COMP'!BD11 -> 0 | V8: ='[2]ALL NEW COMP'!BE11 -> 0 | W8: ='[2]ALL NEW COMP'!$BF11 -> 0 | X8: ='[2]ALL NEW COMP'!$BI11 -> 0
A9: ='[2]ALL NEW COMP'!A12 -> ALL003 | B9: ='[2]ALL NEW COMP'!B12 -> MT22 MANEUROP COMP 2HP | D9: ='[2]ALL NEW COMP'!D12 -> 2 | E9: ='[2]ALL NEW COMP'!E12 -> (V01,06) | F9: ='[2]ALL NEW COMP'!F12 -> 24 | G9: ='[2]ALL NEW COMP'!G12 -> 3200 btu | H9: ='[2]ALL NEW COMP'!O12 -> 2017.9805 | J9: ='[2]ALL NEW COMP'!T12 -> CU - 32 QC | K9: ='[2]ALL NEW COMP'!W12 -> 4465.4092 | M9: ='[2]ALL NEW COMP'!AT12 -> 0 | N9: ='[2]ALL NEW COMP'!$AU12 -> 0 | P9: ='[2]ALL NEW COMP'!$AW12 -> 0 | Q9: ='[2]ALL NEW COMP'!$BB12 -> 0 | T9: ='[2]ALL NEW COMP'!BC12 -> 0 | U9: ='[2]ALL NEW COMP'!BD12 -> 0 | V9: ='[2]ALL NEW COMP'!BE12 -> 0 | W9: ='[2]ALL NEW COMP'!$BF12 -> 0 | X9: ='[2]ALL NEW COMP'!$BI12 -> 0
A10: ='[2]ALL NEW COMP'!A13 -> ALL004 | B10: ='[2]ALL NEW COMP'!B13 -> MT28 MANEUROP COMP 2HP (1ph) | D10: ='[2]ALL NEW COMP'!D13 -> 2.3 | E10: ='[2]ALL NEW COMP'!E13 -> (V01,06) | F10: ='[2]ALL NEW COMP'!F13 -> 24 | G10: ='[2]ALL NEW COMP'!G13 -> 5768 btu | H10: ='[2]ALL NEW COMP'!O13 -> 2332.4016 | J10: ='[2]ALL NEW COMP'!T13 -> CU - 36 QC | K10: ='[2]ALL NEW COMP'!W13 -> 5135.3945 | M10: ='[2]ALL NEW COMP'!AT13 -> 0 | N10: ='[2]ALL NEW COMP'!$AU13 -> 0 | P10: ='[2]ALL NEW COMP'!$AW13 -> 0 | Q10: ='[2]ALL NEW COMP'!$BB13 -> 0 | T10: ='[2]ALL NEW COMP'!BC13 -> 0 | U10: ='[2]ALL NEW COMP'!BD13 -> 0 | V10: ='[2]ALL NEW COMP'!BE13 -> 0 | W10: ='[2]ALL NEW COMP'!$BF13 -> 0 | X10: ='[2]ALL NEW COMP'!$BI13 -> 0
A11: ='[2]ALL NEW COMP'!A14 -> ALL005 | B11: ='[2]ALL NEW COMP'!B14 -> MT28 MANEUROP COMP 2HP | D11: ='[2]ALL NEW COMP'!D14 -> 2.3 | E11: ='[2]ALL NEW COMP'!E14 -> (V01,06) | F11: ='[2]ALL NEW COMP'!F14 -> 24 | G11: ='[2]ALL NEW COMP'!G14 -> 5768 btu | H11: ='[2]ALL NEW COMP'!O14 -> 2519.7967 | J11: ='[2]ALL NEW COMP'!T14 -> CU - 36 QC | K11: ='[2]ALL NEW COMP'!W14 -> 5085.7714 | M11: ='[2]ALL NEW COMP'!AT14 -> 0 | N11: ='[2]ALL NEW COMP'!$AU14 -> 0 | P11: ='[2]ALL NEW COMP'!$AW14 -> 0 | Q11: ='[2]ALL NEW COMP'!$BB14 -> 0 | T11: ='[2]ALL NEW COMP'!BC14 -> 0 | U11: ='[2]ALL NEW COMP'!BD14 -> 0 | V11: ='[2]ALL NEW COMP'!BE14 -> 0 | W11: ='[2]ALL NEW COMP'!$BF14 -> 0 | X11: ='[2]ALL NEW COMP'!$BI14 -> 0
A12: ='[2]ALL NEW COMP'!A15 -> ALL006 | B12: ='[2]ALL NEW COMP'!B15 -> MT32 MANEUROP COMP 2.5HP (1ph) | D12: ='[2]ALL NEW COMP'!D15 -> 2.5 | E12: ='[2]ALL NEW COMP'!E15 -> (V06,09) | F12: ='[2]ALL NEW COMP'!F15 -> 24 | G12: ='[2]ALL NEW COMP'!G15 -> 6143 btu | H12: ='[2]ALL NEW COMP'!O15 -> 2362.5237 | J12: ='[2]ALL NEW COMP'!T15 -> CU - 36 QC | K12: ='[2]ALL NEW COMP'!W15 -> 5251.6787 | M12: ='[2]ALL NEW COMP'!AT15 -> 0 | N12: ='[2]ALL NEW COMP'!$AU15 -> 0 | P12: ='[2]ALL NEW COMP'!$AW15 -> 0 | Q12: ='[2]ALL NEW COMP'!$BB15 -> 0 | T12: ='[2]ALL NEW COMP'!BC15 -> 0 | U12: ='[2]ALL NEW COMP'!BD15 -> 0 | V12: ='[2]ALL NEW COMP'!BE15 -> 0 | W12: ='[2]ALL NEW COMP'!$BF15 -> 0 | X12: ='[2]ALL NEW COMP'!$BI15 -> 0
A13: ='[2]ALL NEW COMP'!A16 -> ALL007 | B13: ='[2]ALL NEW COMP'!B16 -> MT32 MANEUROP COMP 2.5HP | D13: ='[2]ALL NEW COMP'!D16 -> 2.5 | E13: ='[2]ALL NEW COMP'!E16 -> (V06,09) | F13: ='[2]ALL NEW COMP'!F16 -> 24 | G13: ='[2]ALL NEW COMP'!G16 -> 6143 btu | H13: ='[2]ALL NEW COMP'!O16 -> 2658.2952 | J13: ='[2]ALL NEW COMP'!T16 -> CU - 36 QC | K13: ='[2]ALL NEW COMP'!W16 -> 5224.2699 | M13: ='[2]ALL NEW COMP'!AT16 -> 0 | N13: ='[2]ALL NEW COMP'!$AU16 -> 0 | P13: ='[2]ALL NEW COMP'!$AW16 -> 0 | Q13: ='[2]ALL NEW COMP'!$BB16 -> 0 | T13: ='[2]ALL NEW COMP'!BC16 -> 0 | U13: ='[2]ALL NEW COMP'!BD16 -> 0 | V13: ='[2]ALL NEW COMP'!BE16 -> 0 | W13: ='[2]ALL NEW COMP'!$BF16 -> 0 | X13: ='[2]ALL NEW COMP'!$BI16 -> 0
A14: ='[2]ALL NEW COMP'!A17 -> ALL009 | B14: ='[2]ALL NEW COMP'!B17 -> MT36 MANEUROP COMP 3HP | D14: ='[2]ALL NEW COMP'!D17 -> 3 | E14: ='[2]ALL NEW COMP'!E17 -> (V06,09) | F14: ='[2]ALL NEW COMP'!F17 -> 24 | G14: ='[2]ALL NEW COMP'!G17 -> 7780 btu | H14: ='[2]ALL NEW COMP'!O17 -> 2687.1041 | J14: ='[2]ALL NEW COMP'!T17 -> CU - 40 QC | K14: ='[2]ALL NEW COMP'!W17 -> 5388.4859 | M14: ='[2]ALL NEW COMP'!AT17 -> 0 | N14: ='[2]ALL NEW COMP'!$AU17 -> 0 | P14: ='[2]ALL NEW COMP'!$AW17 -> 0 | Q14: ='[2]ALL NEW COMP'!$BB17 -> 0 | T14: ='[2]ALL NEW COMP'!BC17 -> 0 | U14: ='[2]ALL NEW COMP'!BD17 -> 0 | V14: ='[2]ALL NEW COMP'!BE17 -> 0 | W14: ='[2]ALL NEW COMP'!$BF17 -> 0 | X14: ='[2]ALL NEW COMP'!$BI17 -> 0
A15: ='[2]ALL NEW COMP'!A18 -> ALL009.1 | B15: ='[2]ALL NEW COMP'!B18 -> MT36 MANEUROP COMP 3HP (1ph) | D15: ='[2]ALL NEW COMP'!D18 -> 3 | E15: ='[2]ALL NEW COMP'!E18 -> (V06,09) | F15: ='[2]ALL NEW COMP'!F18 -> 24 | G15: ='[2]ALL NEW COMP'!G18 -> 7780 btu | H15: ='[2]ALL NEW COMP'!O18 -> 2201.3127 | J15: ='[2]ALL NEW COMP'!T18 -> CU - 40 QC | K15: ='[2]ALL NEW COMP'!W18 -> 5140.1009
A16: ='[2]ALL NEW COMP'!A19 -> ALL010 | B16: ='[2]ALL NEW COMP'!B19 -> MT40 MANEUROP COMP 3.5HP | D16: ='[2]ALL NEW COMP'!D19 -> 3.5 | E16: ='[2]ALL NEW COMP'!E19 -> (V06,09) | F16: ='[2]ALL NEW COMP'!F19 -> 24 | G16: ='[2]ALL NEW COMP'!G19 -> 8294 btu | H16: ='[2]ALL NEW COMP'!O19 -> ~ | J16: ='[2]ALL NEW COMP'!T19 -> CU - 50 QC | K16: ='[2]ALL NEW COMP'!W19 -> 5590.2672 | M16: ='[2]ALL NEW COMP'!AT19 -> 0 | N16: ='[2]ALL NEW COMP'!$AU19 -> 0 | P16: ='[2]ALL NEW COMP'!$AW19 -> 0 | Q16: ='[2]ALL NEW COMP'!$BB19 -> 0 | T16: ='[2]ALL NEW COMP'!BC19 -> 0 | U16: ='[2]ALL NEW COMP'!BD19 -> 0 | V16: ='[2]ALL NEW COMP'!BE19 -> 0 | W16: ='[2]ALL NEW COMP'!$BF19 -> 0 | X16: ='[2]ALL NEW COMP'!$BI19 -> 0
A17: ='[2]ALL NEW COMP'!A20 -> ALL010.1 | B17: ='[2]ALL NEW COMP'!B20 -> MT44 MANEUROP COMP 4HP | D17: ='[2]ALL NEW COMP'!D20 -> 4 | E17: ='[2]ALL NEW COMP'!E20 -> (V04,07) | F17: ='[2]ALL NEW COMP'!F20 -> 24 | G17: ='[2]ALL NEW COMP'!G20 -> 9600 btu | H17: ='[2]ALL NEW COMP'!O20 -> 2931.2322 | J17: ='[2]ALL NEW COMP'!T20 -> CU - 64B QC | K17: ='[2]ALL NEW COMP'!W20 -> 6521.7146 | M17: ='[2]ALL NEW COMP'!AT20 -> 0 | N17: ='[2]ALL NEW COMP'!$AU20 -> 0 | P17: ='[2]ALL NEW COMP'!$AW20 -> 0 | Q17: ='[2]ALL NEW COMP'!$BB20 -> 0 | T17: ='[2]ALL NEW COMP'!BC20 -> 0 | U17: ='[2]ALL NEW COMP'!BD20 -> 0 | V17: ='[2]ALL NEW COMP'!BE20 -> 0 | W17: ='[2]ALL NEW COMP'!$BF20 -> 0 | X17: ='[2]ALL NEW COMP'!$BI20 -> 0
A18: ='[2]ALL NEW COMP'!A21 -> ALL011 | B18: ='[2]ALL NEW COMP'!B21 -> MT50 MANEUROP COMP 4HP | D18: ='[2]ALL NEW COMP'!D21 -> 4 | E18: ='[2]ALL NEW COMP'!E21 -> (V04,07) | F18: ='[2]ALL NEW COMP'!F21 -> 12 | G18: ='[2]ALL NEW COMP'!G21 -> 9932 btu | H18: ='[2]ALL NEW COMP'!O21 -> ~ | J18: ='[2]ALL NEW COMP'!T21 -> CU - 64B QC | K18: ='[2]ALL NEW COMP'!W21 -> 6796.0852 | M18: ='[2]ALL NEW COMP'!AT21 -> 0 | N18: ='[2]ALL NEW COMP'!$AU21 -> 0 | P18: ='[2]ALL NEW COMP'!$AW21 -> 0 | Q18: ='[2]ALL NEW COMP'!$BB21 -> 0 | T18: ='[2]ALL NEW COMP'!BC21 -> 0 | U18: ='[2]ALL NEW COMP'!BD21 -> 0 | V18: ='[2]ALL NEW COMP'!BE21 -> 0 | W18: ='[2]ALL NEW COMP'!$BF21 -> 0 | X18: ='[2]ALL NEW COMP'!$BI21 -> 0
A19: ='[2]ALL NEW COMP'!A22 -> ALL012 | B19: ='[2]ALL NEW COMP'!B22 -> MT64 MANEUROP COMP 5HP | D19: ='[2]ALL NEW COMP'!D22 -> 5 | E19: ='[2]ALL NEW COMP'!E22 -> (V04,07) | F19: ='[2]ALL NEW COMP'!F22 -> 12 | G19: ='[2]ALL NEW COMP'!G22 -> 11843 btu | H19: ='[2]ALL NEW COMP'!O22 -> ~ | J19: ='[2]ALL NEW COMP'!T22 -> CU - 72 QC | K19: ='[2]ALL NEW COMP'!W22 -> 7311.5616 | M19: ='[2]ALL NEW COMP'!AT22 -> 0 | N19: ='[2]ALL NEW COMP'!$AU22 -> 0 | P19: ='[2]ALL NEW COMP'!$AW22 -> 0 | Q19: ='[2]ALL NEW COMP'!$BB22 -> 0 | T19: ='[2]ALL NEW COMP'!BC22 -> 0 | U19: ='[2]ALL NEW COMP'!BD22 -> 0 | V19: ='[2]ALL NEW COMP'!BE22 -> 0 | W19: ='[2]ALL NEW COMP'!$BF22 -> HTC-5 | X19: ='[2]ALL NEW COMP'!$BI22 -> 7383.8822
A20: ='[2]ALL NEW COMP'!A23 -> ALL013 | B20: ='[2]ALL NEW COMP'!B23 -> MT72 MANEUROP COMP 6HP | D20: ='[2]ALL NEW COMP'!D23 -> 6 | E20: ='[2]ALL NEW COMP'!E23 -> (V04,07) | F20: ='[2]ALL NEW COMP'!F23 -> 12 | G20: ='[2]ALL NEW COMP'!G23 -> 13200 btu | H20: ='[2]ALL NEW COMP'!O23 -> 3730.0792 | J20: ='[2]ALL NEW COMP'!T23 -> CU - 90 QC | K20: ='[2]ALL NEW COMP'!W23 -> 8121.6527 | M20: ='[2]ALL NEW COMP'!AT23 -> 0 | N20: ='[2]ALL NEW COMP'!$AU23 -> 0 | P20: ='[2]ALL NEW COMP'!$AW23 -> 0 | Q20: ='[2]ALL NEW COMP'!$BB23 -> 0 | T20: ='[2]ALL NEW COMP'!BC23 -> 0 | U20: ='[2]ALL NEW COMP'!BD23 -> 0 | V20: ='[2]ALL NEW COMP'!BE23 -> 0 | W20: ='[2]ALL NEW COMP'!$BF23 -> 0 | X20: ='[2]ALL NEW COMP'!$BI23 -> 0
A21: ='[2]ALL NEW COMP'!A24 -> ALL014 | B21: ='[2]ALL NEW COMP'!B24 -> MT80 MANEUROP COMP 6.5HP | D21: ='[2]ALL NEW COMP'!D24 -> 6.5 | E21: ='[2]ALL NEW COMP'!E24 -> (V02,04) | F21: ='[2]ALL NEW COMP'!F24 -> 12 | G21: ='[2]ALL NEW COMP'!G24 -> 14983 btu | H21: ='[2]ALL NEW COMP'!O24 -> ~ | J21: ='[2]ALL NEW COMP'!T24 -> CU - 90 QC | K21: ='[2]ALL NEW COMP'!W24 -> 9357.7194 | M21: ='[2]ALL NEW COMP'!AT24 -> 0 | N21: ='[2]ALL NEW COMP'!$AU24 -> 0 | P21: ='[2]ALL NEW COMP'!$AW24 -> 0 | Q21: ='[2]ALL NEW COMP'!$BB24 -> 0 | T21: ='[2]ALL NEW COMP'!BC24 -> 0 | U21: ='[2]ALL NEW COMP'!BD24 -> 0 | V21: ='[2]ALL NEW COMP'!BE24 -> 0 | W21: ='[2]ALL NEW COMP'!$BF24 -> 0 | X21: ='[2]ALL NEW COMP'!$BI24 -> 0
A22: ='[2]ALL NEW COMP'!A25 -> ALL015 | B22: ='[2]ALL NEW COMP'!B25 -> MT100 MANEUROP COMP 8.5HP | D22: ='[2]ALL NEW COMP'!D25 -> 8.5 | E22: ='[2]ALL NEW COMP'!E25 -> (V05,02) | F22: ='[2]ALL NEW COMP'!F25 -> 6 | G22: ='[2]ALL NEW COMP'!G25 -> 18293 btu | H22: ='[2]ALL NEW COMP'!O25 -> ~ | J22: ='[2]ALL NEW COMP'!T25 -> CU - 125 QC | K22: ='[2]ALL NEW COMP'!W25 -> 12230.879 | M22: ='[2]ALL NEW COMP'!AT25 -> 0 | N22: ='[2]ALL NEW COMP'!$AU25 -> 0 | P22: ='[2]ALL NEW COMP'!$AW25 -> 0 | Q22: ='[2]ALL NEW COMP'!$BB25 -> 0 | T22: ='[2]ALL NEW COMP'!BC25 -> 0 | U22: ='[2]ALL NEW COMP'!BD25 -> 0 | V22: ='[2]ALL NEW COMP'!BE25 -> 0 | W22: ='[2]ALL NEW COMP'!$BF25 -> 0 | X22: ='[2]ALL NEW COMP'!$BI25 -> 0
A23: ='[2]ALL NEW COMP'!A26 -> ALL016 | B23: ='[2]ALL NEW COMP'!B26 -> MT125 MANEUROP COMP 10HP | D23: ='[2]ALL NEW COMP'!D26 -> 10 | E23: ='[2]ALL NEW COMP'!E26 -> (V05,02) | F23: ='[2]ALL NEW COMP'!F26 -> 6 | G23: ='[2]ALL NEW COMP'!G26 -> 25563 btu | H23: ='[2]ALL NEW COMP'!O26 -> ~ | J23: ='[2]ALL NEW COMP'!T26 -> CU - 144 QC | K23: ='[2]ALL NEW COMP'!W26 -> 13703.24 | M23: ='[2]ALL NEW COMP'!AT26 -> 0 | N23: ='[2]ALL NEW COMP'!$AU26 -> 0 | P23: ='[2]ALL NEW COMP'!$AW26 -> 0 | Q23: ='[2]ALL NEW COMP'!$BB26 -> 0 | T23: ='[2]ALL NEW COMP'!BC26 -> 0 | U23: ='[2]ALL NEW COMP'!BD26 -> 0 | V23: ='[2]ALL NEW COMP'!BE26 -> 0 | W23: ='[2]ALL NEW COMP'!$BF26 -> 0 | X23: ='[2]ALL NEW COMP'!$BI26 -> 0
A24: ='[2]ALL NEW COMP'!A27 -> ALL018 | B24: ='[2]ALL NEW COMP'!B27 -> MT160 MANEUROP COMP 13HP | D24: ='[2]ALL NEW COMP'!D27 -> 13 | E24: ='[2]ALL NEW COMP'!E27 -> (V05,03) | F24: ='[2]ALL NEW COMP'!F27 -> 6 | G24: ='[2]ALL NEW COMP'!G27 -> 32970 btu | H24: ='[2]ALL NEW COMP'!O27 -> 7948.6484 | J24: ='[2]ALL NEW COMP'!T27 -> CU - 200 QC | K24: ='[2]ALL NEW COMP'!W27 -> 17183.439 | M24: ='[2]ALL NEW COMP'!AT27 -> 0 | N24: ='[2]ALL NEW COMP'!$AU27 -> 0 | P24: ='[2]ALL NEW COMP'!$AW27 -> 0 | Q24: ='[2]ALL NEW COMP'!$BB27 -> 0 | T24: ='[2]ALL NEW COMP'!BC27 -> 0 | U24: ='[2]ALL NEW COMP'!BD27 -> 0 | V24: ='[2]ALL NEW COMP'!BE27 -> 0 | W24: ='[2]ALL NEW COMP'!$BF27 -> 0 | X24: ='[2]ALL NEW COMP'!$BI27 -> 0
A25: ='[2]ALL NEW COMP'!A28 -> ALL019 | B25: ='[2]ALL NEW COMP'!B28 -> MTZ-18 MANEUROP COMP 1.5HP | C25: MANEUROP ORIGINAL NEW COMPRESSOR (R404,507,134) (15c ~ -25c) c/w service valve | D25: ='[2]ALL NEW COMP'!D28 -> 1.5 | E25: ='[2]ALL NEW COMP'!E28 -> (V01,06) | F25: ='[2]ALL NEW COMP'!F28 -> 24 | G25: ='[2]ALL NEW COMP'!G28 -> 3200btu | H25: ='[2]ALL NEW COMP'!O28 -> 2147.1581 | I25: Filter drier,sight glass,hand valve,hi-lo control,QC oil sep,suction acc and etc. | J25: ='[2]ALL NEW COMP'!T28 -> CU - 22 QC | K25: ='[2]ALL NEW COMP'!W28 -> 4481.6084 | M25: ='[2]ALL NEW COMP'!AT28 -> 0 | N25: ='[2]ALL NEW COMP'!$AU28 -> 0 | O25: All danfoss acc filter drier,sight glass,hand valve,hi-lo control and etc. | P25: ='[2]ALL NEW COMP'!$AW28 -> 0 | Q25: ='[2]ALL NEW COMP'!$BB28 -> 0 | T25: ='[2]ALL NEW COMP'!BC28 -> 0 | U25: ='[2]ALL NEW COMP'!BD28 -> 0 | V25: ='[2]ALL NEW COMP'!BE28 -> 0 | W25: ='[2]ALL NEW COMP'!$BF28 -> 0 | X25: ='[2]ALL NEW COMP'!$BI28 -> 0
A26: ='[2]ALL NEW COMP'!A29 -> ALL019.1 | B26: ='[2]ALL NEW COMP'!B29 -> MTZ-18 MANEUROP COMP 1.5HP (1ph) | D26: ='[2]ALL NEW COMP'!D29 -> 1.5 | E26: ='[2]ALL NEW COMP'!E29 -> (V01,06) | F26: ='[2]ALL NEW COMP'!F29 -> 24 | G26: ='[2]ALL NEW COMP'!G29 -> 3200btu | H26: ='[2]ALL NEW COMP'!O29 -> 1697.7273 | J26: ='[2]ALL NEW COMP'!T29 -> CU - 22 QC | K26: ='[2]ALL NEW COMP'!W29 -> 4226.7152
A27: ='[2]ALL NEW COMP'!A30 -> ALL020 | B27: ='[2]ALL NEW COMP'!B30 -> MTZ-22 MANEUROP COMP 2HP | D27: ='[2]ALL NEW COMP'!D30 -> 2 | E27: ='[2]ALL NEW COMP'!E30 -> (V01,06) | F27: ='[2]ALL NEW COMP'!F30 -> 24 | G27: ='[2]ALL NEW COMP'!G30 -> 4300 btu | H27: ='[2]ALL NEW COMP'!O30 -> 2267.0869 | J27: ='[2]ALL NEW COMP'!T30 -> CU - 32 QC | K27: ='[2]ALL NEW COMP'!W30 -> 4663.6491 | M27: ='[2]ALL NEW COMP'!AT30 -> 0 | N27: ='[2]ALL NEW COMP'!$AU30 -> 0 | P27: ='[2]ALL NEW COMP'!$AW30 -> 0 | Q27: ='[2]ALL NEW COMP'!$BB30 -> 0 | T27: ='[2]ALL NEW COMP'!BC30 -> 0 | U27: ='[2]ALL NEW COMP'!BD30 -> 0 | V27: ='[2]ALL NEW COMP'!BE30 -> 0 | W27: ='[2]ALL NEW COMP'!$BF30 -> 0 | X27: ='[2]ALL NEW COMP'!$BI30 -> 0
A28: ='[2]ALL NEW COMP'!A31 -> ALL021 | B28: ='[2]ALL NEW COMP'!B31 -> MTZ-28 MANEUROP COMP 2HP | D28: ='[2]ALL NEW COMP'!D31 -> 2.3 | E28: ='[2]ALL NEW COMP'!E31 -> (V01,06) | F28: ='[2]ALL NEW COMP'!F31 -> 24 | G28: ='[2]ALL NEW COMP'!G31 -> 5460 btu | H28: ='[2]ALL NEW COMP'!O31 -> 2600.375 | J28: ='[2]ALL NEW COMP'!T31 -> CU - 36 QC | K28: ='[2]ALL NEW COMP'!W31 -> 5166.3498 | M28: ='[2]ALL NEW COMP'!AT31 -> 0 | N28: ='[2]ALL NEW COMP'!$AU31 -> 0 | P28: ='[2]ALL NEW COMP'!$AW31 -> 0 | Q28: ='[2]ALL NEW COMP'!$BB31 -> 0 | T28: ='[2]ALL NEW COMP'!BC31 -> 0 | U28: ='[2]ALL NEW COMP'!BD31 -> 0 | V28: ='[2]ALL NEW COMP'!BE31 -> 0 | W28: ='[2]ALL NEW COMP'!$BF31 -> 0 | X28: ='[2]ALL NEW COMP'!$BI31 -> 0
A29: ='[2]ALL NEW COMP'!A32 -> ALL022 | B29: ='[2]ALL NEW COMP'!B32 -> MTZ-32 MANEUROP COMP 2.5HP | D29: ='[2]ALL NEW COMP'!D32 -> 2.5 | E29: ='[2]ALL NEW COMP'!E32 -> (V06,09) | F29: ='[2]ALL NEW COMP'!F32 -> 24 | G29: ='[2]ALL NEW COMP'!G32 -> 5767 btu | H29: ='[2]ALL NEW COMP'!O32 -> 2707.7541 | J29: ='[2]ALL NEW COMP'!T32 -> CU - 36 QC | K29: ='[2]ALL NEW COMP'!W32 -> 5273.7289 | M29: ='[2]ALL NEW COMP'!AT32 -> 0 | N29: ='[2]ALL NEW COMP'!$AU32 -> 0 | P29: ='[2]ALL NEW COMP'!$AW32 -> 0 | Q29: ='[2]ALL NEW COMP'!$BB32 -> 0 | T29: ='[2]ALL NEW COMP'!BC32 -> 0 | U29: ='[2]ALL NEW COMP'!BD32 -> 0 | V29: ='[2]ALL NEW COMP'!BE32 -> 0 | W29: ='[2]ALL NEW COMP'!$BF32 -> 0 | X29: ='[2]ALL NEW COMP'!$BI32 -> 0
A30: ='[2]ALL NEW COMP'!A33 -> ALL023 | B30: ='[2]ALL NEW COMP'!B33 -> MTZ-36 MANEUROP COMP 3HP | D30: ='[2]ALL NEW COMP'!D33 -> 3 | E30: ='[2]ALL NEW COMP'!E33 -> (V06,09) | F30: ='[2]ALL NEW COMP'!F33 -> 24 | G30: ='[2]ALL NEW COMP'!G33 -> 7440 btu | H30: ='[2]ALL NEW COMP'!O33 -> 2913.4599 | J30: ='[2]ALL NEW COMP'!T33 -> CU - 40 QC | K30: ='[2]ALL NEW COMP'!W33 -> 5614.8416 | M30: ='[2]ALL NEW COMP'!AT33 -> 0 | N30: ='[2]ALL NEW COMP'!$AU33 -> 0 | P30: ='[2]ALL NEW COMP'!$AW33 -> 0 | Q30: ='[2]ALL NEW COMP'!$BB33 -> 0 | T30: ='[2]ALL NEW COMP'!BC33 -> 0 | U30: ='[2]ALL NEW COMP'!BD33 -> 0 | V30: ='[2]ALL NEW COMP'!BE33 -> 0 | W30: ='[2]ALL NEW COMP'!$BF33 -> 0 | X30: ='[2]ALL NEW COMP'!$BI33 -> 0
A31: ='[2]ALL NEW COMP'!A34 -> ALL024 | B31: ='[2]ALL NEW COMP'!B34 -> MTZ-40 MANEUROP COMP 3.5HP | D31: ='[2]ALL NEW COMP'!D34 -> 3.5 | E31: ='[2]ALL NEW COMP'!E34 -> (V06,09) | F31: ='[2]ALL NEW COMP'!F34 -> 24 | G31: ='[2]ALL NEW COMP'!G34 -> 7747 btu | H31: ='[2]ALL NEW COMP'!O34 -> 2990.3559 | J31: ='[2]ALL NEW COMP'!T34 -> CU - 50 QC | K31: ='[2]ALL NEW COMP'!W34 -> 5974.3138 | M31: ='[2]ALL NEW COMP'!AT34 -> 0 | N31: ='[2]ALL NEW COMP'!$AU34 -> 0 | P31: ='[2]ALL NEW COMP'!$AW34 -> 0 | Q31: ='[2]ALL NEW COMP'!$BB34 -> 0 | T31: ='[2]ALL NEW COMP'!BC34 -> 0 | U31: ='[2]ALL NEW COMP'!BD34 -> 0 | V31: ='[2]ALL NEW COMP'!BE34 -> 0 | W31: ='[2]ALL NEW COMP'!$BF34 -> 0 | X31: ='[2]ALL NEW COMP'!$BI34 -> 0
A32: ='[2]ALL NEW COMP'!A35 -> ALL024.1 | B32: ='[2]ALL NEW COMP'!B35 -> MTZ-44 MANEUROP COMP 4HP | D32: ='[2]ALL NEW COMP'!D35 -> 4 | E32: ='[2]ALL NEW COMP'!E35 -> (V04,07) | F32: ='[2]ALL NEW COMP'!F35 -> 0 | G32: ='[2]ALL NEW COMP'!G35 -> 0 | H32: ='[2]ALL NEW COMP'!O35 -> 3269.5023 | J32: ='[2]ALL NEW COMP'!T35 -> CU - 64B QC | K32: ='[2]ALL NEW COMP'!W35 -> 6859.9847 | M32: ='[2]ALL NEW COMP'!AT35 -> 0 | N32: ='[2]ALL NEW COMP'!$AU35 -> 0 | P32: ='[2]ALL NEW COMP'!$AW35 -> 0 | Q32: ='[2]ALL NEW COMP'!$BB35 -> 0 | T32: ='[2]ALL NEW COMP'!BC35 -> 0 | U32: ='[2]ALL NEW COMP'!BD35 -> 0 | V32: ='[2]ALL NEW COMP'!BE35 -> 0 | W32: ='[2]ALL NEW COMP'!$BF35 -> 0 | X32: ='[2]ALL NEW COMP'!$BI35 -> 0
A33: ='[2]ALL NEW COMP'!A36 -> ALL025 | B33: ='[2]ALL NEW COMP'!B36 -> MTZ-50 MANEUROP COMP 4HP | D33: ='[2]ALL NEW COMP'!D36 -> 4 | E33: ='[2]ALL NEW COMP'!E36 -> (V04,07) | F33: ='[2]ALL NEW COMP'!F36 -> 12 | G33: ='[2]ALL NEW COMP'!G36 -> 10000 btu | H33: ='[2]ALL NEW COMP'!O36 -> 3442.6446 | J33: ='[2]ALL NEW COMP'!T36 -> CU - 64 QC | K33: ='[2]ALL NEW COMP'!W36 -> 7335.3326 | M33: ='[2]ALL NEW COMP'!AT36 -> 0 | N33: ='[2]ALL NEW COMP'!$AU36 -> 0 | P33: ='[2]ALL NEW COMP'!$AW36 -> 0 | Q33: ='[2]ALL NEW COMP'!$BB36 -> 0 | T33: ='[2]ALL NEW COMP'!BC36 -> 0 | U33: ='[2]ALL NEW COMP'!BD36 -> 0 | V33: ='[2]ALL NEW COMP'!BE36 -> 0 | W33: ='[2]ALL NEW COMP'!$BF36 -> 0 | X33: ='[2]ALL NEW COMP'!$BI36 -> 0
A34: ='[2]ALL NEW COMP'!A37 -> ALL026 | B34: ='[2]ALL NEW COMP'!B37 -> MTZ-64 MANEUROP COMP 5HP | D34: ='[2]ALL NEW COMP'!D37 -> 5 | E34: ='[2]ALL NEW COMP'!E37 -> (V04,07) | F34: ='[2]ALL NEW COMP'!F37 -> 12 | G34: ='[2]ALL NEW COMP'!G37 -> 12935 btu | H34: ='[2]ALL NEW COMP'!O37 -> 3604.5991 | J34: ='[2]ALL NEW COMP'!T37 -> CU - 72 QC | K34: ='[2]ALL NEW COMP'!W37 -> 7828.3892 | M34: ='[2]ALL NEW COMP'!AT37 -> 0 | N34: ='[2]ALL NEW COMP'!$AU37 -> 0 | P34: ='[2]ALL NEW COMP'!$AW37 -> 0 | Q34: ='[2]ALL NEW COMP'!$BB37 -> 0 | T34: ='[2]ALL NEW COMP'!BC37 -> 0 | U34: ='[2]ALL NEW COMP'!BD37 -> 0 | V34: ='[2]ALL NEW COMP'!BE37 -> 0 | W34: ='[2]ALL NEW COMP'!$BF37 -> 0 | X34: ='[2]ALL NEW COMP'!$BI37 -> 0
A35: ='[2]ALL NEW COMP'!A38 -> ALL027 | B35: ='[2]ALL NEW COMP'!B38 -> MTZ-72 MANEUROP COMP 6HP | D35: ='[2]ALL NEW COMP'!D38 -> 6 | E35: ='[2]ALL NEW COMP'!E38 -> (V04,07) | F35: ='[2]ALL NEW COMP'!F38 -> 12 | G35: ='[2]ALL NEW COMP'!G38 -> 15119 btu | H35: ='[2]ALL NEW COMP'!O38 -> 3994.996 | J35: ='[2]ALL NEW COMP'!T38 -> CU - 90 QC | K35: ='[2]ALL NEW COMP'!W38 -> 8673.4987 | M35: ='[2]ALL NEW COMP'!AT38 -> 0 | N35: ='[2]ALL NEW COMP'!$AU38 -> 0 | P35: ='[2]ALL NEW COMP'!$AW38 -> 0 | Q35: ='[2]ALL NEW COMP'!$BB38 -> 0 | T35: ='[2]ALL NEW COMP'!BC38 -> 0 | U35: ='[2]ALL NEW COMP'!BD38 -> 0 | V35: ='[2]ALL NEW COMP'!BE38 -> 0 | W35: ='[2]ALL NEW COMP'!$BF38 -> 0 | X35: ='[2]ALL NEW COMP'!$BI38 -> 0
A36: ='[2]ALL NEW COMP'!A39 -> ALL028 | B36: ='[2]ALL NEW COMP'!B39 -> MTZ-80 MANEUROP COMP 6.5HP | D36: ='[2]ALL NEW COMP'!D39 -> 6.5 | E36: ='[2]ALL NEW COMP'!E39 -> (V02,04) | F36: ='[2]ALL NEW COMP'!F39 -> 12 | G36: ='[2]ALL NEW COMP'!G39 -> 17269 btu | H36: ='[2]ALL NEW COMP'!O39 -> 4760.9503 | J36: ='[2]ALL NEW COMP'!T39 -> CU - 90 QC | K36: ='[2]ALL NEW COMP'!W39 -> 9439.453 | M36: ='[2]ALL NEW COMP'!AT39 -> 0 | N36: ='[2]ALL NEW COMP'!$AU39 -> 0 | P36: ='[2]ALL NEW COMP'!$AW39 -> 0 | Q36: ='[2]ALL NEW COMP'!$BB39 -> 0 | T36: ='[2]ALL NEW COMP'!BC39 -> 0 | U36: ='[2]ALL NEW COMP'!BD39 -> 0 | V36: ='[2]ALL NEW COMP'!BE39 -> 0 | W36: ='[2]ALL NEW COMP'!$BF39 -> 0 | X36: ='[2]ALL NEW COMP'!$BI39 -> 0
A37: ='[2]ALL NEW COMP'!A40 -> ALL029 | B37: ='[2]ALL NEW COMP'!B40 -> MTZ-100 MANEUROP COMP 8.5HP | D37: ='[2]ALL NEW COMP'!D40 -> 8.5 | E37: ='[2]ALL NEW COMP'!E40 -> (V05,02) | F37: ='[2]ALL NEW COMP'!F40 -> 6 | G37: ='[2]ALL NEW COMP'!G40 -> 19317 btu | H37: ='[2]ALL NEW COMP'!O40 -> 6600.1976 | J37: ='[2]ALL NEW COMP'!T40 -> CU - 125 QC | K37: ='[2]ALL NEW COMP'!W40 -> 12949.369 | M37: ='[2]ALL NEW COMP'!AT40 -> 0 | N37: ='[2]ALL NEW COMP'!$AU40 -> 0 | P37: ='[2]ALL NEW COMP'!$AW40 -> 0 | Q37: ='[2]ALL NEW COMP'!$BB40 -> 0 | T37: ='[2]ALL NEW COMP'!BC40 -> 0 | U37: ='[2]ALL NEW COMP'!BD40 -> 0 | V37: ='[2]ALL NEW COMP'!BE40 -> 0 | W37: ='[2]ALL NEW COMP'!$BF40 -> 0 | X37: ='[2]ALL NEW COMP'!$BI40 -> 0
A38: ='[2]ALL NEW COMP'!A41 -> ALL030 | B38: ='[2]ALL NEW COMP'!B41 -> MTZ-125 MANEUROP COMP 10HP | D38: ='[2]ALL NEW COMP'!D41 -> 10 | E38: ='[2]ALL NEW COMP'!E41 -> (V05,02) | F38: ='[2]ALL NEW COMP'!F41 -> 6 | G38: ='[2]ALL NEW COMP'!G41 -> 26553 btu | H38: ='[2]ALL NEW COMP'!O41 -> 7445.5479 | J38: ='[2]ALL NEW COMP'!T41 -> CU - 144 QC | K38: ='[2]ALL NEW COMP'!W41 -> 14487.29 | M38: ='[2]ALL NEW COMP'!AT41 -> 0 | N38: ='[2]ALL NEW COMP'!$AU41 -> 0 | P38: ='[2]ALL NEW COMP'!$AW41 -> 0 | Q38: ='[2]ALL NEW COMP'!$BB41 -> 0 | T38: ='[2]ALL NEW COMP'!BC41 -> 0 | U38: ='[2]ALL NEW COMP'!BD41 -> 0 | V38: ='[2]ALL NEW COMP'!BE41 -> 0 | W38: ='[2]ALL NEW COMP'!$BF41 -> 0 | X38: ='[2]ALL NEW COMP'!$BI41 -> 0
A39: ='[2]ALL NEW COMP'!A42 -> ALL031 | B39: ='[2]ALL NEW COMP'!B42 -> MTZ-160 MANEUROP COMP 13HP | D39: ='[2]ALL NEW COMP'!D42 -> 13 | E39: ='[2]ALL NEW COMP'!E42 -> (V05,03) | F39: ='[2]ALL NEW COMP'!F42 -> 6 | G39: ='[2]ALL NEW COMP'!G42 -> 34983 btu | H39: ='[2]ALL NEW COMP'!O42 -> 8257.7486 | J39: ='[2]ALL NEW COMP'!T42 -> CU - 200 QC | K39: ='[2]ALL NEW COMP'!W42 -> 17492.539 | M39: ='[2]ALL NEW COMP'!AT42 -> 0 | N39: ='[2]ALL NEW COMP'!$AU42 -> 0 | P39: ='[2]ALL NEW COMP'!$AW42 -> 0 | Q39: ='[2]ALL NEW COMP'!$BB42 -> 0 | T39: ='[2]ALL NEW COMP'!BC42 -> 0 | U39: ='[2]ALL NEW COMP'!BD42 -> 0 | V39: ='[2]ALL NEW COMP'!BE42 -> 0 | W39: ='[2]ALL NEW COMP'!$BF42 -> 0 | X39: ='[2]ALL NEW COMP'!$BI42 -> 0
A40: ='[2]ALL NEW COMP'!A43 -> ALL078 | B40: ='[2]ALL NEW COMP'!B43 -> KCJ511HAE (1ph)(1HP MT) R22 | C40: Copeland R22 med temp | D40: ='[2]ALL NEW COMP'!D43 -> 1 | E40: ='[2]ALL NEW COMP'!E43 -> 3/8 , 1/2 | F40: ='[2]ALL NEW COMP'!F43 -> 0.055 * 4ft, 5ft | G40: ='[2]ALL NEW COMP'!G43 -> WJ5510/CAJ4510T | H40: ='[2]ALL NEW COMP'!O43 -> 1039.7688 | I40: Filter drier,sight glass,hand valve,hi-lo control,QC oil sep,suction acc and etc. | J40: ='[2]ALL NEW COMP'!T43 -> CU - 15 QC | K40: ='[2]ALL NEW COMP'!W43 -> 3189.2834 | M40: ='[2]ALL NEW COMP'!AT43 -> WCU-1HP | N40: ='[2]ALL NEW COMP'!$AU43 -> 402.17391 | P40: ='[2]ALL NEW COMP'!$AW43 -> 912.45266 | Q40: ='[2]ALL NEW COMP'!$BB43 -> 1926.4646 | R40: ='[2]ALL NEW COMP'!$AZ43 -> 1990.4763 | S40: ='[2]ALL NEW COMP'!BA43 -> 1926.4646 | T40: ='[2]ALL NEW COMP'!BC43 -> 3062.2712 | U40: ='[2]ALL NEW COMP'!BD43 -> 2963.7917 | V40: ='[2]ALL NEW COMP'!BE43 -> 2963.7917 | W40: ='[2]ALL NEW COMP'!$BF43 -> 0 | X40: ='[2]ALL NEW COMP'!$BI43 -> 0
A41: ='[2]ALL NEW COMP'!A44 -> ALL079 | B41: ='[2]ALL NEW COMP'!B44 -> KCJ513HAE (1ph)(1.5HP MT) R22 | D41: ='[2]ALL NEW COMP'!D44 -> 1.5 | E41: ='[2]ALL NEW COMP'!E44 -> 3/8 , 1/2 | F41: ='[2]ALL NEW COMP'!F44 -> 0.055 * 4ft ,5ft | G41: ='[2]ALL NEW COMP'!G44 -> WJ5515/CAJ4517T | H41: ='[2]ALL NEW COMP'!O44 -> 1135.0002 | J41: ='[2]ALL NEW COMP'!T44 -> CU - 22 QC | K41: ='[2]ALL NEW COMP'!W44 -> 3454.1278 | M41: ='[2]ALL NEW COMP'!AT44 -> WCU-1.5HP | N41: ='[2]ALL NEW COMP'!$AU44 -> 524.84472 | P41: ='[2]ALL NEW COMP'!$AW44 -> 912.45266 | Q41: ='[2]ALL NEW COMP'!$BB44 -> 2111.0359 | R41: ='[2]ALL NEW COMP'!$AZ44 -> 2175.0475 | S41: ='[2]ALL NEW COMP'!BA44 -> 2111.0359 | T41: ='[2]ALL NEW COMP'!BC44 -> 3346.227 | U41: ='[2]ALL NEW COMP'!BD44 -> 3247.7475 | V41: ='[2]ALL NEW COMP'!BE44 -> 3247.7475 | W41: ='[2]ALL NEW COMP'!$BF44 -> 0 | X41: ='[2]ALL NEW COMP'!$BI44 -> 0
A42: ='[2]ALL NEW COMP'!A45 -> ALL080 | B42: ='[2]ALL NEW COMP'!B45 -> CR22K6M-PF1 (1ph)(2HP MT) R22 | D42: ='[2]ALL NEW COMP'!D45 -> 2 | E42: ='[2]ALL NEW COMP'!E45 -> 3/8 , 1/2 | F42: ='[2]ALL NEW COMP'!F45 -> CW relay box | G42: ='[2]ALL NEW COMP'!G45 -> MT22/FH4524 | H42: ='[2]ALL NEW COMP'!O45 -> 1168.724 | J42: ='[2]ALL NEW COMP'!T45 -> CU - 32 QC | K42: ='[2]ALL NEW COMP'!W45 -> 3565.2861 | M42: ='[2]ALL NEW COMP'!AT45 -> WCU-2HP | N42: ='[2]ALL NEW COMP'!$AU45 -> 781.8323 | P42: ='[2]ALL NEW COMP'!$AW45 -> 922.41247 | Q42: ='[2]ALL NEW COMP'!$BB45 -> 2389.9439 | R42: ='[2]ALL NEW COMP'!$AZ45 -> 2463.9154 | S42: ='[2]ALL NEW COMP'!BA45 -> 2399.9037 | T42: ='[2]ALL NEW COMP'!BC45 -> 3790.639 | U42: ='[2]ALL NEW COMP'!BD45 -> 3692.1595 | V42: ='[2]ALL NEW COMP'!BE45 -> 3676.8367 | W42: ='[2]ALL NEW COMP'!$BF45 -> 0 | X42: ='[2]ALL NEW COMP'!$BI45 -> 0
A43: ='[2]ALL NEW COMP'!A46 -> ALL081 | B43: ='[2]ALL NEW COMP'!B46 -> CR22K6M-TFM (3ph)(2HP MT) R22 | D43: ='[2]ALL NEW COMP'!D46 -> 2 | E43: ='[2]ALL NEW COMP'!E46 -> 3/8 , 1/2 | F43: ='[2]ALL NEW COMP'!F46 -> 0 | G43: ='[2]ALL NEW COMP'!G46 -> MT22/TFH4524 | H43: ='[2]ALL NEW COMP'!O46 -> 1350.7529 | J43: ='[2]ALL NEW COMP'!T46 -> CU - 32 QC | K43: ='[2]ALL NEW COMP'!W46 -> 3747.3151 | M43: ='[2]ALL NEW COMP'!AT46 -> WCU-2HP | N43: ='[2]ALL NEW COMP'!$AU46 -> 781.8323 | P43: ='[2]ALL NEW COMP'!$AW46 -> 922.41247 | Q43: ='[2]ALL NEW COMP'!$BB46 -> 2508.2627 | R43: ='[2]ALL NEW COMP'!$AZ46 -> 2779.6457 | S43: ='[2]ALL NEW COMP'!BA46 -> 2715.634 | T43: ='[2]ALL NEW COMP'!BC46 -> 4276.378 | U43: ='[2]ALL NEW COMP'!BD46 -> 4177.8985 | V43: ='[2]ALL NEW COMP'!BE46 -> 3858.8657 | W43: ='[2]ALL NEW COMP'!$BF46 -> 0 | X43: ='[2]ALL NEW COMP'!$BI46 -> 0
A44: ='[2]ALL NEW COMP'!A47 -> ALL082 | B44: ='[2]ALL NEW COMP'!B47 -> CR30K6M-TFM (3ph)(2.5HP MT) R22 | D44: ='[2]ALL NEW COMP'!D47 -> 2.5 | E44: ='[2]ALL NEW COMP'!E47 -> 3/8 , 5/8 | F44: ='[2]ALL NEW COMP'!F47 -> 0 | G44: ='[2]ALL NEW COMP'!G47 -> MT28/TFH4531 | H44: ='[2]ALL NEW COMP'!O47 -> 1413.6186 | J44: ='[2]ALL NEW COMP'!T47 -> CU - 36 QC | K44: ='[2]ALL NEW COMP'!W47 -> 3979.5934 | M44: ='[2]ALL NEW COMP'!AT47 -> WCU-3HP | N44: ='[2]ALL NEW COMP'!$AU47 -> 1087.7329 | P44: ='[2]ALL NEW COMP'!$AW47 -> 922.41247 | Q44: ='[2]ALL NEW COMP'!$BB47 -> 2855.026 | R44: ='[2]ALL NEW COMP'!$AZ47 -> 3126.409 | S44: ='[2]ALL NEW COMP'!BA47 -> 3062.3973 | T44: ='[2]ALL NEW COMP'!BC47 -> 4809.86 | U44: ='[2]ALL NEW COMP'!BD47 -> 4711.3805 | V44: ='[2]ALL NEW COMP'!BE47 -> 4392.3477 | W44: ='[2]ALL NEW COMP'!$BF47 -> 0 | X44: ='[2]ALL NEW COMP'!$BI47 -> 0
A45: ='[2]ALL NEW COMP'!A48 -> ALL083 | B45: ='[2]ALL NEW COMP'!B48 -> CR30K6M-PFM (1ph)(2.5HP MT) R22 | D45: ='[2]ALL NEW COMP'!D48 -> 2.5 | E45: ='[2]ALL NEW COMP'!E48 -> 3/8 , 5/8 | F45: ='[2]ALL NEW COMP'!F48 -> CW relay box | G45: ='[2]ALL NEW COMP'!G48 -> MT28/FH4531 | H45: ='[2]ALL NEW COMP'!O48 -> 1278.1596 | J45: ='[2]ALL NEW COMP'!T48 -> CU - 36 QC | K45: ='[2]ALL NEW COMP'!W48 -> 3844.1344 | M45: ='[2]ALL NEW COMP'!AT48 -> WCU-3HP | N45: ='[2]ALL NEW COMP'!$AU48 -> 1087.7329 | P45: ='[2]ALL NEW COMP'!$AW48 -> 922.41247 | Q45: ='[2]ALL NEW COMP'!$BB48 -> 2766.9777 | R45: ='[2]ALL NEW COMP'!$AZ48 -> 2840.9492 | S45: ='[2]ALL NEW COMP'!BA48 -> 2776.9375 | T45: ='[2]ALL NEW COMP'!BC48 -> 4370.691 | U45: ='[2]ALL NEW COMP'!BD48 -> 4272.2115 | V45: ='[2]ALL NEW COMP'!BE48 -> 4256.8887 | W45: ='[2]ALL NEW COMP'!$BF48 -> 0 | X45: ='[2]ALL NEW COMP'!$BI48 -> 0
A46: ='[2]ALL NEW COMP'!A49 -> ALL084 | B46: ='[2]ALL NEW COMP'!B49 -> CR36K6M-PFZ (1ph)(3HP MT) R22 | D46: ='[2]ALL NEW COMP'!D49 -> 3 | E46: ='[2]ALL NEW COMP'!E49 -> 3/8 , 5/8 | F46: ='[2]ALL NEW COMP'!F49 -> CW relay box | G46: ='[2]ALL NEW COMP'!G49 -> MT36 | H46: ='[2]ALL NEW COMP'!O49 -> 1427.3629 | J46: ='[2]ALL NEW COMP'!T49 -> CU - 40 QC | K46: ='[2]ALL NEW COMP'!W49 -> 4128.7447 | M46: ='[2]ALL NEW COMP'!AT49 -> WCU-4HP | N46: ='[2]ALL NEW COMP'!$AU49 -> 1350.9317 | P46: ='[2]ALL NEW COMP'!$AW49 -> 922.41247 | Q46: ='[2]ALL NEW COMP'!$BB49 -> 3127.1585 | R46: ='[2]ALL NEW COMP'!$AZ49 -> 3201.13 | S46: ='[2]ALL NEW COMP'!BA49 -> 3137.1183 | T46: ='[2]ALL NEW COMP'!BC49 -> 4924.8154 | U46: ='[2]ALL NEW COMP'!BD49 -> 4826.3359 | V46: ='[2]ALL NEW COMP'!BE49 -> 4811.0131 | W46: ='[2]ALL NEW COMP'!$BF49 -> 0 | X46: ='[2]ALL NEW COMP'!$BI49 -> 0
A47: ='[2]ALL NEW COMP'!A50 -> ALL085 | B47: ='[2]ALL NEW COMP'!B50 -> CR37K6M-TFD (3ph)(3HP MT) R22 | D47: ='[2]ALL NEW COMP'!D50 -> 3 | E47: ='[2]ALL NEW COMP'!E50 -> 3/8 , 5/8 | F47: ='[2]ALL NEW COMP'!F50 -> 0 | G47: ='[2]ALL NEW COMP'!G50 -> MT36 | H47: ='[2]ALL NEW COMP'!O50 -> 1492.1073 | J47: ='[2]ALL NEW COMP'!T50 -> CU - 40 QC | K47: ='[2]ALL NEW COMP'!W50 -> 4193.4891 | M47: ='[2]ALL NEW COMP'!AT50 -> WCU-4HP | N47: ='[2]ALL NEW COMP'!$AU50 -> 1350.9317 | P47: ='[2]ALL NEW COMP'!$AW50 -> 922.41247 | Q47: ='[2]ALL NEW COMP'!$BB50 -> 3169.2424 | R47: ='[2]ALL NEW COMP'!$AZ50 -> 3440.6254 | S47: ='[2]ALL NEW COMP'!BA50 -> 3376.6137 | T47: ='[2]ALL NEW COMP'!BC50 -> 5293.2699 | U47: ='[2]ALL NEW COMP'!BD50 -> 5194.7904 | V47: ='[2]ALL NEW COMP'!BE50 -> 4875.7576 | W47: ='[2]ALL NEW COMP'!$BF50 -> 0 | X47: ='[2]ALL NEW COMP'!$BI50 -> 0
A48: ='[2]ALL NEW COMP'!A51 -> ALL086 | B48: ='[2]ALL NEW COMP'!B51 -> CR42K6M-TFM (3ph) (3.5HP MT) R22 | D48: ='[2]ALL NEW COMP'!D51 -> 3.5 | E48: ='[2]ALL NEW COMP'!E51 -> 1/2 , 5/8 | F48: ='[2]ALL NEW COMP'!F51 -> 0 | G48: ='[2]ALL NEW COMP'!G51 -> MT40/TFH4540 | H48: ='[2]ALL NEW COMP'!O51 -> 1488.9943 | J48: ='[2]ALL NEW COMP'!T51 -> CU - 50 QC | K48: ='[2]ALL NEW COMP'!W51 -> 4404.2295 | M48: ='[2]ALL NEW COMP'!AT51 -> WCU-4HP | N48: ='[2]ALL NEW COMP'!$AU51 -> 1350.9317 | P48: ='[2]ALL NEW COMP'!$AW51 -> 922.41247 | Q48: ='[2]ALL NEW COMP'!$BB51 -> 3122.5491 | R48: ='[2]ALL NEW COMP'!$AZ51 -> 3458.87 | S48: ='[2]ALL NEW COMP'!BA51 -> 3394.8583 | T48: ='[2]ALL NEW COMP'!BC51 -> 5321.3385 | U48: ='[2]ALL NEW COMP'!BD51 -> 5222.859 | V48: ='[2]ALL NEW COMP'!BE51 -> 4803.9217 | W48: ='[2]ALL NEW COMP'!$BF51 -> 0 | X48: ='[2]ALL NEW COMP'!$BI51 -> 0
A49: ='[2]ALL NEW COMP'!A52 -> ALL087 | B49: ='[2]ALL NEW COMP'!B52 -> CR47KQM-TFD (3ph)(4HP MT) R22 | D49: ='[2]ALL NEW COMP'!D52 -> 4 | E49: ='[2]ALL NEW COMP'!E52 -> 1/2 , 3/4 | F49: ='[2]ALL NEW COMP'!F52 -> 0 | G49: ='[2]ALL NEW COMP'!G52 -> MT50/TAG4546 | H49: ='[2]ALL NEW COMP'!O52 -> 1662.8148 | J49: ='[2]ALL NEW COMP'!T52 -> CU - 64B QC | K49: ='[2]ALL NEW COMP'!W52 -> 5176.5519 | M49: ='[2]ALL NEW COMP'!AT52 -> LCU-05 | N49: ='[2]ALL NEW COMP'!$AU52 -> 2083.7948 | P49: ='[2]ALL NEW COMP'!$AW52 -> 1085.3038 | Q49: ='[2]ALL NEW COMP'!$BB52 -> 4126.0723 | R49: ='[2]ALL NEW COMP'!$AZ52 -> 4462.3932 | S49: ='[2]ALL NEW COMP'!BA52 -> 4398.3815 | T49: ='[2]ALL NEW COMP'!BC52 -> 6865.2203 | U49: ='[2]ALL NEW COMP'!BD52 -> 6766.7408 | V49: ='[2]ALL NEW COMP'!BE52 -> 6347.8035 | W49: ='[2]ALL NEW COMP'!$BF52 -> 0 | X49: ='[2]ALL NEW COMP'!$BI52 -> 0
A50: ='[2]ALL NEW COMP'!A53 -> ALL088 | B50: ='[2]ALL NEW COMP'!B53 -> CR62KQM-TFD (3ph)(5HP MT) R22 | D50: ='[2]ALL NEW COMP'!D53 -> 5 | E50: ='[2]ALL NEW COMP'!E53 -> 1/2 , 7/8 | F50: ='[2]ALL NEW COMP'!F53 -> 0 | G50: ='[2]ALL NEW COMP'!G53 -> MT64/TAG4561 | H50: ='[2]ALL NEW COMP'!O53 -> 1892.6986 | J50: ='[2]ALL NEW COMP'!T53 -> CU - 72 QC | K50: ='[2]ALL NEW COMP'!W53 -> 6171.9441 | M50: ='[2]ALL NEW COMP'!AT53 -> LCU-06 | N50: ='[2]ALL NEW COMP'!$AU53 -> 2226.97 | P50: ='[2]ALL NEW COMP'!$AW53 -> 1237.1873 | Q50: ='[2]ALL NEW COMP'!$BB53 -> 4620.4399 | R50: ='[2]ALL NEW COMP'!$AZ53 -> 4956.7608 | S50: ='[2]ALL NEW COMP'!BA53 -> 4892.7491 | T50: ='[2]ALL NEW COMP'!BC53 -> 7625.7858 | U50: ='[2]ALL NEW COMP'!BD53 -> 7527.3063 | V50: ='[2]ALL NEW COMP'!BE53 -> 7108.369 | W50: ='[2]ALL NEW COMP'!$BF53 -> 0 | X50: ='[2]ALL NEW COMP'!$BI53 -> 0
A51: ='[2]ALL NEW COMP'!A54 -> ALL089 | B51: ='[2]ALL NEW COMP'!B54 -> CR72KQM-TFM (3ph)(6HP MT) R22 | D51: ='[2]ALL NEW COMP'!D54 -> 6 | E51: ='[2]ALL NEW COMP'!E54 -> 1/2 , 7/8 | F51: ='[2]ALL NEW COMP'!F54 -> 0 | G51: ='[2]ALL NEW COMP'!G54 -> MT72/TAG4573 | H51: ='[2]ALL NEW COMP'!O54 -> 2294.4112 | J51: ='[2]ALL NEW COMP'!T54 -> CU - 90 QC | K51: ='[2]ALL NEW COMP'!W54 -> 6972.9139 | M51: ='[2]ALL NEW COMP'!AT54 -> LCU-08 | N51: ='[2]ALL NEW COMP'!$AU54 -> 2708.3365 | P51: ='[2]ALL NEW COMP'!$AW54 -> 1278.5355 | Q51: ='[2]ALL NEW COMP'!$BB54 -> 5404.2677 | R51: ='[2]ALL NEW COMP'!$AZ54 -> 5740.5886 | S51: ='[2]ALL NEW COMP'!BA54 -> 5676.5769 | T51: ='[2]ALL NEW COMP'!BC54 -> 8831.6748 | U51: ='[2]ALL NEW COMP'!BD54 -> 8733.1953 | V51: ='[2]ALL NEW COMP'!BE54 -> 8314.258 | W51: ='[2]ALL NEW COMP'!$BF54 -> 0 | X51: ='[2]ALL NEW COMP'!$BI54 -> 0
A52: ='[2]ALL NEW COMP'!A55 -> ALL090 | B52: ='[2]ALL NEW COMP'!B55 -> KCJ461CAL (1ph)(1HP MT) R507 | C52: Copeland R404,R507,R22 MED TEMP | D52: ='[2]ALL NEW COMP'!D55 -> 1 | E52: ='[2]ALL NEW COMP'!E55 -> 3/8 , 1/2 | F52: ='[2]ALL NEW COMP'!F55 -> 0 | G52: ='[2]ALL NEW COMP'!G55 -> WJ5510/CAJ4510Z | H52: ='[2]ALL NEW COMP'!O55 -> 1127.0706 | I52: Filter drier,sight glass,hand valve,hi-lo control,QC oil sep,suction acc and etc. | J52: ='[2]ALL NEW COMP'!T55 -> CU - 15 QC | K52: ='[2]ALL NEW COMP'!W55 -> 3276.5852 | M52: ='[2]ALL NEW COMP'!AT55 -> WCU-1.5HP | N52: ='[2]ALL NEW COMP'!$AU55 -> 524.84472 | O52: All danfoss acc filter drier,sight glass,hand valve,hi-lo control and etc. | P52: ='[2]ALL NEW COMP'!$AW55 -> 912.45266 | Q52: ='[2]ALL NEW COMP'!$BB55 -> 2095.9218 | R52: ='[2]ALL NEW COMP'!$AZ55 -> 2432.2427 | S52: ='[2]ALL NEW COMP'!BA55 -> 2368.231 | T52: ='[2]ALL NEW COMP'!BC55 -> 3741.9119 | U52: ='[2]ALL NEW COMP'!BD55 -> 3643.4323 | V52: ='[2]ALL NEW COMP'!BE55 -> 3224.4951 | W52: ='[2]ALL NEW COMP'!$BF55 -> 0 | X52: ='[2]ALL NEW COMP'!$BI55 -> 0
A53: ='[2]ALL NEW COMP'!A56 -> ALL091 | B53: ='[2]ALL NEW COMP'!B56 -> KCJ484CAL (1ph)(1.5HP MT) R507 | D53: ='[2]ALL NEW COMP'!D56 -> 1.5 | E53: ='[2]ALL NEW COMP'!E56 -> 3/8 , 1/2 | F53: ='[2]ALL NEW COMP'!F56 -> 0 | G53: ='[2]ALL NEW COMP'!G56 -> WJ5515/CAJ4517Z | H53: ='[2]ALL NEW COMP'!O56 -> 1238.2375 | J53: ='[2]ALL NEW COMP'!T56 -> CU - 22 QC | K53: ='[2]ALL NEW COMP'!W56 -> 3557.3651 | M53: ='[2]ALL NEW COMP'!AT56 -> WCU-2HP | N53: ='[2]ALL NEW COMP'!$AU56 -> 781.8323 | P53: ='[2]ALL NEW COMP'!$AW56 -> 912.45266 | Q53: ='[2]ALL NEW COMP'!$BB56 -> 2425.1679 | R53: ='[2]ALL NEW COMP'!$AZ56 -> 2761.4888 | S53: ='[2]ALL NEW COMP'!BA56 -> 2697.4771 | T53: ='[2]ALL NEW COMP'!BC56 -> 4248.4443 | U53: ='[2]ALL NEW COMP'!BD56 -> 4149.9647 | V53: ='[2]ALL NEW COMP'!BE56 -> 3731.0275 | W53: ='[2]ALL NEW COMP'!$BF56 -> 0 | X53: ='[2]ALL NEW COMP'!$BI56 -> 0
A54: ='[2]ALL NEW COMP'!A57 -> ALL097 | B54: ='[2]ALL NEW COMP'!B57 -> KCM519CAL (3ph) COPELAND COMP (3HP MT) | D54: ='[2]ALL NEW COMP'!D57 -> 3 | E54: ='[2]ALL NEW COMP'!E57 -> 3/8 , 7/8 | F54: ='[2]ALL NEW COMP'!F57 -> 0 | G54: ='[2]ALL NEW COMP'!G57 -> MTZ36 | H54: ='[2]ALL NEW COMP'!O57 -> 1486.8 | J54: ='[2]ALL NEW COMP'!T57 -> CU - 40 QC | K54: ='[2]ALL NEW COMP'!W57 -> 4188.1818 | M54: ='[2]ALL NEW COMP'!AT57 -> WCU-3HP | N54: ='[2]ALL NEW COMP'!$AU57 -> 1087.7329 | P54: ='[2]ALL NEW COMP'!$AW57 -> 922.41247 | Q54: ='[2]ALL NEW COMP'!$BB57 -> 2902.5939 | R54: ='[2]ALL NEW COMP'!$AZ57 -> 3238.9148 | S54: ='[2]ALL NEW COMP'!BA57 -> 3174.9031 | T54: ='[2]ALL NEW COMP'!BC57 -> 4982.9458 | U54: ='[2]ALL NEW COMP'!BD57 -> 4884.4663 | V54: ='[2]ALL NEW COMP'!BE57 -> 4465.5291 | W54: ='[2]ALL NEW COMP'!$BF57 -> 0 | X54: ='[2]ALL NEW COMP'!$BI57 -> 0
A55: ='[2]ALL NEW COMP'!A58 -> ALL098 | B55: ='[2]ALL NEW COMP'!B58 -> KCM522CAL (3ph) COPELAND COMP (3.5HP MT) | D55: ='[2]ALL NEW COMP'!D58 -> 3.5 | E55: ='[2]ALL NEW COMP'!E58 -> 3/8 , 7/8 | F55: ='[2]ALL NEW COMP'!F58 -> 0 | G55: ='[2]ALL NEW COMP'!G58 -> MTZ40/TFH4540Z | H55: ='[2]ALL NEW COMP'!O58 -> 1634.7175 | J55: ='[2]ALL NEW COMP'!T58 -> CU - 50 QC | K55: ='[2]ALL NEW COMP'!W58 -> 4618.6755 | M55: ='[2]ALL NEW COMP'!AT58 -> WCU-4HP | N55: ='[2]ALL NEW COMP'!$AU58 -> 1350.9317 | P55: ='[2]ALL NEW COMP'!$AW58 -> 922.41247 | Q55: ='[2]ALL NEW COMP'!$BB58 -> 3261.939 | R55: ='[2]ALL NEW COMP'!$AZ58 -> 3598.26 | S55: ='[2]ALL NEW COMP'!BA58 -> 3534.2483 | T55: ='[2]ALL NEW COMP'!BC58 -> 5535.7846 | U55: ='[2]ALL NEW COMP'!BD58 -> 5437.305 | V55: ='[2]ALL NEW COMP'!BE58 -> 5018.3678 | W55: ='[2]ALL NEW COMP'!$BF58 -> 0 | X55: ='[2]ALL NEW COMP'!$BI58 -> 0
A56: ='[2]ALL NEW COMP'!A59 -> ALL098.01 | B56: ='[2]ALL NEW COMP'!B59 -> CS11K6ME-PFZ-135 (1ph)(2HP) R507 | C56: R404,R507 MED TEMP COMP c/w service valve | D56: ='[2]ALL NEW COMP'!D59 -> 2 | E56: ='[2]ALL NEW COMP'!E59 -> (V01,09) | F56: ='[2]ALL NEW COMP'!F59 -> 0 | G56: ='[2]ALL NEW COMP'!G59 -> MTZ22/FH4524Z | H56: ='[2]ALL NEW COMP'!O59 -> 1452.9426 | I56: Filter drier,sight glass,hand valve,hi-lo control,QC oil sep,suction acc and etc. | J56: ='[2]ALL NEW COMP'!T59 -> CU - 32 QC | K56: ='[2]ALL NEW COMP'!W59 -> 3849.5047 | M56: ='[2]ALL NEW COMP'!AT59 -> WCU-2HP | N56: ='[2]ALL NEW COMP'!$AU59 -> 781.8323 | O56: All danfoss acc filter drier,sight glass,hand valve,hi-lo control and etc. | P56: ='[2]ALL NEW COMP'!$AW59 -> 922.41247 | Q56: ='[2]ALL NEW COMP'!$BB59 -> 2649.5836 | R56: ='[2]ALL NEW COMP'!$AZ59 -> 2648.6574 | S56: ='[2]ALL NEW COMP'!BA59 -> 2584.6457 | T56: ='[2]ALL NEW COMP'!BC59 -> 4074.8576 | U56: ='[2]ALL NEW COMP'!BD59 -> 3976.3781 | V56: ='[2]ALL NEW COMP'!BE59 -> 4076.2825 | W56: ='[2]ALL NEW COMP'!$BF59 -> 0 | X56: ='[2]ALL NEW COMP'!$BI59 -> 0
A57: ='[2]ALL NEW COMP'!A60 -> ALL098.02 | B57: ='[2]ALL NEW COMP'!B60 -> CS11K6ME-TFD-132 (3ph)(2HP) R507 | D57: ='[2]ALL NEW COMP'!D60 -> 2 | E57: ='[2]ALL NEW COMP'!E60 -> (V01,09) | F57: ='[2]ALL NEW COMP'!F60 -> 0 | G57: ='[2]ALL NEW COMP'!G60 -> MTZ22/TFH4524Z | H57: ='[2]ALL NEW COMP'!O60 -> 1452.9426 | J57: ='[2]ALL NEW COMP'!T60 -> CU - 32 QC | K57: ='[2]ALL NEW COMP'!W60 -> 3849.5047 | M57: ='[2]ALL NEW COMP'!AT60 -> WCU-2HP | N57: ='[2]ALL NEW COMP'!$AU60 -> 781.8323 | P57: ='[2]ALL NEW COMP'!$AW60 -> 922.41247 | Q57: ='[2]ALL NEW COMP'!$BB60 -> 2649.5836 | R57: ='[2]ALL NEW COMP'!$AZ60 -> 2846.069 | S57: ='[2]ALL NEW COMP'!BA60 -> 2782.0573 | T57: ='[2]ALL NEW COMP'!BC60 -> 4378.5676 | U57: ='[2]ALL NEW COMP'!BD60 -> 4280.0881 | V57: ='[2]ALL NEW COMP'!BE60 -> 4076.2825 | W57: ='[2]ALL NEW COMP'!$BF60 -> 0 | X57: ='[2]ALL NEW COMP'!$BI60 -> 0
A58: ='[2]ALL NEW COMP'!A61 -> ALL098.03 | B58: ='[2]ALL NEW COMP'!B61 -> CS13K6ME-PFZ-135 (1ph)(2.5HP) R507 | D58: ='[2]ALL NEW COMP'!D61 -> 2.5 | E58: ='[2]ALL NEW COMP'!E61 -> (V06,09) | F58: ='[2]ALL NEW COMP'!F61 -> 0 | G58: ='[2]ALL NEW COMP'!G61 -> MTZ32/FH4531Z | H58: ='[2]ALL NEW COMP'!O61 -> 1524.5541 | J58: ='[2]ALL NEW COMP'!T61 -> CU - 36 QC | K58: ='[2]ALL NEW COMP'!W61 -> 4090.5289 | M58: ='[2]ALL NEW COMP'!AT61 -> WCU-2HP | N58: ='[2]ALL NEW COMP'!$AU61 -> 781.8323 | P58: ='[2]ALL NEW COMP'!$AW61 -> 922.41247 | Q58: ='[2]ALL NEW COMP'!$BB61 -> 2696.1312 | R58: ='[2]ALL NEW COMP'!$AZ61 -> 2695.205 | S58: ='[2]ALL NEW COMP'!BA61 -> 2631.1933 | T58: ='[2]ALL NEW COMP'!BC61 -> 4146.4692 | U58: ='[2]ALL NEW COMP'!BD61 -> 4047.9896 | V58: ='[2]ALL NEW COMP'!BE61 -> 4147.8941 | W58: ='[2]ALL NEW COMP'!$BF61 -> 0 | X58: ='[2]ALL NEW COMP'!$BI61 -> 0
A59: ='[2]ALL NEW COMP'!A62 -> ALL098.04 | B59: ='[2]ALL NEW COMP'!B62 -> CS13K6ME-TFM-132 (3ph)(2.5HP) R507 | D59: ='[2]ALL NEW COMP'!D62 -> 2.5 | E59: ='[2]ALL NEW COMP'!E62 -> (V06,09) | F59: ='[2]ALL NEW COMP'!F62 -> 0 | G59: ='[2]ALL NEW COMP'!G62 -> MTZ32/TFH4531Z | H59: ='[2]ALL NEW COMP'!O62 -> 1520.8166 | J59: ='[2]ALL NEW COMP'!T62 -> CU - 36 QC | K59: ='[2]ALL NEW COMP'!W62 -> 4086.7913 | M59: ='[2]ALL NEW COMP'!AT62 -> WCU-2HP | N59: ='[2]ALL NEW COMP'!$AU62 -> 781.8323 | P59: ='[2]ALL NEW COMP'!$AW62 -> 922.41247 | Q59: ='[2]ALL NEW COMP'!$BB62 -> 2693.7017 | R59: ='[2]ALL NEW COMP'!$AZ62 -> 2890.1871 | S59: ='[2]ALL NEW COMP'!BA62 -> 2826.1754 | T59: ='[2]ALL NEW COMP'!BC62 -> 4446.4416 | U59: ='[2]ALL NEW COMP'!BD62 -> 4347.9621 | V59: ='[2]ALL NEW COMP'!BE62 -> 4144.1565 | W59: ='[2]ALL NEW COMP'!$BF62 -> 0 | X59: ='[2]ALL NEW COMP'!$BI62 -> 0
A60: ='[2]ALL NEW COMP'!A63 -> ALL098.05 | B60: ='[2]ALL NEW COMP'!B63 -> CS17K6ME-PFZ-135 (1ph)(3HP) R507 | D60: ='[2]ALL NEW COMP'!D63 -> 3 | E60: ='[2]ALL NEW COMP'!E63 -> (V06,09) | F60: ='[2]ALL NEW COMP'!F63 -> 0 | G60: ='[2]ALL NEW COMP'!G63 -> MTZ36 | H60: ='[2]ALL NEW COMP'!O63 -> 1711.432 | J60: ='[2]ALL NEW COMP'!T63 -> CU - 40 QC | K60: ='[2]ALL NEW COMP'!W63 -> 4412.8137 | M60: ='[2]ALL NEW COMP'!AT63 -> WCU-3HP | N60: ='[2]ALL NEW COMP'!$AU63 -> 1087.7329 | P60: ='[2]ALL NEW COMP'!$AW63 -> 922.41247 | Q60: ='[2]ALL NEW COMP'!$BB63 -> 3123.5024 | R60: ='[2]ALL NEW COMP'!$AZ63 -> 3122.5762 | S60: ='[2]ALL NEW COMP'!BA63 -> 3058.5645 | T60: ='[2]ALL NEW COMP'!BC63 -> 4803.9633 | U60: ='[2]ALL NEW COMP'!BD63 -> 4705.4838 | V60: ='[2]ALL NEW COMP'!BE63 -> 4805.3883 | W60: ='[2]ALL NEW COMP'!$BF63 -> 0 | X60: ='[2]ALL NEW COMP'!$BI63 -> 0
A61: ='[2]ALL NEW COMP'!A64 -> ALL098.06 | B61: ='[2]ALL NEW COMP'!B64 -> CS17K6ME-TFM-132 (3ph)(3HP) R507 | D61: ='[2]ALL NEW COMP'!D64 -> 3 | E61: ='[2]ALL NEW COMP'!E64 -> (V06,09) | F61: ='[2]ALL NEW COMP'!F64 -> 0 | G61: ='[2]ALL NEW COMP'!G64 -> MTZ36 | H61: ='[2]ALL NEW COMP'!O64 -> 1530.7585 | J61: ='[2]ALL NEW COMP'!T64 -> CU - 40 QC | K61: ='[2]ALL NEW COMP'!W64 -> 4232.1402 | M61: ='[2]ALL NEW COMP'!AT64 -> WCU-3HP | N61: ='[2]ALL NEW COMP'!$AU64 -> 1087.7329 | P61: ='[2]ALL NEW COMP'!$AW64 -> 922.41247 | Q61: ='[2]ALL NEW COMP'!$BB64 -> 3006.0646 | R61: ='[2]ALL NEW COMP'!$AZ64 -> 3202.5499 | S61: ='[2]ALL NEW COMP'!BA64 -> 3138.5382 | T61: ='[2]ALL NEW COMP'!BC64 -> 4926.9999 | U61: ='[2]ALL NEW COMP'!BD64 -> 4828.5204 | V61: ='[2]ALL NEW COMP'!BE64 -> 4624.7148 | W61: ='[2]ALL NEW COMP'!$BF64 -> 0 | X61: ='[2]ALL NEW COMP'!$BI64 -> 0
A62: ='[2]ALL NEW COMP'!A65 -> ALL098.061 | B62: ='[2]ALL NEW COMP'!B65 -> CS20K6ME-PFZ-137 (1ph)(3.5HP) R507 | D62: ='[2]ALL NEW COMP'!D65 -> 3.5 | E62: ='[2]ALL NEW COMP'!E65 -> (V06,09) | F62: ='[2]ALL NEW COMP'!F65 -> 0 | G62: ='[2]ALL NEW COMP'!G65 -> MTZ40/FH4540Z | H62: ='[2]ALL NEW COMP'!O65 -> 2139.9054 | J62: ='[2]ALL NEW COMP'!T65 -> CU - 50 QC | K62: ='[2]ALL NEW COMP'!W65 -> 5123.8634 | M62: ='[2]ALL NEW COMP'!AT65 -> WCU-4HP | N62: ='[2]ALL NEW COMP'!$AU65 -> 1350.9317 | P62: ='[2]ALL NEW COMP'!$AW65 -> 922.41247 | Q62: ='[2]ALL NEW COMP'!$BB65 -> 3665.2089 | R62: ='[2]ALL NEW COMP'!$AZ65 -> 3861.6942 | S62: ='[2]ALL NEW COMP'!BA65 -> 3797.6825 | T62: ='[2]ALL NEW COMP'!BC65 -> 5941.068 | U62: ='[2]ALL NEW COMP'!BD65 -> 5842.5885 | V62: ='[2]ALL NEW COMP'!BE65 -> 5638.7829 | W62: ='[2]ALL NEW COMP'!$BF65 -> 0 | X62: ='[2]ALL NEW COMP'!$BI65 -> 0
A63: ='[2]ALL NEW COMP'!A66 -> ALL098.07 | B63: ='[2]ALL NEW COMP'!B66 -> CS20K6ME-TFD-132 (3ph)(3.5HP) R507 | D63: ='[2]ALL NEW COMP'!D66 -> 3.5 | E63: ='[2]ALL NEW COMP'!E66 -> (V06,09) | F63: ='[2]ALL NEW COMP'!F66 -> 0 | G63: ='[2]ALL NEW COMP'!G66 -> MTZ40/TFH4540Z | H63: ='[2]ALL NEW COMP'!O66 -> 1823.9002 | J63: ='[2]ALL NEW COMP'!T66 -> CU - 50 QC | K63: ='[2]ALL NEW COMP'!W66 -> 4807.8582 | M63: ='[2]ALL NEW COMP'!AT66 -> WCU-4HP | N63: ='[2]ALL NEW COMP'!$AU66 -> 1350.9317 | P63: ='[2]ALL NEW COMP'!$AW66 -> 922.41247 | Q63: ='[2]ALL NEW COMP'!$BB66 -> 3459.8055 | R63: ='[2]ALL NEW COMP'!$AZ66 -> 3721.2287 | S63: ='[2]ALL NEW COMP'!BA66 -> 3657.217 | T63: ='[2]ALL NEW COMP'!BC66 -> 5724.9672 | U63: ='[2]ALL NEW COMP'!BD66 -> 5626.4877 | V63: ='[2]ALL NEW COMP'!BE66 -> 5322.7776 | W63: ='[2]ALL NEW COMP'!$BF66 -> 0 | X63: ='[2]ALL NEW COMP'!$BI66 -> 0
A64: ='[2]ALL NEW COMP'!A67 -> ALL098.08 | B64: ='[2]ALL NEW COMP'!B67 -> CS24KQME-TFD-233 (3ph)(3.7HP) R507 | D64: ='[2]ALL NEW COMP'!D67 -> 3.7 | E64: ='[2]ALL NEW COMP'!E67 -> (V06,05) | F64: ='[2]ALL NEW COMP'!F67 -> 0 | G64: ='[2]ALL NEW COMP'!G67 -> MTZ44/TAG4546Z | H64: ='[2]ALL NEW COMP'!O67 -> 2105.2525 | J64: ='[2]ALL NEW COMP'!T67 -> CU - 64 QC | K64: ='[2]ALL NEW COMP'!W67 -> 5997.9405 | M64: ='[2]ALL NEW COMP'!AT67 -> WCU-4HP | N64: ='[2]ALL NEW COMP'!$AU67 -> 1350.9317 | P64: ='[2]ALL NEW COMP'!$AW67 -> 1085.3038 | Q64: ='[2]ALL NEW COMP'!$BB67 -> 3805.5758 | R64: ='[2]ALL NEW COMP'!$AZ67 -> 4066.999 | S64: ='[2]ALL NEW COMP'!BA67 -> 4002.9873 | T64: ='[2]ALL NEW COMP'!BC67 -> 6256.9216 | U64: ='[2]ALL NEW COMP'!BD67 -> 6158.442 | V64: ='[2]ALL NEW COMP'!BE67 -> 5854.732 | W64: ='[2]ALL NEW COMP'!$BF67 -> 0 | X64: ='[2]ALL NEW COMP'!$BI67 -> 0
A65: ='[2]ALL NEW COMP'!A68 -> ALL098.081 | B65: ='[2]ALL NEW COMP'!B68 -> CS27KQME-TFD-233 (3ph)(4HP) R507 | D65: ='[2]ALL NEW COMP'!D68 -> 4 | E65: ='[2]ALL NEW COMP'!E68 -> (V06,05) | F65: ='[2]ALL NEW COMP'!F68 -> 0 | G65: ='[2]ALL NEW COMP'!G68 -> MTZ50,TAG2516Z | H65: ='[2]ALL NEW COMP'!O68 -> 2193.982 | J65: ='[2]ALL NEW COMP'!T68 -> CU - 64 QC | K65: ='[2]ALL NEW COMP'!W68 -> 6086.6701 | M65: ='[2]ALL NEW COMP'!AT68 -> LCU-05 | N65: ='[2]ALL NEW COMP'!$AU68 -> 2083.7948 | P65: ='[2]ALL NEW COMP'!$AW68 -> 1085.3038 | Q65: ='[2]ALL NEW COMP'!$BB68 -> 4596.1132 | R65: ='[2]ALL NEW COMP'!$AZ68 -> 4857.5364 | S65: ='[2]ALL NEW COMP'!BA68 -> 4793.5247 | T65: ='[2]ALL NEW COMP'!BC68 -> 7473.1329 | U65: ='[2]ALL NEW COMP'!BD68 -> 7374.6534 | V65: ='[2]ALL NEW COMP'!BE68 -> 7070.9433 | W65: ='[2]ALL NEW COMP'!$BF68 -> 0 | X65: ='[2]ALL NEW COMP'!$BI68 -> 0
A66: ='[2]ALL NEW COMP'!A69 -> ALL098.09 | B66: ='[2]ALL NEW COMP'!B69 -> CS33KQME-TFD-233 (3ph)(5HP) R507 | D66: ='[2]ALL NEW COMP'!D69 -> 5 | E66: ='[2]ALL NEW COMP'!E69 -> (V06,05) | F66: ='[2]ALL NEW COMP'!F69 -> 0 | G66: ='[2]ALL NEW COMP'!G69 -> MTZ64/TAG4561Z | H66: ='[2]ALL NEW COMP'!O69 -> 2284.4309 | J66: ='[2]ALL NEW COMP'!T69 -> CU - 72 QC | K66: ='[2]ALL NEW COMP'!W69 -> 6563.6764 | M66: ='[2]ALL NEW COMP'!AT69 -> LCU-06 | N66: ='[2]ALL NEW COMP'!$AU69 -> 2226.97 | P66: ='[2]ALL NEW COMP'!$AW69 -> 1237.1873 | Q66: ='[2]ALL NEW COMP'!$BB69 -> 4949.9636 | R66: ='[2]ALL NEW COMP'!$AZ69 -> 5211.3868 | S66: ='[2]ALL NEW COMP'!BA69 -> 5147.3751 | T66: ='[2]ALL NEW COMP'!BC69 -> 8017.5181 | U66: ='[2]ALL NEW COMP'!BD69 -> 7919.0386 | V66: ='[2]ALL NEW COMP'!BE69 -> 7615.3286 | W66: ='[2]ALL NEW COMP'!$BF69 -> 0 | X66: ='[2]ALL NEW COMP'!$BI69 -> 0
A67: ='[2]ALL NEW COMP'!A70 -> ALL098.10 | B67: ='[2]ALL NEW COMP'!B70 -> CF05K6ME-PFZ-135 (1ph)(2HP LT)R507 | C67: R404,R507 LOW TEMP COMP c/w service valve | D67: ='[2]ALL NEW COMP'!D70 -> 2 | E67: ='[2]ALL NEW COMP'!E70 -> (V06,09) | F67: ='[2]ALL NEW COMP'!F70 -> 0 | G67: ='[2]ALL NEW COMP'!G70 -> FH2480Z 8000BTU | H67: ='[2]ALL NEW COMP'!O70 -> 1840.8873 | I67: Filter drier,sight glass,hand valve,hi-lo control,QC oil sep,suction acc and etc. | J67: ='[2]ALL NEW COMP'!T70 -> CU - 36 QC | K67: ='[2]ALL NEW COMP'!W70 -> 4406.8621 | M67: ='[2]ALL NEW COMP'!AT70 -> WCU-3HP | N67: ='[2]ALL NEW COMP'!$AU70 -> 1087.7329 | O67: All danfoss acc filter drier,sight glass,hand valve,hi-lo control,Airmender oil sep,suction acc and etc. | P67: ='[2]ALL NEW COMP'!$AW70 -> 922.41247 | Q67: ='[2]ALL NEW COMP'!$BB70 -> 3207.6484 | R67: ='[2]ALL NEW COMP'!$AZ70 -> 3469.0716 | S67: ='[2]ALL NEW COMP'!BA70 -> 3405.0599 | T67: ='[2]ALL NEW COMP'!BC70 -> 5337.0332 | U67: ='[2]ALL NEW COMP'!BD70 -> 5238.5537 | V67: ='[2]ALL NEW COMP'!BE70 -> 4934.8436 | W67: ='[2]ALL NEW COMP'!$BF70 -> 0 | X67: ='[2]ALL NEW COMP'!$BI70 -> 0
A68: ='[2]ALL NEW COMP'!A71 -> ALL098.11 | B68: ='[2]ALL NEW COMP'!B71 -> CF05K6ME-TFM-132 (3ph)(2HP LT)R507 | D68: ='[2]ALL NEW COMP'!D71 -> 2 | E68: ='[2]ALL NEW COMP'!E71 -> (V06,09) | F68: ='[2]ALL NEW COMP'!F71 -> 0 | G68: ='[2]ALL NEW COMP'!G71 -> TFH2480Z 8000BTU | H68: ='[2]ALL NEW COMP'!O71 -> 1688.5394 | J68: ='[2]ALL NEW COMP'!T71 -> CU - 36 QC | K68: ='[2]ALL NEW COMP'!W71 -> 4254.5142 | M68: ='[2]ALL NEW COMP'!AT71 -> WCU-3HP | N68: ='[2]ALL NEW COMP'!$AU71 -> 1087.7329 | P68: ='[2]ALL NEW COMP'!$AW71 -> 922.41247 | Q68: ='[2]ALL NEW COMP'!$BB71 -> 3108.6222 | R68: ='[2]ALL NEW COMP'!$AZ71 -> 3370.0454 | S68: ='[2]ALL NEW COMP'!BA71 -> 3306.0337 | T68: ='[2]ALL NEW COMP'!BC71 -> 5184.6853 | U68: ='[2]ALL NEW COMP'!BD71 -> 5086.2058 | V68: ='[2]ALL NEW COMP'!BE71 -> 4782.4957 | W68: ='[2]ALL NEW COMP'!$BF71 -> 0 | X68: ='[2]ALL NEW COMP'!$BI71 -> 0
A69: ='[2]ALL NEW COMP'!A72 -> ALL098.13 | B69: ='[2]ALL NEW COMP'!B72 -> CF10K6ME-TFM-132 (3ph)(2.8HP LT) R507 | D69: ='[2]ALL NEW COMP'!D72 -> 2.8 (5AMP) | E69: ='[2]ALL NEW COMP'!E72 -> (V06,09) | F69: ='[2]ALL NEW COMP'!F72 -> 0 | G69: ='[2]ALL NEW COMP'!G72 -> TFH2511Z | H69: ='[2]ALL NEW COMP'!O72 -> 1787.0962 | J69: ='[2]ALL NEW COMP'!T72 -> CU - 40 QC | K69: ='[2]ALL NEW COMP'!W72 -> 4488.478 | M69: ='[2]ALL NEW COMP'!AT72 -> WCU-3HP | N69: ='[2]ALL NEW COMP'!$AU72 -> 1087.7329 | P69: ='[2]ALL NEW COMP'!$AW72 -> 922.41247 | Q69: ='[2]ALL NEW COMP'!$BB72 -> 3172.6841 | R69: ='[2]ALL NEW COMP'!$AZ72 -> 3434.1074 | S69: ='[2]ALL NEW COMP'!BA72 -> 3370.0957 | T69: ='[2]ALL NEW COMP'!BC72 -> 5283.2421 | U69: ='[2]ALL NEW COMP'!BD72 -> 5184.7626 | V69: ='[2]ALL NEW COMP'!BE72 -> 4881.0525 | W69: ='[2]ALL NEW COMP'!$BF72 -> 0 | X69: ='[2]ALL NEW COMP'!$BI72 -> 0
A70: ='[2]ALL NEW COMP'!A73 -> ALL098.14 | B70: ='[2]ALL NEW COMP'!B73 -> CF12K7ME-TFD-132 (3ph)(3.5HP LT) R507 | D70: ='[2]ALL NEW COMP'!D73 -> 3.5 | E70: ='[2]ALL NEW COMP'!E73 -> (V06,09) | F70: ='[2]ALL NEW COMP'!F73 -> 0 | G70: ='[2]ALL NEW COMP'!G73 -> TFH2513Z | H70: ='[2]ALL NEW COMP'!O73 -> 2067.9696 | J70: ='[2]ALL NEW COMP'!T73 -> CU - 50 QC | K70: ='[2]ALL NEW COMP'!W73 -> 4797.4083 | M70: ='[2]ALL NEW COMP'!AT73 -> WCU-4HP | N70: ='[2]ALL NEW COMP'!$AU73 -> 1350.9317 | P70: ='[2]ALL NEW COMP'!$AW73 -> 922.41247 | Q70: ='[2]ALL NEW COMP'!$BB73 -> 3453.013 | R70: ='[2]ALL NEW COMP'!$AZ73 -> 3714.4362 | S70: ='[2]ALL NEW COMP'!BA73 -> 3650.4245 | T70: ='[2]ALL NEW COMP'!BC73 -> 5714.5173 | U70: ='[2]ALL NEW COMP'!BD73 -> 5616.0378 | V70: ='[2]ALL NEW COMP'!BE73 -> 5312.3277 | W70: ='[2]ALL NEW COMP'!$BF73 -> 0 | X70: ='[2]ALL NEW COMP'!$BI73 -> 0
A71: ='[2]ALL NEW COMP'!A74 -> ALL098.15 | B71: ='[2]ALL NEW COMP'!B74 -> KCM475LAL-C3 (1ph)(2HP LT) R507 | D71: ='[2]ALL NEW COMP'!D74 -> 2 | E71: ='[2]ALL NEW COMP'!E74 -> 3/8 , 5/8 | F71: ='[2]ALL NEW COMP'!F74 -> 0 | G71: ='[2]ALL NEW COMP'!G74 -> FH2480Z 8000BTU | H71: ='[2]ALL NEW COMP'!O74 -> 1677.2128 | J71: ='[2]ALL NEW COMP'!T74 -> CU - 36 QC | K71: ='[2]ALL NEW COMP'!W74 -> 4191.581 | M71: ='[2]ALL NEW COMP'!AT74 -> WCU-3HP | N71: ='[2]ALL NEW COMP'!$AU74 -> 1087.7329 | P71: ='[2]ALL NEW COMP'!$AW74 -> 922.41247 | Q71: ='[2]ALL NEW COMP'!$BB74 -> 3067.7157 | R71: ='[2]ALL NEW COMP'!$AZ74 -> 3329.1389 | S71: ='[2]ALL NEW COMP'!BA74 -> 3265.1272 | T71: ='[2]ALL NEW COMP'!BC74 -> 5121.7521 | U71: ='[2]ALL NEW COMP'!BD74 -> 5023.2726 | V71: ='[2]ALL NEW COMP'!BE74 -> 4719.5626 | W71: ='[2]ALL NEW COMP'!$BF74 -> 0 | X71: ='[2]ALL NEW COMP'!$BI74 -> 0
A72: ='[2]ALL NEW COMP'!A75 -> ALL098.16 | B72: ='[2]ALL NEW COMP'!B75 -> KCM475LAL-E5 (3ph)(2HP LT) R507 | D72: ='[2]ALL NEW COMP'!D75 -> 2 | E72: ='[2]ALL NEW COMP'!E75 -> 3/8 , 5/8 | F72: ='[2]ALL NEW COMP'!F75 -> 0 | G72: ='[2]ALL NEW COMP'!G75 -> TFH2480Z 8000BTU | H72: ='[2]ALL NEW COMP'!O75 -> 1497.2007 | J72: ='[2]ALL NEW COMP'!T75 -> CU - 36 QC | K72: ='[2]ALL NEW COMP'!W75 -> 3994.0739 | M72: ='[2]ALL NEW COMP'!AT75 -> WCU-3HP | N72: ='[2]ALL NEW COMP'!$AU75 -> 1087.7329 | P72: ='[2]ALL NEW COMP'!$AW75 -> 922.41247 | Q72: ='[2]ALL NEW COMP'!$BB75 -> 2939.336 | R72: ='[2]ALL NEW COMP'!$AZ75 -> 3200.7592 | S72: ='[2]ALL NEW COMP'!BA75 -> 3136.7475 | T72: ='[2]ALL NEW COMP'!BC75 -> 4924.245 | U72: ='[2]ALL NEW COMP'!BD75 -> 4825.7654 | V72: ='[2]ALL NEW COMP'!BE75 -> 4522.0554 | W72: ='[2]ALL NEW COMP'!$BF75 -> 0 | X72: ='[2]ALL NEW COMP'!$BI75 -> 0
A73: ='[2]ALL NEW COMP'!A76 -> ALL099 | B73: ='[2]ALL NEW COMP'!B76 -> KCM512LAL (3ph)(3HP LT) R507 | D73: ='[2]ALL NEW COMP'!D76 -> 3 | E73: ='[2]ALL NEW COMP'!E76 -> 3/8 , 3/4 | F73: ='[2]ALL NEW COMP'!F76 -> 0 | G73: ='[2]ALL NEW COMP'!G76 -> TFH2511Z | H73: ='[2]ALL NEW COMP'!O76 -> 1610.2469 | J73: ='[2]ALL NEW COMP'!T76 -> CU - 50 QC | K73: ='[2]ALL NEW COMP'!W76 -> 4420.7937 | M73: ='[2]ALL NEW COMP'!AT76 -> WCU-3HP | N73: ='[2]ALL NEW COMP'!$AU76 -> 1087.7329 | P73: ='[2]ALL NEW COMP'!$AW76 -> 922.41247 | Q73: ='[2]ALL NEW COMP'!$BB76 -> 2945.0148 | R73: ='[2]ALL NEW COMP'!$AZ76 -> 3206.438 | S73: ='[2]ALL NEW COMP'!BA76 -> 3142.4263 | T73: ='[2]ALL NEW COMP'!BC76 -> 4932.9815 | U73: ='[2]ALL NEW COMP'!BD76 -> 4834.502 | V73: ='[2]ALL NEW COMP'!BE76 -> 4530.792 | W73: ='[2]ALL NEW COMP'!$BF76 -> 0 | X73: ='[2]ALL NEW COMP'!$BI76 -> 0
A74: ='[2]ALL NEW COMP'!A77 -> ALL099.01 | B74: ='[2]ALL NEW COMP'!B77 -> KCM515LAL (3ph)(3.5HP LT) R507 | D74: ='[2]ALL NEW COMP'!D77 -> 3.5 | E74: ='[2]ALL NEW COMP'!E77 -> 3/8 , 3/4 | F74: ='[2]ALL NEW COMP'!F77 -> 0 | G74: ='[2]ALL NEW COMP'!G77 -> TFH2513Z | H74: ='[2]ALL NEW COMP'!O77 -> 1758.8339 | J74: ='[2]ALL NEW COMP'!T77 -> CU - 64B QC | K74: ='[2]ALL NEW COMP'!W77 -> 4828.1244 | M74: ='[2]ALL NEW COMP'!AT77 -> WCU-4HP | N74: ='[2]ALL NEW COMP'!$AU77 -> 1350.9317 | P74: ='[2]ALL NEW COMP'!$AW77 -> 922.41247 | Q74: ='[2]ALL NEW COMP'!$BB77 -> 3241.629 | R74: ='[2]ALL NEW COMP'!$AZ77 -> 3503.0522 | S74: ='[2]ALL NEW COMP'!BA77 -> 3439.0405 | T74: ='[2]ALL NEW COMP'!BC77 -> 5389.3111 | U74: ='[2]ALL NEW COMP'!BD77 -> 5290.8315 | V74: ='[2]ALL NEW COMP'!BE77 -> 4987.1215 | W74: ='[2]ALL NEW COMP'!$BF77 -> 0 | X74: ='[2]ALL NEW COMP'!$BI77 -> 0
A75: ='[2]ALL NEW COMP'!A78 -> ALL099.02 | B75: ='[2]ALL NEW COMP'!B78 -> KCM517LAL (3ph)(4HP LT) R507 | D75: ='[2]ALL NEW COMP'!D78 -> 4 | E75: ='[2]ALL NEW COMP'!E78 -> V06,V04(1/2,3/4) | F75: ='[2]ALL NEW COMP'!F78 -> 0 | G75: ='[2]ALL NEW COMP'!G78 -> TAG2516Z | H75: ='[2]ALL NEW COMP'!O78 -> 2016.0853 | J75: ='[2]ALL NEW COMP'!T78 -> CU - 64 QC | K75: ='[2]ALL NEW COMP'!W78 -> 5629.6231 | M75: ='[2]ALL NEW COMP'!AT78 -> LCU-05 | N75: ='[2]ALL NEW COMP'!$AU78 -> 2083.7948 | P75: ='[2]ALL NEW COMP'!$AW78 -> 1085.3038 | Q75: ='[2]ALL NEW COMP'!$BB78 -> 4299.0326 | R75: ='[2]ALL NEW COMP'!$AZ78 -> 4560.4558 | S75: ='[2]ALL NEW COMP'!BA78 -> 4496.4441 | T75: ='[2]ALL NEW COMP'!BC78 -> 7016.0859 | U75: ='[2]ALL NEW COMP'!BD78 -> 6917.6064 | V75: ='[2]ALL NEW COMP'!BE78 -> 6613.8963 | W75: ='[2]ALL NEW COMP'!$BF78 -> HTC-4 | X75: ='[2]ALL NEW COMP'!$BI78 -> 5735.3886
A76: ='[2]ALL NEW COMP'!A79 -> ALL099.03 | B76: ='[2]ALL NEW COMP'!B79 -> KCM520LAL (3ph)(5HP LT) R507 | D76: ='[2]ALL NEW COMP'!D79 -> 5 | E76: ='[2]ALL NEW COMP'!E79 -> V06,V04(1/2,3/4) | F76: ='[2]ALL NEW COMP'!F79 -> 0 | G76: ='[2]ALL NEW COMP'!G79 -> TAG2522Z | H76: ='[2]ALL NEW COMP'!O79 -> 2177.6665 | J76: ='[2]ALL NEW COMP'!T79 -> CU - 72 QC | K76: ='[2]ALL NEW COMP'!W79 -> 6054.8812 | M76: ='[2]ALL NEW COMP'!AT79 -> LCU-06 | N76: ='[2]ALL NEW COMP'!$AU79 -> 2226.97 | P76: ='[2]ALL NEW COMP'!$AW79 -> 1237.1873 | Q76: ='[2]ALL NEW COMP'!$BB79 -> 4619.2467 | R76: ='[2]ALL NEW COMP'!$AZ79 -> 4880.6699 | S76: ='[2]ALL NEW COMP'!BA79 -> 4816.6582 | T76: ='[2]ALL NEW COMP'!BC79 -> 7508.7229 | U76: ='[2]ALL NEW COMP'!BD79 -> 7410.2434 | V76: ='[2]ALL NEW COMP'!BE79 -> 7106.5334 | W76: ='[2]ALL NEW COMP'!$BF79 -> HTC-5 | X76: ='[2]ALL NEW COMP'!$BI79 -> 6127.2019
A77: ='[2]ALL NEW COMP'!A80 -> ALL100 | B77: ='[2]ALL NEW COMP'!B80 -> SM124A4ALB DANFOSS SCROLL COMP 10HP | C77: Danfoss Scroll Compressor 3ph 380V 50HZ-460V 60HZ (20c ~ -25c) R22,R404,R507 | D77: ='[2]ALL NEW COMP'!D80 -> 10 | E77: ='[2]ALL NEW COMP'!E80 -> 7/8, 1 3/8 | F77: ='[2]ALL NEW COMP'!F80 -> 8 | G77: ='[2]ALL NEW COMP'!G80 -> 0 | H77: ='[2]ALL NEW COMP'!O80 -> 4202.2028 | I77: Filter drier,sight glass,hand valve,hi-lo control,QC oil sep,suction acc and etc. | J77: ='[2]ALL NEW COMP'!T80 -> CU - 144 QC | K77: ='[2]ALL NEW COMP'!W80 -> 11711.933 | M77: ='[2]ALL NEW COMP'!AT80 -> TCU - 150B | N77: ='[2]ALL NEW COMP'!$AU80 -> 4016.678 | O77: All danfoss acc filter drier,sight glass,hand valve,hi-lo control and etc. | P77: ='[2]ALL NEW COMP'!$AW80 -> 1631.7604 | Q77: ='[2]ALL NEW COMP'!$BB80 -> 8380.7963 | R77: ='[2]ALL NEW COMP'!$AZ80 -> 8642.2195 | S77: ='[2]ALL NEW COMP'!BA80 -> 8578.2079 | T77: ='[2]ALL NEW COMP'!BC80 -> 13295.722 | U77: ='[2]ALL NEW COMP'!BD80 -> 13197.243 | V77: ='[2]ALL NEW COMP'!BE80 -> 12893.533 | W77: ='[2]ALL NEW COMP'!$BF80 -> 0 | X77: ='[2]ALL NEW COMP'!$BI80 -> 0
A78: ='[2]ALL NEW COMP'!A81 -> ALL101 | B78: ='[2]ALL NEW COMP'!B81 -> SM147A4ALB DANFOSS SCROLL COMP 12HP | D78: ='[2]ALL NEW COMP'!D81 -> 12 | E78: ='[2]ALL NEW COMP'!E81 -> 7/8, 1 3/8 | F78: ='[2]ALL NEW COMP'!F81 -> 8 | G78: ='[2]ALL NEW COMP'!G81 -> 0 | H78: ='[2]ALL NEW COMP'!O81 -> 4404.3706 | J78: ='[2]ALL NEW COMP'!T81 -> CU - 160 QC | K78: ='[2]ALL NEW COMP'!W81 -> 12598.268 | M78: ='[2]ALL NEW COMP'!AT81 -> TCU - 120 | N78: ='[2]ALL NEW COMP'!$AU81 -> 4103.5136 | P78: ='[2]ALL NEW COMP'!$AW81 -> 1631.7604 | Q78: ='[2]ALL NEW COMP'!$BB81 -> 8599.0411 | R78: ='[2]ALL NEW COMP'!$AZ81 -> 8860.4643 | S78: ='[2]ALL NEW COMP'!BA81 -> 8796.4526 | T78: ='[2]ALL NEW COMP'!BC81 -> 13631.484 | U78: ='[2]ALL NEW COMP'!BD81 -> 13533.004 | V78: ='[2]ALL NEW COMP'!BE81 -> 13229.294 | W78: ='[2]ALL NEW COMP'!$BF81 -> 0 | X78: ='[2]ALL NEW COMP'!$BI81 -> 0 | AP78: ='[1]ALL NEW COMP'!$AH85 -> #REF! | AQ78: ='[1]ALL NEW COMP'!#REF! -> #REF!
A79: ='[2]ALL NEW COMP'!A82 -> ALL102 | B79: ='[2]ALL NEW COMP'!B82 -> SM161T4VC DANFOSS SCROLL COMP 13HP | D79: ='[2]ALL NEW COMP'!D82 -> 13 | E79: ='[2]ALL NEW COMP'!E82 -> 7/8, 1 3/8 | F79: ='[2]ALL NEW COMP'!F82 -> 6 | G79: ='[2]ALL NEW COMP'!G82 -> 0 | H79: ='[2]ALL NEW COMP'!O82 -> 5711.2413 | J79: ='[2]ALL NEW COMP'!T82 -> CU - 160 QC | K79: ='[2]ALL NEW COMP'!W82 -> 13945.31 | M79: ='[2]ALL NEW COMP'!AT82 -> TCU - 150 | N79: ='[2]ALL NEW COMP'!$AU82 -> 4549.1658 | P79: ='[2]ALL NEW COMP'!$AW82 -> 1657.8711 | Q79: ='[2]ALL NEW COMP'!$BB82 -> 9920.27 | R79: ='[2]ALL NEW COMP'!$AZ82 -> 10181.693 | S79: ='[2]ALL NEW COMP'!BA82 -> 10117.681 | T79: ='[2]ALL NEW COMP'!BC82 -> 15664.143 | U79: ='[2]ALL NEW COMP'!BD82 -> 15565.664 | V79: ='[2]ALL NEW COMP'!BE82 -> 15261.954 | W79: ='[2]ALL NEW COMP'!$BF82 -> 0 | X79: ='[2]ALL NEW COMP'!$BI82 -> 0 | AP79: ='[1]ALL NEW COMP'!$AH86 -> #REF! | AQ79: ='[1]ALL NEW COMP'!#REF! -> #REF!
A80: ='[2]ALL NEW COMP'!A83 -> ALL103 | B80: ='[2]ALL NEW COMP'!B83 -> SM185S4CC DANFOSS SCROLL COMP 15HP | D80: ='[2]ALL NEW COMP'!D83 -> 15 | E80: ='[2]ALL NEW COMP'!E83 -> 1 1/8, 1 5/8 | F80: ='[2]ALL NEW COMP'!F83 -> 6 | G80: ='[2]ALL NEW COMP'!G83 -> 0 | H80: ='[2]ALL NEW COMP'!O83 -> 6570.4545 | J80: ='[2]ALL NEW COMP'!T83 -> CU - 200 QC | K80: ='[2]ALL NEW COMP'!W83 -> 16569.443 | M80: ='[2]ALL NEW COMP'!AT83 -> TCU - 150 | N80: ='[2]ALL NEW COMP'!$AU83 -> 4549.1658 | P80: ='[2]ALL NEW COMP'!$AW83 -> 1857.8711 | Q80: ='[2]ALL NEW COMP'!$BB83 -> 10678.759 | R80: ='[2]ALL NEW COMP'!$AZ83 -> 10940.182 | S80: ='[2]ALL NEW COMP'!BA83 -> 10876.17 | T80: ='[2]ALL NEW COMP'!BC83 -> 16831.049 | U80: ='[2]ALL NEW COMP'!BD83 -> 16732.569 | V80: ='[2]ALL NEW COMP'!BE83 -> 16428.859 | W80: ='[2]ALL NEW COMP'!$BF83 -> HTC-20 | X80: ='[2]ALL NEW COMP'!$BI83 -> 14892.473 | AP80: ='[1]ALL NEW COMP'!$AH87 -> #REF! | AQ80: ='[1]ALL NEW COMP'!#REF! -> #REF!
A81: ='[2]ALL NEW COMP'!A84 -> ALL104 | B81: ='[2]ALL NEW COMP'!B84 -> SY240A4CBE DANFOSS SCROLL COMP 20HP | D81: ='[2]ALL NEW COMP'!D84 -> 20 | E81: ='[2]ALL NEW COMP'!E84 -> 1 1/8, 1 5/8 | F81: ='[2]ALL NEW COMP'!F84 -> 4 | G81: ='[2]ALL NEW COMP'!G84 -> 0 | H81: ='[2]ALL NEW COMP'!O84 -> 11621.212 | J81: ='[2]ALL NEW COMP'!T84 -> CU - 250 QC | K81: ='[2]ALL NEW COMP'!W84 -> 24798.208 | M81: ='[2]ALL NEW COMP'!AT84 -> TCU - 220 | N81: ='[2]ALL NEW COMP'!$AU84 -> 6329.2504 | P81: ='[2]ALL NEW COMP'!$AW84 -> 2063.0409 | Q81: ='[2]ALL NEW COMP'!$BB84 -> 15714.581 | R81: ='[2]ALL NEW COMP'!$AZ84 -> 15976.004 | S81: ='[2]ALL NEW COMP'!BA84 -> 15911.993 | T81: ='[2]ALL NEW COMP'!BC84 -> 24578.468 | U81: ='[2]ALL NEW COMP'!BD84 -> 24479.989 | V81: ='[2]ALL NEW COMP'!BE84 -> 24176.279 | W81: ='[2]ALL NEW COMP'!$BF84 -> HTC-25 | X81: ='[2]ALL NEW COMP'!$BI84 -> 20903.202 | AP81: ='[1]ALL NEW COMP'!$AH88 -> #REF! | AQ81: ='[1]ALL NEW COMP'!#REF! -> #REF!
A82: ='[2]ALL NEW COMP'!A85 -> ALL105 | B82: ='[2]ALL NEW COMP'!B85 -> SY300A4CBE DANFOSS SCROLL COMP 25HP | D82: ='[2]ALL NEW COMP'!D85 -> 25 | E82: ='[2]ALL NEW COMP'!E85 -> 1 1/8, 1 5/8 | F82: ='[2]ALL NEW COMP'!F85 -> 4 | G82: ='[2]ALL NEW COMP'!G85 -> 0 | H82: ='[2]ALL NEW COMP'!O85 -> 11808.651 | J82: ='[2]ALL NEW COMP'!T85 -> CU - 300 QC | K82: ='[2]ALL NEW COMP'!W85 -> 26704.227 | M82: ='[2]ALL NEW COMP'!AT85 -> TCUV - 250 | N82: ='[2]ALL NEW COMP'!$AU85 -> 9622.8746 | P82: ='[2]ALL NEW COMP'!$AW85 -> 2448.4533 | Q82: ='[2]ALL NEW COMP'!$BB85 -> 19393.618 | R82: ='[2]ALL NEW COMP'!$AZ85 -> 19655.041 | S82: ='[2]ALL NEW COMP'!BA85 -> 19591.029 | T82: ='[2]ALL NEW COMP'!BC85 -> 30238.525 | U82: ='[2]ALL NEW COMP'!BD85 -> 30140.045 | V82: ='[2]ALL NEW COMP'!BE85 -> 29836.335 | W82: ='[2]ALL NEW COMP'!$BF85 -> HTC-30 | X82: ='[2]ALL NEW COMP'!$BI85 -> 22550.753 | AP82: ='[1]ALL NEW COMP'!$AH89 -> #REF! | AQ82: ='[1]ALL NEW COMP'!#REF! -> #REF!
A83: ='[2]ALL NEW COMP'!A86 -> ALL108 | B83: ='[2]ALL NEW COMP'!B86 -> SZ120S4CC DANFOSS SCROLL COMP 10HP | D83: ='[2]ALL NEW COMP'!D86 -> 10 | E83: ='[2]ALL NEW COMP'!E86 -> 0 | F83: ='[2]ALL NEW COMP'!F86 -> 0 | G83: ='[2]ALL NEW COMP'!G86 -> 0 | H83: ='[2]ALL NEW COMP'!O86 -> 5386.3287 | J83: ='[2]ALL NEW COMP'!T86 -> CU - 144 QC | K83: ='[2]ALL NEW COMP'!W86 -> 12896.059 | M83: ='[2]ALL NEW COMP'!AT86 -> 0 | N83: ='[2]ALL NEW COMP'!$AU86 -> 0 | P83: ='[2]ALL NEW COMP'!$AW86 -> 0 | Q83: ='[2]ALL NEW COMP'!$BB86 -> 0 | S83: ='[2]ALL NEW COMP'!BA86 -> 0 | T83: ='[2]ALL NEW COMP'!BC86 -> 0 | U83: ='[2]ALL NEW COMP'!BD86 -> 0 | V83: ='[2]ALL NEW COMP'!BE86 -> 0 | W83: ='[2]ALL NEW COMP'!$BF86 -> 0 | X83: ='[2]ALL NEW COMP'!$BI86 -> 0
A84: ='[2]ALL NEW COMP'!A87 -> ALL111 | B84: ='[2]ALL NEW COMP'!B87 -> SZ161T4VC DANFOSS SCROLL COMP 13HP | D84: ='[2]ALL NEW COMP'!D87 -> 13 | E84: ='[2]ALL NEW COMP'!E87 -> 0 | F84: ='[2]ALL NEW COMP'!F87 -> 0 | G84: ='[2]ALL NEW COMP'!G87 -> 0 | H84: ='[2]ALL NEW COMP'!O87 -> 6714.8601 | J84: ='[2]ALL NEW COMP'!T87 -> CU - 160 QC | K84: ='[2]ALL NEW COMP'!W87 -> 14948.928 | M84: ='[2]ALL NEW COMP'!AT87 -> 0 | N84: ='[2]ALL NEW COMP'!$AU87 -> 0 | P84: ='[2]ALL NEW COMP'!$AW87 -> 0 | Q84: ='[2]ALL NEW COMP'!$BB87 -> 0 | S84: ='[2]ALL NEW COMP'!BA87 -> 0 | T84: ='[2]ALL NEW COMP'!BC87 -> 0 | U84: ='[2]ALL NEW COMP'!BD87 -> 0 | V84: ='[2]ALL NEW COMP'!BE87 -> 0 | W84: ='[2]ALL NEW COMP'!$BF87 -> 0 | X84: ='[2]ALL NEW COMP'!$BI87 -> 0
A85: ='[2]ALL NEW COMP'!A88 -> ALL112 | B85: ='[2]ALL NEW COMP'!B88 -> SZ185S4CC DANFOSS SCROLL COMP 15HP | D85: ='[2]ALL NEW COMP'!D88 -> 15 | E85: ='[2]ALL NEW COMP'!E88 -> 0 | F85: ='[2]ALL NEW COMP'!F88 -> 1 | G85: ='[2]ALL NEW COMP'!G88 -> 0 | H85: ='[2]ALL NEW COMP'!O88 -> 6823.1643 | J85: ='[2]ALL NEW COMP'!T88 -> CU - 200 QC | K85: ='[2]ALL NEW COMP'!W88 -> 16822.152 | M85: ='[2]ALL NEW COMP'!AT88 -> 0 | N85: ='[2]ALL NEW COMP'!$AU88 -> 0 | P85: ='[2]ALL NEW COMP'!$AW88 -> 0 | Q85: ='[2]ALL NEW COMP'!$BB88 -> 0 | S85: ='[2]ALL NEW COMP'!BA88 -> 0 | T85: ='[2]ALL NEW COMP'!BC88 -> 0 | U85: ='[2]ALL NEW COMP'!BD88 -> 0 | V85: ='[2]ALL NEW COMP'!BE88 -> 0 | W85: ='[2]ALL NEW COMP'!$BF88 -> 0 | X85: ='[2]ALL NEW COMP'!$BI88 -> 0
A86: ='[2]ALL NEW COMP'!A89 -> ALL120 | B86: ='[2]ALL NEW COMP'!B89 -> CH290A4ABA DANFOSS SCROLL COMP 25HP | D86: ='[2]ALL NEW COMP'!D89 -> 25 | E86: ='[2]ALL NEW COMP'!E89 -> 2UNIT | F86: ='[2]ALL NEW COMP'!F89 -> 0 | G86: ='[2]ALL NEW COMP'!G89 -> YORK | H86: ='[2]ALL NEW COMP'!O89 -> 11075.909 | J86: ='[2]ALL NEW COMP'!T89 -> CU - 350 QC | K86: ='[2]ALL NEW COMP'!W89 -> 22746.486 | M86: ='[2]ALL NEW COMP'!AT89 -> 0 | N86: ='[2]ALL NEW COMP'!$AU89 -> 0 | P86: ='[2]ALL NEW COMP'!$AW89 -> 0 | Q86: ='[2]ALL NEW COMP'!$BB89 -> 0 | S86: ='[2]ALL NEW COMP'!BA89 -> 0 | T86: ='[2]ALL NEW COMP'!BC89 -> 0 | U86: ='[2]ALL NEW COMP'!BD89 -> 0 | V86: ='[2]ALL NEW COMP'!BE89 -> 0 | W86: ='[2]ALL NEW COMP'!$BF89 -> 0 | X86: ='[2]ALL NEW COMP'!$BI89 -> 0
A87: ='[2]ALL NEW COMP'!A90 -> ALL121.2 | B87: ='[2]ALL NEW COMP'!B90 -> MLZ021T4LP9A DANFOSS SCROLL COMP 3HP | C87: Danfoss Scroll Compressor 3ph 380V 50HZ-460V 60HZ (20c ~ -25c) R404,R507 | D87: ='[2]ALL NEW COMP'!D90 -> 3 | E87: ='[2]ALL NEW COMP'!E90 -> 0 | F87: ='[2]ALL NEW COMP'!F90 -> 0 | G87: ='[2]ALL NEW COMP'!G90 -> 0 | H87: ='[2]ALL NEW COMP'!O90 -> 1638.3537 | I87: Filter drier,sight glass,hand valve,hi-lo control,QC oil sep,suction acc and etc. | J87: ='[2]ALL NEW COMP'!T90 -> CU - 40 QC | K87: ='[2]ALL NEW COMP'!W90 -> 4561.7341 | M87: ='[2]ALL NEW COMP'!AT90 -> BCU - 50 | N87: ='[2]ALL NEW COMP'!$AU90 -> 1160.7143 | O87: All danfoss acc filter drier,sight glass,hand valve,hi-lo control,emerson oil separator,suction acc and etc. | P87: ='[2]ALL NEW COMP'!$AW90 -> 948.48899 | Q87: ='[2]ALL NEW COMP'!$BB90 -> 3175.0594 | S87: ='[2]ALL NEW COMP'!BA90 -> 3372.4709 | T87: ='[2]ALL NEW COMP'!BC90 -> 5286.8963 | U87: ='[2]ALL NEW COMP'!BD90 -> 5188.4167 | V87: ='[2]ALL NEW COMP'!BE90 -> 4884.7067 | W87: ='[2]ALL NEW COMP'!$BF90 -> 0 | X87: ='[2]ALL NEW COMP'!$BI90 -> 0
A88: ='[2]ALL NEW COMP'!A91 -> ALL121.3 | B88: ='[2]ALL NEW COMP'!B91 -> MLZ030T4LC9A DANFOSS SCROLL COMP 4HP | D88: ='[2]ALL NEW COMP'!D91 -> 4 | E88: ='[2]ALL NEW COMP'!E91 -> 0 | F88: ='[2]ALL NEW COMP'!F91 -> 0 | G88: ='[2]ALL NEW COMP'!G91 -> 0 | H88: ='[2]ALL NEW COMP'!O91 -> 2058.935 | J88: ='[2]ALL NEW COMP'!T91 -> CU - 64 QC | K88: ='[2]ALL NEW COMP'!W91 -> 5923.0196 | M88: ='[2]ALL NEW COMP'!AT91 -> BCU - 55 | N88: ='[2]ALL NEW COMP'!$AU91 -> 1299.6894 | P88: ='[2]ALL NEW COMP'!$AW91 -> 1075.692 | Q88: ='[2]ALL NEW COMP'!$BB91 -> 3714.6153 | S88: ='[2]ALL NEW COMP'!BA91 -> 3912.0269 | T88: ='[2]ALL NEW COMP'!BC91 -> 6116.9824 | U88: ='[2]ALL NEW COMP'!BD91 -> 6018.5029 | V88: ='[2]ALL NEW COMP'!BE91 -> 5714.7928 | W88: ='[2]ALL NEW COMP'!$BF91 -> 0 | X88: ='[2]ALL NEW COMP'!$BI91 -> 0
A89: ='[2]ALL NEW COMP'!A92 -> ALL121.4 | B89: ='[2]ALL NEW COMP'!B92 -> MLZ038T4LC9A DANFOSS SCROLL COMP 5HP | D89: ='[2]ALL NEW COMP'!D92 -> 5 | E89: ='[2]ALL NEW COMP'!E92 -> 0 | F89: ='[2]ALL NEW COMP'!F92 -> 0 | G89: ='[2]ALL NEW COMP'!G92 -> 0 | H89: ='[2]ALL NEW COMP'!O92 -> 2195.3572 | J89: ='[2]ALL NEW COMP'!T92 -> CU - 72 QC | K89: ='[2]ALL NEW COMP'!W92 -> 6173.7544 | M89: ='[2]ALL NEW COMP'!AT92 -> BCU - 64 | N89: ='[2]ALL NEW COMP'!$AU92 -> 1626.5528 | P89: ='[2]ALL NEW COMP'!$AW92 -> 1204.2913 | Q89: ='[2]ALL NEW COMP'!$BB92 -> 4105.0774 | S89: ='[2]ALL NEW COMP'!BA92 -> 4302.489 | T89: ='[2]ALL NEW COMP'!BC92 -> 6717.6933 | U89: ='[2]ALL NEW COMP'!BD92 -> 6619.2138 | V89: ='[2]ALL NEW COMP'!BE92 -> 6315.5037 | W89: ='[2]ALL NEW COMP'!$BF92 -> 0 | X89: ='[2]ALL NEW COMP'!$BI92 -> 0
A90: ='[2]ALL NEW COMP'!A93 -> ALL121.5 | B90: ='[2]ALL NEW COMP'!B93 -> MLZ045T4LC9A DANFOSS SCROLL COMP 6HP | D90: ='[2]ALL NEW COMP'!D93 -> 6 | E90: ='[2]ALL NEW COMP'!E93 -> 0 | F90: ='[2]ALL NEW COMP'!F93 -> 0 | G90: ='[2]ALL NEW COMP'!G93 -> 0 | H90: ='[2]ALL NEW COMP'!O93 -> 2445.2199 | J90: ='[2]ALL NEW COMP'!T93 -> CU - 90 QC | K90: ='[2]ALL NEW COMP'!W93 -> 6995.6848 | M90: ='[2]ALL NEW COMP'!AT93 -> BCU - 72 | N90: ='[2]ALL NEW COMP'!$AU93 -> 1900.6211 | P90: ='[2]ALL NEW COMP'!$AW93 -> 1204.2913 | Q90: ='[2]ALL NEW COMP'!$BB93 -> 4695.2316 | S90: ='[2]ALL NEW COMP'!BA93 -> 4892.6431 | T90: ='[2]ALL NEW COMP'!BC93 -> 7625.6227 | U90: ='[2]ALL NEW COMP'!BD93 -> 7527.1432 | V90: ='[2]ALL NEW COMP'!BE93 -> 7223.4332 | W90: ='[2]ALL NEW COMP'!$BF93 -> 0 | X90: ='[2]ALL NEW COMP'!$BI93 -> 0
A91: ='[2]ALL NEW COMP'!A94 -> ALL121.6 | B91: ='[2]ALL NEW COMP'!B94 -> MLZ048T4LC9A DANFOSS SCROLL COMP 7HP | D91: ='[2]ALL NEW COMP'!D94 -> 7 | E91: ='[2]ALL NEW COMP'!E94 -> 0 | F91: ='[2]ALL NEW COMP'!F94 -> 0 | G91: ='[2]ALL NEW COMP'!G94 -> 0 | H91: ='[2]ALL NEW COMP'!O94 -> 3302.7726 | J91: ='[2]ALL NEW COMP'!T94 -> CU - 100 QC | K91: ='[2]ALL NEW COMP'!W94 -> 8131.5461 | M91: ='[2]ALL NEW COMP'!AT94 -> BCU - 100 | N91: ='[2]ALL NEW COMP'!$AU94 -> 2070.6522 | P91: ='[2]ALL NEW COMP'!$AW94 -> 1204.2913 | Q91: ='[2]ALL NEW COMP'!$BB94 -> 5422.6718 | S91: ='[2]ALL NEW COMP'!BA94 -> 5620.0833 | T91: ='[2]ALL NEW COMP'!BC94 -> 8744.7616 | U91: ='[2]ALL NEW COMP'!BD94 -> 8646.2821 | V91: ='[2]ALL NEW COMP'!BE94 -> 8342.572 | W91: ='[2]ALL NEW COMP'!$BF94 -> 0 | X91: ='[2]ALL NEW COMP'!$BI94 -> 0
A92: ='[2]ALL NEW COMP'!A95 -> ALL121.7 | B92: ='[2]ALL NEW COMP'!B95 -> MLZ058T4LC9A DANFOSS SCROLL COMP 8HP | D92: ='[2]ALL NEW COMP'!D95 -> 8 | E92: ='[2]ALL NEW COMP'!E95 -> 0 | F92: ='[2]ALL NEW COMP'!F95 -> 0 | G92: ='[2]ALL NEW COMP'!G95 -> 0 | H92: ='[2]ALL NEW COMP'!O95 -> 3951.7313 | J92: ='[2]ALL NEW COMP'!T95 -> CU - 125 QC | K92: ='[2]ALL NEW COMP'!W95 -> 10610.535 | M92: ='[2]ALL NEW COMP'!AT95 -> BCU - 110 | N92: ='[2]ALL NEW COMP'!$AU95 -> 2413.0435 | P92: ='[2]ALL NEW COMP'!$AW95 -> 2256.106 | Q92: ='[2]ALL NEW COMP'!$BB95 -> 7238.701 | S92: ='[2]ALL NEW COMP'!BA95 -> 7436.1125 | T92: ='[2]ALL NEW COMP'!BC95 -> 11538.653 | U92: ='[2]ALL NEW COMP'!BD95 -> 11440.173 | V92: ='[2]ALL NEW COMP'!BE95 -> 11136.463 | W92: ='[2]ALL NEW COMP'!$BF95 -> 0 | X92: ='[2]ALL NEW COMP'!$BI95 -> 0
A93: ='[2]ALL NEW COMP'!A96 -> ALL121.8 | B93: ='[2]ALL NEW COMP'!B96 -> MLZ066T4LC9A DANFOSS SCROLL COMP 9HP | D93: ='[2]ALL NEW COMP'!D96 -> 9 | E93: ='[2]ALL NEW COMP'!E96 -> 0 | F93: ='[2]ALL NEW COMP'!F96 -> 0 | G93: ='[2]ALL NEW COMP'!G96 -> 0 | H93: ='[2]ALL NEW COMP'!O96 -> 4052.1654 | J93: ='[2]ALL NEW COMP'!T96 -> CU - 144 QC | K93: ='[2]ALL NEW COMP'!W96 -> 11561.896 | M93: ='[2]ALL NEW COMP'!AT96 -> BCU - 120 | N93: ='[2]ALL NEW COMP'!$AU96 -> 2795.0311 | P93: ='[2]ALL NEW COMP'!$AW96 -> 2359.0372 | Q93: ='[2]ALL NEW COMP'!$BB96 -> 7788.9019 | S93: ='[2]ALL NEW COMP'!BA96 -> 7986.3134 | T93: ='[2]ALL NEW COMP'!BC96 -> 12385.116 | U93: ='[2]ALL NEW COMP'!BD96 -> 12286.636 | V93: ='[2]ALL NEW COMP'!BE96 -> 11982.926 | W93: ='[2]ALL NEW COMP'!$BF96 -> 0 | X93: ='[2]ALL NEW COMP'!$BI96 -> 0
A94: ='[2]ALL NEW COMP'!A97 -> ALL121.9 | B94: ='[2]ALL NEW COMP'!B97 -> MLZ076T4LC9A DANFOSS SCROLL COMP 10HP | D94: ='[2]ALL NEW COMP'!D97 -> 10 | E94: ='[2]ALL NEW COMP'!E97 -> 0 | F94: ='[2]ALL NEW COMP'!F97 -> 0 | G94: ='[2]ALL NEW COMP'!G97 -> 0 | H94: ='[2]ALL NEW COMP'!O97 -> 4498.9623 | J94: ='[2]ALL NEW COMP'!T97 -> CU - 144 QC | K94: ='[2]ALL NEW COMP'!W97 -> 11662.618 | M94: ='[2]ALL NEW COMP'!AT97 -> BCU - 120 | N94: ='[2]ALL NEW COMP'!$AU97 -> 2795.0311 | P94: ='[2]ALL NEW COMP'!$AW97 -> 2359.0372 | Q94: ='[2]ALL NEW COMP'!$BB97 -> 7854.3718 | S94: ='[2]ALL NEW COMP'!BA97 -> 8051.7833 | T94: ='[2]ALL NEW COMP'!BC97 -> 12485.838 | U94: ='[2]ALL NEW COMP'!BD97 -> 12387.359 | V94: ='[2]ALL NEW COMP'!BE97 -> 12083.649 | W94: ='[2]ALL NEW COMP'!$BF97 -> 0 | X94: ='[2]ALL NEW COMP'!$BI97 -> 0
A95: ='[2]ALL NEW COMP'!A98 -> ALL121.10 | B95: ='[2]ALL NEW COMP'!B98 -> MLZ090T4LC9 DANFOSS SCROLL COMP 13HP | D95: ='[2]ALL NEW COMP'!D98 -> 13 | E95: ='[2]ALL NEW COMP'!E98 -> 0 | F95: ='[2]ALL NEW COMP'!F98 -> 0 | G95: ='[2]ALL NEW COMP'!G98 -> 0 | H95: ='[2]ALL NEW COMP'!O98 -> 4869.2599 | J95: ='[2]ALL NEW COMP'!T98 -> CU - 160 QC | K95: ='[2]ALL NEW COMP'!W98 -> 12429.123 | L95: ='[2]ALL NEW COMP'!$AR98 -> 0 | M95: ='[2]ALL NEW COMP'!AT98 -> LCU-15 | N95: ='[2]ALL NEW COMP'!$AU98 -> 3959.7133 | P95: ='[2]ALL NEW COMP'!$AW98 -> 1993.9977 | Q95: ='[2]ALL NEW COMP'!$BB98 -> 8681.4227 | R95: ='[2]ALL NEW COMP'!$AZ98 -> 8942.8459 | S95: ='[2]ALL NEW COMP'!BA98 -> 8878.8342 | T95: ='[2]ALL NEW COMP'!BC98 -> 13758.225 | U95: ='[2]ALL NEW COMP'!BD98 -> 13659.745 | V95: ='[2]ALL NEW COMP'!BE98 -> 13356.035 | W95: ='[2]ALL NEW COMP'!$BF98 -> 0 | X95: ='[2]ALL NEW COMP'!$BI98 -> 0
A96: ='[2]ALL NEW COMP'!A99 -> ALL123 | B96: ='[2]ALL NEW COMP'!B99 -> ZB15KQE-TFD-559 2HP | C96: ZB SERIES can be use for R134A,R404,R507 (15c ~ -25c) 380V-440V 50Hz 3ph c/w service valve | D96: ='[2]ALL NEW COMP'!D99 -> 2 | E96: ='[2]ALL NEW COMP'!E99 -> V06,V04(1/2,3/4) | F96: ='[2]ALL NEW COMP'!F99 -> 16 | G96: ='[2]ALL NEW COMP'!G99 -> 1.0211649 | H96: ='[2]ALL NEW COMP'!O99 -> 1855.7808 | I96: Filter drier,sight glass,hand valve,hi-lo control,COPELAND oil sep,suction acc.include oil lever protect ZB58 and above. | J96: ='[2]ALL NEW COMP'!T99 -> CU - 32 QC | K96: ='[2]ALL NEW COMP'!W99 -> 4459.7156 | L96: ='[2]ALL NEW COMP'!$AR99 -> QC15M1-TFA-XX | M96: ='[2]ALL NEW COMP'!AT99 -> BCU - 36 | N96: ='[2]ALL NEW COMP'!$AU99 -> 917.70186 | O96: All danfoss acc filter drier,sight glass,hand valve,hi-lo control,emerson oil separator,suction acc and etc. | P96: ='[2]ALL NEW COMP'!$AW99 -> 948.48899 | Q96: ='[2]ALL NEW COMP'!$BB99 -> 3073.3746 | R96: ='[2]ALL NEW COMP'!$AZ99 -> 3334.7978 | S96: ='[2]ALL NEW COMP'!BA99 -> 3270.7861 | T96: ='[2]ALL NEW COMP'!BC99 -> 5130.4582 | U96: ='[2]ALL NEW COMP'!BD99 -> 5031.9787 | V96: ='[2]ALL NEW COMP'!BE99 -> 4728.2686 | W96: ='[2]ALL NEW COMP'!$BF99 -> 2.5hp | X96: ='[2]ALL NEW COMP'!$BI99 -> 4097.6342 | AP96: ='[1]ALL NEW COMP'!$AH94 -> #REF! | AQ96: ='[1]ALL NEW COMP'!#REF! -> #REF!
A97: ='[2]ALL NEW COMP'!A100 -> ALL124 | B97: ='[2]ALL NEW COMP'!B100 -> ZB19KQE-TFD-559 2.5HP | D97: ='[2]ALL NEW COMP'!D100 -> 2.5 | E97: ='[2]ALL NEW COMP'!E100 -> V06,V04(1/2,3/4) | F97: ='[2]ALL NEW COMP'!F100 -> 16 | G97: ='[2]ALL NEW COMP'!G100 -> 1.0140386 | H97: ='[2]ALL NEW COMP'!O100 -> 1878.1637 | J97: ='[2]ALL NEW COMP'!T100 -> CU - 36 QC | K97: ='[2]ALL NEW COMP'!W100 -> 4651.5111 | L97: ='[2]ALL NEW COMP'!$AR100 -> QC19M1-TFA-XX | M97: ='[2]ALL NEW COMP'!AT100 -> BCU - 40 | N97: ='[2]ALL NEW COMP'!$AU100 -> 1066.7702 | P97: ='[2]ALL NEW COMP'!$AW100 -> 948.48899 | Q97: ='[2]ALL NEW COMP'!$BB100 -> 3236.9918 | R97: ='[2]ALL NEW COMP'!$AZ100 -> 3498.415 | S97: ='[2]ALL NEW COMP'!BA100 -> 3434.4033 | T97: ='[2]ALL NEW COMP'!BC100 -> 5382.1769 | U97: ='[2]ALL NEW COMP'!BD100 -> 5283.6974 | V97: ='[2]ALL NEW COMP'!BE100 -> 4979.9874 | W97: ='[2]ALL NEW COMP'!$BF100 -> 0 | X97: ='[2]ALL NEW COMP'!$BI100 -> 0
A98: ='[2]ALL NEW COMP'!A101 -> ALL125 | B98: ='[2]ALL NEW COMP'!B101 -> ZB21KQE-TFD-559 3HP | D98: ='[2]ALL NEW COMP'!D101 -> 3 | E98: ='[2]ALL NEW COMP'!E101 -> V06,V04(1/2,3/4) | F98: ='[2]ALL NEW COMP'!F101 -> 16 | G98: ='[2]ALL NEW COMP'!G101 -> 1.0116771 | H98: ='[2]ALL NEW COMP'!O101 -> 1922.2074 | J98: ='[2]ALL NEW COMP'!T101 -> CU - 40 QC | K98: ='[2]ALL NEW COMP'!W101 -> 4830.9618 | L98: ='[2]ALL NEW COMP'!$AR101 -> QC21M1-TFA-XX | M98: ='[2]ALL NEW COMP'!AT101 -> BCU - 50 | N98: ='[2]ALL NEW COMP'!$AU101 -> 1160.7143 | P98: ='[2]ALL NEW COMP'!$AW101 -> 948.48899 | Q98: ='[2]ALL NEW COMP'!$BB101 -> 3359.5643 | R98: ='[2]ALL NEW COMP'!$AZ101 -> 3620.9875 | S98: ='[2]ALL NEW COMP'!BA101 -> 3556.9758 | T98: ='[2]ALL NEW COMP'!BC101 -> 5570.75 | U98: ='[2]ALL NEW COMP'!BD101 -> 5472.2705 | V98: ='[2]ALL NEW COMP'!BE101 -> 5168.5605 | W98: ='[2]ALL NEW COMP'!$BF101 -> HTC-3 | X98: ='[2]ALL NEW COMP'!$BI101 -> 5757.9857
A99: ='[2]ALL NEW COMP'!A102 -> ALL127 | B99: ='[2]ALL NEW COMP'!B102 -> ZB29KQE-TFD-559 4HP | D99: ='[2]ALL NEW COMP'!D102 -> 4 | E99: ='[2]ALL NEW COMP'!E102 -> V06,V05(1/2,7/8) | F99: ='[2]ALL NEW COMP'!F102 -> 16 | G99: ='[2]ALL NEW COMP'!G102 -> 1.0115197 | H99: ='[2]ALL NEW COMP'!O102 -> 2306.2073 | J99: ='[2]ALL NEW COMP'!T102 -> CU - 64 QC | K99: ='[2]ALL NEW COMP'!W102 -> 6362.0801 | L99: ='[2]ALL NEW COMP'!$AR102 -> QC29M1-TFA-XX | M99: ='[2]ALL NEW COMP'!AT102 -> BCU - 55 | N99: ='[2]ALL NEW COMP'!$AU102 -> 1299.6894 | P99: ='[2]ALL NEW COMP'!$AW102 -> 1075.692 | Q99: ='[2]ALL NEW COMP'!$BB102 -> 3875.3423 | R99: ='[2]ALL NEW COMP'!$AZ102 -> 4136.7656 | S99: ='[2]ALL NEW COMP'!BA102 -> 4072.7539 | T99: ='[2]ALL NEW COMP'!BC102 -> 6364.2547 | U99: ='[2]ALL NEW COMP'!BD102 -> 6265.7752 | V99: ='[2]ALL NEW COMP'!BE102 -> 5962.0651 | W99: ='[2]ALL NEW COMP'!$BF102 -> 0 | X99: ='[2]ALL NEW COMP'!$BI102 -> 0 | AP99: ='[1]ALL NEW COMP'!$AH95 -> #REF! | AQ99: ='[1]ALL NEW COMP'!#REF! -> #REF!
A100: ='[2]ALL NEW COMP'!A103 -> ALL128 | B100: ='[2]ALL NEW COMP'!B103 -> ZB38KQE-TFD-559 5HP | D100: ='[2]ALL NEW COMP'!D103 -> 5 | E100: ='[2]ALL NEW COMP'!E103 -> V06,V05(1/2,7/8) | F100: ='[2]ALL NEW COMP'!F103 -> 16 | G100: ='[2]ALL NEW COMP'!G103 -> 1.0547627 | H100: ='[2]ALL NEW COMP'!O103 -> 2420.4321 | J100: ='[2]ALL NEW COMP'!T103 -> CU - 72 QC | K100: ='[2]ALL NEW COMP'!W103 -> 6827.0406 | L100: ='[2]ALL NEW COMP'!$AR103 -> QC38M1-TFA-XX | M100: ='[2]ALL NEW COMP'!AT103 -> BCU - 64 | N100: ='[2]ALL NEW COMP'!$AU103 -> 1626.5528 | P100: ='[2]ALL NEW COMP'!$AW103 -> 1204.2913 | Q100: ='[2]ALL NEW COMP'!$BB103 -> 4405.0511 | R100: ='[2]ALL NEW COMP'!$AZ103 -> 4666.4744 | S100: ='[2]ALL NEW COMP'!BA103 -> 4602.4627 | T100: ='[2]ALL NEW COMP'!BC103 -> 7179.1913 | U100: ='[2]ALL NEW COMP'!BD103 -> 7080.7118 | V100: ='[2]ALL NEW COMP'!BE103 -> 6777.0018 | W100: ='[2]ALL NEW COMP'!$BF103 -> 0 | X100: ='[2]ALL NEW COMP'!$BI103 -> 0 | AP100: ='[1]ALL NEW COMP'!#REF! -> #REF! | AQ100: ='[1]ALL NEW COMP'!#REF! -> #REF!
A101: ='[2]ALL NEW COMP'!A104 -> ALL129 | B101: ='[2]ALL NEW COMP'!B104 -> ZB45KQE-TFD-559 6HP | D101: ='[2]ALL NEW COMP'!D104 -> 6 | E101: ='[2]ALL NEW COMP'!E104 -> V06,V05(1/2,7/8) | F101: ='[2]ALL NEW COMP'!F104 -> 16 | G101: ='[2]ALL NEW COMP'!G104 -> 1.0276448 | H101: ='[2]ALL NEW COMP'!O104 -> 2727.0774 | J101: ='[2]ALL NEW COMP'!T104 -> CU - 90 QC | K101: ='[2]ALL NEW COMP'!W104 -> 7517.5584 | L101: ='[2]ALL NEW COMP'!$AR104 -> QC45M1-TFA-XX | M101: ='[2]ALL NEW COMP'!AT104 -> BCU - 72 | N101: ='[2]ALL NEW COMP'!$AU104 -> 1900.6211 | P101: ='[2]ALL NEW COMP'!$AW104 -> 1204.2913 | Q101: ='[2]ALL NEW COMP'!$BB104 -> 4878.4389 | R101: ='[2]ALL NEW COMP'!$AZ104 -> 5139.8621 | S101: ='[2]ALL NEW COMP'!BA104 -> 5075.8504 | T101: ='[2]ALL NEW COMP'!BC104 -> 7907.4802 | U101: ='[2]ALL NEW COMP'!BD104 -> 7809.0006 | V101: ='[2]ALL NEW COMP'!BE104 -> 7505.2906 | W101: ='[2]ALL NEW COMP'!$BF104 -> 0 | X101: ='[2]ALL NEW COMP'!$BI104 -> 0 | AP101: ='[1]ALL NEW COMP'!$AH96 -> #REF! | AQ101: ='[1]ALL NEW COMP'!#REF! -> #REF!
A102: ='[2]ALL NEW COMP'!A105 -> ALL130 | B102: ='[2]ALL NEW COMP'!B105 -> ZB48KQE-TFD-559 7HP | D102: ='[2]ALL NEW COMP'!D105 -> 7 | E102: ='[2]ALL NEW COMP'!E105 -> V08,V05(5/8,7/8) | F102: ='[2]ALL NEW COMP'!F105 -> 16 | G102: ='[2]ALL NEW COMP'!G105 -> 0.96578614 | H102: ='[2]ALL NEW COMP'!O105 -> 3364.2713 | J102: ='[2]ALL NEW COMP'!T105 -> CU - 100 QC | K102: ='[2]ALL NEW COMP'!W105 -> 8433.0609 | L102: ='[2]ALL NEW COMP'!$AR105 -> QC48M1-TFA-XX | M102: ='[2]ALL NEW COMP'!AT105 -> BCU - 100 | N102: ='[2]ALL NEW COMP'!$AU105 -> 2070.6522 | P102: ='[2]ALL NEW COMP'!$AW105 -> 1204.2913 | Q102: ='[2]ALL NEW COMP'!$BB105 -> 5462.646 | R102: ='[2]ALL NEW COMP'!$AZ105 -> 5724.0692 | S102: ='[2]ALL NEW COMP'!BA105 -> 5660.0575 | T102: ='[2]ALL NEW COMP'!BC105 -> 8806.2603 | U102: ='[2]ALL NEW COMP'!BD105 -> 8707.7808 | V102: ='[2]ALL NEW COMP'!BE105 -> 8404.0708 | W102: ='[2]ALL NEW COMP'!$BF105 -> 0 | X102: ='[2]ALL NEW COMP'!$BI105 -> 0
...

Sheet ZX
A1: ='ALL NEW COMP'!A1 -> DATE :28.9.26
A2: SPARE PARTS FOR COPELAND ZX/ZXL/ZXD/ZXLD CDU
A4: Ref No. | B4: Description | C4: Model / part no. | D4: (RM)
B5: For ZX 2 to 7.5HP MT
A6: ZX001 | B6: ZX15KCE-TFD-558 2HP MT COMPRESSOR | C6: 2HP MT | D6: 1759.0741
A7: ZX002 | B7: ZX21KCE-TFD-558 3HP MT COMPRESSOR | C7: 3HP MT | D7: 1860.5859
A8: ZX003 | B8: ZX30KCE-TFD-558 4HP MT COMPRESSOR | C8: 4HP MT | D8: 2160.9495
A9: ZX004 | B9: ZX38KCE-TFD-558 5HP MT COMPRESSOR | C9: 5HP MT | D9: 2261.0707
A10: ZX005 | B10: ZX45KCE-TFD-558 6HP MT COMPRESSOR | C10: 6HP MT | D10: 2551.4222
A11: ZX006 | B11: ZX51KCE-TFD-558 7.5HP MT COMPRESSOR | C11: 7HP MT | D11: 3710.4444
A12: ZX007 | B12: ZXI06KCE-TFD-687 2HP LT scroll compressor | C12: 2HP fixed LT | D12: 1752.1212
A13: ZX008 | B13: ZXI08KCE-TFD-687 2.5HP LT scroll compressor | C13: 2.5HP fixed LT | D13: 1899.8
A14: ZX009 | B14: ZXI09KCE-TFD-687 3HP LT scroll compressor | C14: 3HP fixed LT | D14: 1988.5185
A15: ZX010 | B15: ZXI11KCE-TFD-647 3.5HP LT scroll compressor | C15: 3.5HP fixed LT | D15: 2562.1296
A16: ZX011 | B16: ZXI14KCE-TFD-647 4HP LT scroll compressor | C16: 4HP fixed LT | D16: 2244.3838
A17: ZX012 | B17: ZXI15KCE-TFD-647 5HP LT scroll compressor | C17: 5HP fixed LT | D17: 2227.697
... A92: ZX087 | B92: PCBA-FAN MOTOR POWER | C92: 143-0077-00 | D92: 481.83333

Sheet Small comp
A1: ='ALL NEW COMP'!A1 -> DATE :28.9.26
A4: ='[2]Small comp'!$A8 -> ITEM CODE | B4: ='[2]Small comp'!$B8 -> MODEL | C4: SPECIFICATION | D4: HP | E4: ='[2]Small comp'!$E8 -> Equalvelant comp | F4: ='[2]Small comp'!F8 -> RELAY BOX | G4: ='[2]Small comp'!H8 -> capillary tube | H4: ='[2]Small comp'!I8 -> use for refrigerator | I4: btu | J4: ='[2]Small comp'!$O8 -> (RM) | K4: Acc of refrigeration | L4: ='[2]Small comp'!T8 -> CU QC MODEL | M4: ='[2]Small comp'!W8 -> Cond QC (RM) | N4: ='[2]Small comp'!AC8 -> WCU COND | O4: ='[2]Small comp'!AF8 -> WCU COND RM | P4: ='[2]Small comp'!AG8 -> C/W Condenser sets BCU,TCU | Q4: ='[2]Small comp'!AJ8 -> BCU Cond for coldroom (RM)-1 | R4: ='[2]Small comp'!AK8 -> BCU Cond for showcase(RM)-2 | S4: ='[2]Small comp'!AL8 -> BCU Cond (RM)-3
A5: ='[2]Small comp'!#REF! -> #REF! | B5: ='[2]Small comp'!#REF! -> #REF! | C5: R134 | D5: ='[2]Small comp'!#REF! -> #REF! | E5: ='[2]Small comp'!#REF! -> #REF! | F5: ='[2]Small comp'!#REF! -> #REF! | J5: ='[2]Small comp'!#REF! -> #REF! | K5: Acc of refrigeration | L5: ='[2]Small comp'!#REF! -> #REF! | M5: ='[2]Small comp'!#REF! -> #REF! | N5: ='[2]Small comp'!#REF! -> #REF! | O5: ='[2]Small comp'!#REF! -> #REF! | P5: ='[2]Small comp'!#REF! -> #REF! | Q5: ='[2]Small comp'!#REF! -> #REF! | R5: ='[2]Small comp'!#REF! -> #REF! | S5: ='[2]Small comp'!#REF! -> #REF!
A6: ='[2]Small comp'!#REF! -> #REF! | B6: ='[2]Small comp'!#REF! -> #REF! | C6: Secop R404 | D6: ='[2]Small comp'!#REF! -> #REF! | E6: ='[2]Small comp'!#REF! -> #REF! | F6: ='[2]Small comp'!#REF! -> #REF! | G6: ='[2]Small comp'!#REF! -> #REF! | H6: ='[2]Small comp'!#REF! -> #REF! | J6: ='[2]Small comp'!#REF! -> #REF! | K6: ALL acc filter drier. | L6: ='[2]Small comp'!#REF! -> #REF! | M6: ='[2]Small comp'!#REF! -> #REF! | N6: ='[2]Small comp'!#REF! -> #REF! | O6: ='[2]Small comp'!#REF! -> #REF! | P6: ='[2]Small comp'!#REF! -> #REF! | Q6: ='[2]Small comp'!#REF! -> #REF! | R6: ='[2]Small comp'!#REF! -> #REF! | S6: ='[2]Small comp'!#REF! -> #REF! | X6: =(#REF!+#REF!)*#REF! -> #REF!
A7: ='[2]Small comp'!$A9 -> SMA019 | B7: ='[2]Small comp'!$B9 -> SC18CL | D7: ='[2]Small comp'!D9 -> 0.625 | E7: ='[2]Small comp'!E9 -> 0 | F7: ='[2]Small comp'!F9 -> c/w relay box | G7: ='[2]Small comp'!H9 -> 0.055*63" | H7: ='[2]Small comp'!I9 -> 6d s/s | J7: ='[2]Small comp'!O9 -> 795.66667 | L7: ='[2]Small comp'!$T9 -> CS100 | M7: ='[2]Small comp'!W9 -> 1500.2512 | N7: ='[2]Small comp'!AC9 -> 0 | O7: ='[2]Small comp'!AF9 -> 0 | P7: ='[2]Small comp'!AG9 -> 0 | Q7: ='[2]Small comp'!AJ9 -> 0 | R7: ='[2]Small comp'!AK9 -> 0 | S7: ='[2]Small comp'!AL9 -> 0
A8: ='[2]Small comp'!$A10 -> SMA020 | B8: ='[2]Small comp'!$B10 -> SC21CL | D8: ='[2]Small comp'!D10 -> 0.875 | E8: ='[2]Small comp'!E10 -> 0 | F8: ='[2]Small comp'!F10 -> c/w relay box | G8: ='[2]Small comp'!H10 -> 0.55*5ft | H8: ='[2]Small comp'!I10 -> 2glass door frezzer,4d s/s frezzer, 6d s/s | J8: ='[2]Small comp'!O10 -> 873.44444 | L8: ='[2]Small comp'!$T10 -> CS125 Axial fan | M8: ='[2]Small comp'!W10 -> 1678.6532 | N8: ='[2]Small comp'!AC10 -> 0 | O8: ='[2]Small comp'!AF10 -> 0 | P8: ='[2]Small comp'!AG10 -> 0 | Q8: ='[2]Small comp'!AJ10 -> 0 | R8: ='[2]Small comp'!AK10 -> 0 | S8: ='[2]Small comp'!AL10 -> 0
A9: ='[2]Small comp'!$A12 -> SMA025.04 | B9: ='[2]Small comp'!$B12 -> EEI76C13DJH DC MOTOR (3/8hp) | C9: PANASONIC R134A DC MOTOR | D9: ='[2]Small comp'!D12 -> 3/8 (0.77amp) | E9: ='[2]Small comp'!E12 -> 0 | F9: ='[2]Small comp'!F12 -> 0 | G9: ='[2]Small comp'!H12 -> 0 | H9: ='[2]Small comp'!I12 -> 2door chiller showcase | J9: ='[2]Small comp'!O12 -> 357.93333 | L9: ='[2]Small comp'!$T12 -> CS050 (15 u) | M9: ='[2]Small comp'!W12 -> 1000.3406 | N9: ='[2]Small comp'!AC12 -> 0 | O9: ='[2]Small comp'!AF12 -> 0 | P9: ='[2]Small comp'!AG12 -> 0 | Q9: ='[2]Small comp'!AJ12 -> 0 | R9: ='[2]Small comp'!AK12 -> 0 | S9: ='[2]Small comp'!AL12 -> 0
A10: ='[2]Small comp'!$A13 -> SMA026.01 | B10: ='[2]Small comp'!$B13 -> LX95LHBM 1/3HP LG COMP | D10: ='[2]Small comp'!D13 -> 1/3HP C/W RUN CAP | E10: ='[2]Small comp'!E13 -> QA110/AE4440 | F10: ='[2]Small comp'!F13 -> 0 | G10: ='[2]Small comp'!H13 -> 0 | H10: ='[2]Small comp'!I13 -> counter frezzer 6ft | J10: ='[2]Small comp'!O13 -> 272.16858 | L10: ='[2]Small comp'!$T13 -> CS033 (10 u) | M10: ='[2]Small comp'!W13 -> 868.66269 | N10: ='[2]Small comp'!AC13 -> 0 | O10: ='[2]Small comp'!AF13 -> 0 | P10: ='[2]Small comp'!AG13 -> 0 | Q10: ='[2]Small comp'!AJ13 -> 0 | R10: ='[2]Small comp'!AK13 -> 0 | S10: ='[2]Small comp'!AL13 -> 0
A11: ='[2]Small comp'!$A14 -> SMA026.08 | B11: ='[2]Small comp'!$B14 -> NF21K5131FU 3/8HP R134 LT | C11: SAMSUNG | D11: ='[2]Small comp'!D14 -> 3/8HP C/W RUN CAP | E11: ='[2]Small comp'!E14 -> 2PCS | F11: ='[2]Small comp'!F14 -> 0 | G11: ='[2]Small comp'!H14 -> 0 | H11: ='[2]Small comp'!I14 -> 0 | J11: ='[2]Small comp'!O14 -> 333.02222 | L11: ='[2]Small comp'!$T14 -> 0 | M11: ='[2]Small comp'!W14 -> 0 | N11: ='[2]Small comp'!AC14 -> 0 | O11: ='[2]Small comp'!AF14 -> 0 | P11: ='[2]Small comp'!AG14 -> 0 | Q11: ='[2]Small comp'!AJ14 -> 0 | R11: ='[2]Small comp'!AK14 -> 0 | S11: ='[2]Small comp'!AL14 -> 0
A12: ='[2]Small comp'!$A15 -> SMA026.10 | B12: ='[2]Small comp'!$B15 -> NF26K5131FZ 3/8HP R134 | D12: ='[2]Small comp'!D15 -> 3/8 MED TEMP | E12: ='[2]Small comp'!E15 -> 3PCS | F12: ='[2]Small comp'!F15 -> 0 | G12: ='[2]Small comp'!H15 -> 0 | H12: ='[2]Small comp'!I15 -> 0 | J12: ='[2]Small comp'!O15 -> 338.26667 | L12: ='[2]Small comp'!$T15 -> 0 | M12: ='[2]Small comp'!W15 -> 0 | N12: ='[2]Small comp'!AC15 -> 0 | O12: ='[2]Small comp'!AF15 -> 0 | P12: ='[2]Small comp'!AG15 -> 0 | Q12: ='[2]Small comp'!AJ15 -> 0 | R12: ='[2]Small comp'!AK15 -> 0 | S12: ='[2]Small comp'!AL15 -> 0
A13: ='[2]Small comp'!$A16 -> SMA026.12 | B13: ='[2]Small comp'!$B16 -> ENV4A5G-L2J 1/2hp inverter | D13: ='[2]Small comp'!D16 -> 15.3cc variable speed R600 | E13: ='[2]Small comp'!E16 -> 1PC | F13: ='[2]Small comp'!F16 -> 0 | G13: ='[2]Small comp'!H16 -> 0 | H13: ='[2]Small comp'!I16 -> 0 | J13: ='[2]Small comp'!O16 -> 386.62353 | L13: ='[2]Small comp'!$T16 -> 0 | M13: ='[2]Small comp'!W16 -> 0 | N13: ='[2]Small comp'!AC16 -> 0 | O13: ='[2]Small comp'!AF16 -> 0 | P13: ='[2]Small comp'!AG16 -> 0 | Q13: ='[2]Small comp'!AJ16 -> 0 | R13: ='[2]Small comp'!AK16 -> 0 | S13: ='[2]Small comp'!AL16 -> 0
A14: ='[2]Small comp'!$A17 -> SMA026.13 | B14: ='[2]Small comp'!$B17 -> NC1MV90ASR | D14: ='[2]Small comp'!D17 -> 90cc variable speed R134 | E14: ='[2]Small comp'!E17 -> 1PC | F14: ='[2]Small comp'!F17 -> 0 | G14: ='[2]Small comp'!H17 -> 0 | H14: ='[2]Small comp'!I17 -> 0 | J14: ='[2]Small comp'!O17 -> 378.98824 | L14: ='[2]Small comp'!$T17 -> 0 | M14: ='[2]Small comp'!W17 -> 0 | N14: ='[2]Small comp'!AC17 -> 0 | O14: ='[2]Small comp'!AF17 -> 0 | P14: ='[2]Small comp'!AG17 -> 0 | Q14: ='[2]Small comp'!AJ17 -> 0 | R14: ='[2]Small comp'!AK17 -> 0 | S14: ='[2]Small comp'!AL17 -> 0
A15: ='[2]Small comp'!$A18 -> SMA026.14 | B15: ='[2]Small comp'!$B18 -> SE30 | C15: GMCC R134a | D15: 1/10hp | J15: ='[2]Small comp'!O18 -> 149.13889 | L15: ='[2]Small comp'!$T18 -> 0 | M15: ='[2]Small comp'!W18 -> 0
A16: ='[2]Small comp'!$A19 -> SMA026.15 | B16: ='[2]Small comp'!$B19 -> SE40 | D16: 1/8hp | J16: ='[2]Small comp'!O19 -> 155.69444 | L16: ='[2]Small comp'!$T19 -> 0 | M16: ='[2]Small comp'!W19 -> 0
A17: ='[2]Small comp'!$A20 -> SMA030.01 | B17: ='[2]Small comp'!$B20 -> L65CI | C17: DONPER R134A MED & LOW TEMP | D17: ='[2]Small comp'!D20 -> 1/6hp | E17: ='[2]Small comp'!E20 -> QB66 | F17: ='[2]Small comp'!F20 -> 0 | G17: ='[2]Small comp'!H20 -> 0.028*4ft | H17: ='[2]Small comp'!I20 -> 0 | J17: ='[2]Small comp'!O20 -> 157.69091 | L17: ='[2]Small comp'!$T20 -> 0 | M17: ='[2]Small comp'!W20 -> 0
A18: ='[2]Small comp'!$A21 -> SMA030.02 | B18: ='[2]Small comp'!$B21 -> L72CZ1 | D18: ='[2]Small comp'!D21 -> 1/5hp c/w run cap 3uf | E18: ='[2]Small comp'!E21 -> QB73 | F18: ='[2]Small comp'!F21 -> 0 | G18: ='[2]Small comp'!H21 -> 0.036*4ft | H18: ='[2]Small comp'!I21 -> 0 | J18: ='[2]Small comp'!O21 -> 177.13111 | L18: ='[2]Small comp'!$T21 -> CS025 | M18: ='[2]Small comp'!W21 -> 510.87909
A19: ='[2]Small comp'!$A22 -> SMA030.021 | B19: ='[2]Small comp'!$B22 -> L76CZ1 | D19: ='[2]Small comp'!D22 -> 1/4hpc/w run cap 3uf | E19: ='[2]Small comp'!E22 -> QB86 | F19: ='[2]Small comp'!F22 -> 0 | G19: ='[2]Small comp'!H22 -> 0 | H19: ='[2]Small comp'!I22 -> 0 | J19: ='[2]Small comp'!O22 -> 173.54343 | L19: ='[2]Small comp'!$T22 -> CS030 | M19: ='[2]Small comp'!W22 -> 608.00717
A20: ='[2]Small comp'!$A23 -> SMA030.03 | B20: ='[2]Small comp'!$B23 -> K230CZ1 | D20: ='[2]Small comp'!D23 -> 1/4hp 230W c/w Start cap | E20: ='[2]Small comp'!E23 -> QB91 | F20: ='[2]Small comp'!F23 -> 50uf | G20: ='[2]Small comp'!H23 -> 0.042*54" | H20: ='[2]Small comp'!I23 -> 1.2m counter chiller | J20: ='[2]Small comp'!O23 -> 196.79274 | L20: ='[2]Small comp'!$T23 -> CS030 | M20: ='[2]Small comp'!W23 -> 618.9331
A21: ='[2]Small comp'!$A24 -> SMA030.05 | B21: ='[2]Small comp'!$B24 -> KK270CZ1 | D21: ='[2]Small comp'!D24 -> 1/3hp 270W c/w Start&Run cap | E21: ='[2]Small comp'!E24 -> QB110,QA110 | F21: ='[2]Small comp'!F24 -> 5uf | G21: ='[2]Small comp'!H24 -> 0.042*54" | H21: ='[2]Small comp'!I24 -> mini 2door,1.5m counter chiller,1 door display chiller | J21: ='[2]Small comp'!O24 -> 202.97009 | L21: ='[2]Small comp'!$T24 -> CS033 (10 u) | M21: ='[2]Small comp'!W24 -> 712.18334
A22: ='[2]Small comp'!$A25 -> SMA030.06 | B22: ='[2]Small comp'!$B25 -> K325CZ1 | D22: ='[2]Small comp'!D25 -> 3/8hp 325W c/w Start&Run cap | E22: ='[2]Small comp'!E25 -> QA125 | F22: ='[2]Small comp'!F25 -> 50uf,5uf | G22: ='[2]Small comp'!H25 -> 0.042*54" | H22: ='[2]Small comp'!I25 -> 1.8m counter chiller,2door piping | J22: ='[2]Small comp'!O25 -> 232.09188 | L22: ='[2]Small comp'!$T25 -> CS050 (15 u) | M22: ='[2]Small comp'!W25 -> 745.74418
A23: ='[2]Small comp'!$A26 -> SMA030.07 | B23: ='[2]Small comp'!$B26 -> K375CZ1 1/2hp | D23: ='[2]Small comp'!D26 -> 1/2hp c/w Start&Run cap | E23: ='[2]Small comp'!E26 -> AE2415Y,QA125 | F23: ='[2]Small comp'!F26 -> 50uf,5uf | G23: ='[2]Small comp'!H26 -> 0.049*54" | H23: ='[2]Small comp'!I26 -> 2door chiller showcase,2.1m c.chiller,4d upright | J23: ='[2]Small comp'!O26 -> 235.62179 | L23: ='[2]Small comp'!$T26 -> CS050 (15 u) | M23: ='[2]Small comp'!W26 -> 778.23481
A24: ='[2]Small comp'!$A27 -> SMA030.08 | B24: ='[2]Small comp'!$B27 -> K400CZ1 1/2hp(B) | D24: ='[2]Small comp'!D27 -> 1/2hp(B) C/W Start&Run cap | E24: ='[2]Small comp'!E27 -> AE7440 | F24: ='[2]Small comp'!F27 -> 50uf,6uf | G24: ='[2]Small comp'!H27 -> 0.049*54",0.042*54" piping | H24: ='[2]Small comp'!I27 -> 3door chiller showcase,4d s/s upright | J24: ='[2]Small comp'!O27 -> 257.68376 | L24: ='[2]Small comp'!$T27 -> CS060 (16 u) | M24: ='[2]Small comp'!W27 -> 819.57504
A25: ='[2]Small comp'!$A28 -> SMA030.09 | B25: ='[2]Small comp'!$B28 -> NE2150CK 1/3hp | C25: DONPER R404 LOW TEMP | D25: ='[2]Small comp'!D28 -> 1/3hp 600W c/w start&run cap | E25: ='[2]Small comp'!E28 -> SC12CL | F25: ='[2]Small comp'!F28 -> 0 | G25: ='[2]Small comp'!H28 -> 0.042*54" | H25: ='[2]Small comp'!I28 -> counter frezzer 6ft | J25: ='[2]Small comp'!O28 -> 407.26389 | L25: ='[2]Small comp'!$T28 -> CS050 (15 u) | M25: ='[2]Small comp'!W28 -> 936.24187
A26: ='[2]Small comp'!$A29 -> SMA030.10 | B26: ='[2]Small comp'!$B29 -> NE2170CK 1/2hp | D26: ='[2]Small comp'!D29 -> 1/2hp 700W c/w start&run cap | E26: ='[2]Small comp'!E29 -> SC15CL | F26: ='[2]Small comp'!F29 -> 0 | G26: ='[2]Small comp'!H29 -> 0.049*54" | H26: ='[2]Small comp'!I29 -> 4d s/s upright | J26: ='[2]Small comp'!O29 -> 421.26 | L26: ='[2]Small comp'!$T29 -> CS060 (16 u) | M26: ='[2]Small comp'!W29 -> 944.39161
A27: ='[2]Small comp'!$A30 -> SMA030.11 | B27: ='[2]Small comp'!$B30 -> NE2178CK 5/8hp | D27: ='[2]Small comp'!D30 -> 5/8HP 850W c/w start&run cap | E27: ='[2]Small comp'!E30 -> SC18CL | F27: ='[2]Small comp'!F30 -> 0 | G27: ='[2]Small comp'!H30 -> 0.055*54" | H27: ='[2]Small comp'!I30 -> 2d s/s frezzer,4d s/s upright | J27: ='[2]Small comp'!O30 -> 436.86222 | L27: ='[2]Small comp'!$T30 -> CS075 | M27: ='[2]Small comp'!W30 -> 1030.9164
A28: ='[2]Small comp'!$A31 -> SMA030.12 | B28: ='[2]Small comp'!$B31 -> NE2180CK 3/4hp | D28: ='[2]Small comp'!D31 -> 3/4HP 910W c/w start&run cap | E28: ='[2]Small comp'!E31 -> SC18CL | F28: ='[2]Small comp'!F31 -> 0 | G28: ='[2]Small comp'!H31 -> 0.055*54" | H28: ='[2]Small comp'!I31 -> 4d s/s frezzer,6d s/s upright | J28: ='[2]Small comp'!O31 -> 455.06481 | L28: ='[2]Small comp'!$T31 -> CS100 | M28: ='[2]Small comp'!W31 -> 1101.8191
A29: ='[2]Small comp'!$A32 -> SMA030.14 | B29: ='[2]Small comp'!$B32 -> NCT2195CK 1hp | D29: ='[2]Small comp'!D32 -> 1HP 1100W c/w start&run cap | E29: ='[2]Small comp'!E32 -> WJ2450Z | F29: ='[2]Small comp'!F32 -> 0 | G29: ='[2]Small comp'!H32 -> 0.049*54"*2 | H29: ='[2]Small comp'!I32 -> 2d frezzer glass,6d s/s frezzer | J29: ='[2]Small comp'!O32 -> 877.39556 | L29: ='[2]Small comp'!$T32 -> CS145 Axial fan | M29: ='[2]Small comp'!W32 -> 1695.9741
A30: ='[2]Small comp'!$A33 -> SMA030.15 | B30: ='[2]Small comp'!$B33 -> NCT2212CK 1 1/2hp | D30: ='[2]Small comp'!D33 -> 1 1/2HP1400W c/w start&run cap | E30: ='[2]Small comp'!E33 -> AW2464Z | F30: ='[2]Small comp'!F33 -> 0 | G30: ='[2]Small comp'!H33 -> 0.049*54"*2 | H30: ='[2]Small comp'!I33 -> 3d frezzer glass | J30: ='[2]Small comp'!O33 -> 961.6715 | L30: ='[2]Small comp'!$T33 -> CS170 Axial fan | M30: ='[2]Small comp'!W33 -> 1804.5568
A31: ='[2]Small comp'!$A34 -> SMA030.16 | B31: ='[2]Small comp'!$B34 -> LZ58CU 1/3HP R290 | C31: DONPER R290 LOW MED TEMP | D31: ='[2]Small comp'!D34 -> 1/3hp 275W c/w run cap | E31: ='[2]Small comp'!E34 -> QB110 | F31: ='[2]Small comp'!F34 -> 3uf | G31: ='[2]Small comp'!H34 -> 0.036*76" | H31: ='[2]Small comp'!I34 -> 0 | J31: ='[2]Small comp'!O34 -> 189.67407 | L31: ='[2]Small comp'!$T34 -> CS050 (15 u) | M31: ='[2]Small comp'!W34 -> 709.711
A32: ='[2]Small comp'!$A35 -> SMA030.17 | B32: ='[2]Small comp'!$B35 -> LZ68CU1 3/8HP R290 | D32: ='[2]Small comp'!D35 -> 3/8hp 325W c/w run cap | E32: ='[2]Small comp'!E35 -> QA125 | F32: ='[2]Small comp'!F35 -> 4uf | G32: ='[2]Small comp'!H35 -> 0.036*59" | H32: ='[2]Small comp'!I35 -> 5ft counter chiller | J32: ='[2]Small comp'!O35 -> 194.77284 | L32: ='[2]Small comp'!$T35 -> CS050 (15 u) | M32: ='[2]Small comp'!W35 -> 722.87679
A33: ='[2]Small comp'!$A36 -> SMA030.18 | B33: ='[2]Small comp'!$B36 -> LZ76CU 1/2HP R290 | D33: ='[2]Small comp'!D36 -> 1/2hp 380W c/w run cap | E33: ='[2]Small comp'!E36 -> AE2415Y | F33: ='[2]Small comp'!F36 -> 4uf | G33: ='[2]Small comp'!H36 -> 0.042*54" | H33: ='[2]Small comp'!I36 -> 0 | J33: ='[2]Small comp'!O36 -> 234.03333 | L33: ='[2]Small comp'!$T36 -> CS060 (16 u) | M33: ='[2]Small comp'!W36 -> 774.05034
A34: ='[2]Small comp'!$A37 -> SMA030.19 | B34: ='[2]Small comp'!$B37 -> LU83CU 1/2HP R290 | D34: ='[2]Small comp'!D37 -> 1/2hp 400W c/w start&run cap | E34: ='[2]Small comp'!E37 -> AE2415Y | F34: ='[2]Small comp'!F37 -> 0 | G34: ='[2]Small comp'!H37 -> 0.049*54" | H34: ='[2]Small comp'!I37 -> 2door chiller showcase,4d s/s | J34: ='[2]Small comp'!O37 -> 225.36543 | L34: ='[2]Small comp'!$T37 -> CS060 (16 u) | M34: ='[2]Small comp'!W37 -> 767.85899
A35: ='[2]Small comp'!$A38 -> SMA030.20 | B35: ='[2]Small comp'!$B38 -> KK480CU1 5/8HP R290 | D35: ='[2]Small comp'!D38 -> 5/8hp 480W c/w run&start cap | E35: ='[2]Small comp'!E38 -> AE7440 | F35: ='[2]Small comp'!F38 -> 0 | G35: ='[2]Small comp'!H38 -> 0.049*54" | H35: ='[2]Small comp'!I38 -> 3door chiller showcase,4d s/s | J35: ='[2]Small comp'!O38 -> 264.11605 | L35: ='[2]Small comp'!$T38 -> CS075 | M35: ='[2]Small comp'!W38 -> 872.85466
A36: ='[2]Small comp'!$A39 -> SMA030.21 | B36: ='[2]Small comp'!$B39 -> KK550CU 3/4HP R290 | D36: ='[2]Small comp'!D39 -> 3/4hp 550W c/w run&start cap | E36: ='[2]Small comp'!E39 -> WJ9460 | F36: ='[2]Small comp'!F39 -> 0 | G36: ='[2]Small comp'!H39 -> 0.049*54" | H36: ='[2]Small comp'!I39 -> 0 | J36: ='[2]Small comp'!O39 -> 383.42716 | L36: ='[2]Small comp'!$T39 -> CS075 | M36: ='[2]Small comp'!W39 -> 958.07688
A37: ='[2]Small comp'!$A40 -> SMA030.22 | B37: ='[2]Small comp'!$B40 -> KK650CU 1/2HP BIG R290 | D37: ='[2]Small comp'!D40 -> 1/2hp 650W c/w run&start cap | E37: ='[2]Small comp'!E40 -> SC15CL | F37: ='[2]Small comp'!F40 -> 0 | G37: ='[2]Small comp'!H40 -> 0.049*54" | H37: ='[2]Small comp'!I40 -> 0 | J37: ='[2]Small comp'!O40 -> 414.01975 | L37: ='[2]Small comp'!$T40 -> CS075 | M37: ='[2]Small comp'!W40 -> 979.92873
A38: ='[2]Small comp'!$A41 -> SMA030.23 | B38: ='[2]Small comp'!$B41 -> NE2168CU 5/8 R290 | D38: ='[2]Small comp'!D41 -> 5/8hp 750W c/w run&start cap | E38: ='[2]Small comp'!E41 -> SC15CL | F38: ='[2]Small comp'!F41 -> 0 | G38: ='[2]Small comp'!H41 -> 0.049*54" | H38: ='[2]Small comp'!I41 -> 0 | J38: ='[2]Small comp'!O41 -> 430.3358 | L38: ='[2]Small comp'!$T41 -> CS075 | M38: ='[2]Small comp'!W41 -> 991.58305
A39: ='[2]Small comp'!$A42 -> SMA030.24 | B39: ='[2]Small comp'!$B42 -> NE2178CU 3/4HP R290 | D39: ='[2]Small comp'!D42 -> 3/4hp 810W c/w run&start cap | E39: ='[2]Small comp'!E42 -> SC18CL | F39: ='[2]Small comp'!F42 -> 0 | G39: ='[2]Small comp'!H42 -> 0.049*54" | H39: ='[2]Small comp'!I42 -> 0 | J39: ='[2]Small comp'!O42 -> 492.54074 | L39: ='[2]Small comp'!$T42 -> CS100 | M39: ='[2]Small comp'!W42 -> 1106.9179
A40: ='[2]Small comp'!$A43 -> SMA030.25 | B40: ='[2]Small comp'!$B43 -> NV2180CU 1HP R290 | D40: ='[2]Small comp'!D43 -> 1hp 900W c/w run&start cap | E40: ='[2]Small comp'!E43 -> SC21CL | F40: ='[2]Small comp'!F43 -> 0 | G40: ='[2]Small comp'!H43 -> 0.049*54"*2 | H40: ='[2]Small comp'!I43 -> 2d frezzer,4d s/s frezzer | J40: ='[2]Small comp'!O43 -> 712.19556 | L40: ='[2]Small comp'!$T43 -> CS125 Axial fan | M40: ='[2]Small comp'!W43 -> 1425.9001
A41: ='[2]Small comp'!$A44 -> SMA030.26 | B41: ='[2]Small comp'!$B44 -> NV2195CU 1 1/2HP R290 | D41: ='[2]Small comp'!D44 -> 1 1/2hp 1020W c/w run&start cap | E41: ='[2]Small comp'!E44 -> WJ2450Z | F41: ='[2]Small comp'!F44 -> 0 | G41: ='[2]Small comp'!H44 -> 0.049*54"*2 | H41: ='[2]Small comp'!I44 -> 3d frezzer,6door frezzer,2 door 40ice | J41: ='[2]Small comp'!O44 -> 953.90307 | L41: ='[2]Small comp'!$T44 -> CS170 Axial fan | M41: ='[2]Small comp'!W44 -> 1814.026
